Workbook

Sheet Info
B3: Seattle MD (King & Snohomish Counties) Economic Forecast
B4: City of Seattle Office of Economic and Revenue Forecasts
B5: October 2026
B7: • Historical data: 1970 Q1 - 2026 Q2 (Seattle MD income data only until 2024 Q4)
B8: • Forecast period: 2026 Q3 - 2031 Q4 (Seattle MD income estimated starting from 2025 Q1)
B10: • regional forecasts are based on the average of U.S. economic forecasts from S&P Global Market Inteligence and Moody's Analytics as follows
D11: • Baseline scenario (55% probability):
D12: S&P Global Baseline scenario from September 2; Moody's Analytics Baseline scenario from Septermber 9
D13: • Pessimistic scenario (25% probability):
D14: Moody's Analytics S3 scenario and S6 scenario from September 11
D15: • Optimistic scenario (20% probability):
D16: S&P Global Optimistic scenario from September 8; Moody's Analytics Optimistic scenario from September 11

Sheet Optimistic ANN
B1: =Info!B3 -> Seattle MD (King & Snohomish Counties) Economic Forecast
B2: =Info!B4 -> City of Seattle Office of Economic and Revenue Forecasts
C3: Historical Data | AL3: Forecast
C4: 1990 | D4: 1991 | E4: 1992 | F4: 1993 | G4: 1994 | H4: 1995 | I4: 1996 | J4: 1997 | K4: 1998 | L4: 1999 | M4: 2000 | N4: 2001 | O4: 2002 | P4: 2003 | Q4: 2004 | R4: 2005 | S4: 2006 | T4: 2007 | U4: 2008 | V4: 2009 | W4: 2010 | X4: 2011 | Y4: 2012 | Z4: 2013 | AA4: 2014 | AB4: 2015 | AC4: 2016 | AD4: 2017 | AE4: 2018 | AF4: 2019 | AG4: 2020 | AH4: 2021 | AI4: 2022 | AJ4: 2023 | AK4: 2024 | AL4: 2025 | AM4: 2026 | AN4: 2027 | AO4: 2028 | AP4: 2029 | AQ4: 2030 | AR4: 2031
A5: ='Baseline QTR'!A5 -> KS_UR | B5: ='Baseline QTR'!B5 -> Unemployment rate (%) | C5: =AVERAGE(OFFSET('Optimistic QTR'!$C5,0,4*(COLUMNS('Optimistic QTR'!$C5:C5)-1),1,4)) -> 3.7580145 | D5: =AVERAGE(OFFSET('Optimistic QTR'!$C5,0,4*(COLUMNS('Optimistic QTR'!$C5:D5)-1),1,4)) -> 4.465336 | E5: =AVERAGE(OFFSET('Optimistic QTR'!$C5,0,4*(COLUMNS('Optimistic QTR'!$C5:E5)-1),1,4)) -> 5.4302723 | F5: =AVERAGE(OFFSET('Optimistic QTR'!$C5,0,4*(COLUMNS('Optimistic QTR'!$C5:F5)-1),1,4)) -> 5.5561807 | G5: =AVERAGE(OFFSET('Optimistic QTR'!$C5,0,4*(COLUMNS('Optimistic QTR'!$C5:G5)-1),1,4)) -> 5.0017155 | H5: =AVERAGE(OFFSET('Optimistic QTR'!$C5,0,4*(COLUMNS('Optimistic QTR'!$C5:H5)-1),1,4)) -> 5.0600292 | I5: =AVERAGE(OFFSET('Optimistic QTR'!$C5,0,4*(COLUMNS('Optimistic QTR'!$C5:I5)-1),1,4)) -> 4.783093 | J5: =AVERAGE(OFFSET('Optimistic QTR'!$C5,0,4*(COLUMNS('Optimistic QTR'!$C5:J5)-1),1,4)) -> 3.9107963 | ... AR5: =AVERAGE(OFFSET('Optimistic QTR'!$C5,0,4*(COLUMNS('Optimistic QTR'!$C5:AR5)-1),1,4)) -> 4.4409653
A7: ='Baseline QTR'!A7 -> KS_N | B7: ='Baseline QTR'!B7 -> Employment (thous.) | C7: =AVERAGE(OFFSET('Optimistic QTR'!$C7,0,4*(COLUMNS('Optimistic QTR'!$C7:C7)-1),1,4)) -> 1109.6 | D7: =AVERAGE(OFFSET('Optimistic QTR'!$C7,0,4*(COLUMNS('Optimistic QTR'!$C7:D7)-1),1,4)) -> 1114.5167 | E7: =AVERAGE(OFFSET('Optimistic QTR'!$C7,0,4*(COLUMNS('Optimistic QTR'!$C7:E7)-1),1,4)) -> 1128.4917 | F7: =AVERAGE(OFFSET('Optimistic QTR'!$C7,0,4*(COLUMNS('Optimistic QTR'!$C7:F7)-1),1,4)) -> 1140.3167 | G7: =AVERAGE(OFFSET('Optimistic QTR'!$C7,0,4*(COLUMNS('Optimistic QTR'!$C7:G7)-1),1,4)) -> 1152.1333 | H7: =AVERAGE(OFFSET('Optimistic QTR'!$C7,0,4*(COLUMNS('Optimistic QTR'!$C7:H7)-1),1,4)) -> 1173.525 | I7: =AVERAGE(OFFSET('Optimistic QTR'!$C7,0,4*(COLUMNS('Optimistic QTR'!$C7:I7)-1),1,4)) -> 1217.5917 | J7: =AVERAGE(OFFSET('Optimistic QTR'!$C7,0,4*(COLUMNS('Optimistic QTR'!$C7:J7)-1),1,4)) -> 1288.0583 | ... AR7: =AVERAGE(OFFSET('Optimistic QTR'!$C7,0,4*(COLUMNS('Optimistic QTR'!$C7:AR7)-1),1,4)) -> 1863.5053
A8: ='Baseline QTR'!A8 -> KS_NGDS | B8: ='Baseline QTR'!B8 -> Goods producing | C8: =AVERAGE(OFFSET('Optimistic QTR'!$C8,0,4*(COLUMNS('Optimistic QTR'!$C8:C8)-1),1,4)) -> 277.13333 | D8: =AVERAGE(OFFSET('Optimistic QTR'!$C8,0,4*(COLUMNS('Optimistic QTR'!$C8:D8)-1),1,4)) -> 270.64167 | E8: =AVERAGE(OFFSET('Optimistic QTR'!$C8,0,4*(COLUMNS('Optimistic QTR'!$C8:E8)-1),1,4)) -> 268.13333 | F8: =AVERAGE(OFFSET('Optimistic QTR'!$C8,0,4*(COLUMNS('Optimistic QTR'!$C8:F8)-1),1,4)) -> 254.86667 | G8: =AVERAGE(OFFSET('Optimistic QTR'!$C8,0,4*(COLUMNS('Optimistic QTR'!$C8:G8)-1),1,4)) -> 243.69167 | H8: =AVERAGE(OFFSET('Optimistic QTR'!$C8,0,4*(COLUMNS('Optimistic QTR'!$C8:H8)-1),1,4)) -> 238.16667 | I8: =AVERAGE(OFFSET('Optimistic QTR'!$C8,0,4*(COLUMNS('Optimistic QTR'!$C8:I8)-1),1,4)) -> 248.7 | J8: =AVERAGE(OFFSET('Optimistic QTR'!$C8,0,4*(COLUMNS('Optimistic QTR'!$C8:J8)-1),1,4)) -> 277.25 | ... AR8: =AVERAGE(OFFSET('Optimistic QTR'!$C8,0,4*(COLUMNS('Optimistic QTR'!$C8:AR8)-1),1,4)) -> 253.0065
A9: ='Baseline QTR'!A9 -> KS_NMLC | B9: ='Baseline QTR'!B9 -> Mining, Logging and Construction | C9: =AVERAGE(OFFSET('Optimistic QTR'!$C9,0,4*(COLUMNS('Optimistic QTR'!$C9:C9)-1),1,4)) -> 64.425 | D9: =AVERAGE(OFFSET('Optimistic QTR'!$C9,0,4*(COLUMNS('Optimistic QTR'!$C9:D9)-1),1,4)) -> 61.95 | E9: =AVERAGE(OFFSET('Optimistic QTR'!$C9,0,4*(COLUMNS('Optimistic QTR'!$C9:E9)-1),1,4)) -> 63.441667 | F9: =AVERAGE(OFFSET('Optimistic QTR'!$C9,0,4*(COLUMNS('Optimistic QTR'!$C9:F9)-1),1,4)) -> 60.35 | G9: =AVERAGE(OFFSET('Optimistic QTR'!$C9,0,4*(COLUMNS('Optimistic QTR'!$C9:G9)-1),1,4)) -> 59.433333 | H9: =AVERAGE(OFFSET('Optimistic QTR'!$C9,0,4*(COLUMNS('Optimistic QTR'!$C9:H9)-1),1,4)) -> 59.941667 | I9: =AVERAGE(OFFSET('Optimistic QTR'!$C9,0,4*(COLUMNS('Optimistic QTR'!$C9:I9)-1),1,4)) -> 62.116667 | J9: =AVERAGE(OFFSET('Optimistic QTR'!$C9,0,4*(COLUMNS('Optimistic QTR'!$C9:J9)-1),1,4)) -> 68.3 | ... AR9: =AVERAGE(OFFSET('Optimistic QTR'!$C9,0,4*(COLUMNS('Optimistic QTR'!$C9:AR9)-1),1,4)) -> 103.92522
A10: ='Baseline QTR'!A10 -> KS_NMFG | B10: ='Baseline QTR'!B10 -> Manufacturing | C10: =AVERAGE(OFFSET('Optimistic QTR'!$C10,0,4*(COLUMNS('Optimistic QTR'!$C10:C10)-1),1,4)) -> 212.70833 | D10: =AVERAGE(OFFSET('Optimistic QTR'!$C10,0,4*(COLUMNS('Optimistic QTR'!$C10:D10)-1),1,4)) -> 208.69167 | E10: =AVERAGE(OFFSET('Optimistic QTR'!$C10,0,4*(COLUMNS('Optimistic QTR'!$C10:E10)-1),1,4)) -> 204.69167 | F10: =AVERAGE(OFFSET('Optimistic QTR'!$C10,0,4*(COLUMNS('Optimistic QTR'!$C10:F10)-1),1,4)) -> 194.51667 | G10: =AVERAGE(OFFSET('Optimistic QTR'!$C10,0,4*(COLUMNS('Optimistic QTR'!$C10:G10)-1),1,4)) -> 184.25833 | H10: =AVERAGE(OFFSET('Optimistic QTR'!$C10,0,4*(COLUMNS('Optimistic QTR'!$C10:H10)-1),1,4)) -> 178.225 | I10: =AVERAGE(OFFSET('Optimistic QTR'!$C10,0,4*(COLUMNS('Optimistic QTR'!$C10:I10)-1),1,4)) -> 186.58333 | J10: =AVERAGE(OFFSET('Optimistic QTR'!$C10,0,4*(COLUMNS('Optimistic QTR'!$C10:J10)-1),1,4)) -> 208.95 | ... AR10: =AVERAGE(OFFSET('Optimistic QTR'!$C10,0,4*(COLUMNS('Optimistic QTR'!$C10:AR10)-1),1,4)) -> 149.08127
A11: ='Baseline QTR'!A11 -> KS_NAER | B11: ='Baseline QTR'!B11 -> Aerospace | C11: =AVERAGE(OFFSET('Optimistic QTR'!$C11,0,4*(COLUMNS('Optimistic QTR'!$C11:C11)-1),1,4)) -> 112.33333 | D11: =AVERAGE(OFFSET('Optimistic QTR'!$C11,0,4*(COLUMNS('Optimistic QTR'!$C11:D11)-1),1,4)) -> 112.7 | E11: =AVERAGE(OFFSET('Optimistic QTR'!$C11,0,4*(COLUMNS('Optimistic QTR'!$C11:E11)-1),1,4)) -> 109.3 | F11: =AVERAGE(OFFSET('Optimistic QTR'!$C11,0,4*(COLUMNS('Optimistic QTR'!$C11:F11)-1),1,4)) -> 99.825 | G11: =AVERAGE(OFFSET('Optimistic QTR'!$C11,0,4*(COLUMNS('Optimistic QTR'!$C11:G11)-1),1,4)) -> 89.1 | H11: =AVERAGE(OFFSET('Optimistic QTR'!$C11,0,4*(COLUMNS('Optimistic QTR'!$C11:H11)-1),1,4)) -> 78.691667 | I11: =AVERAGE(OFFSET('Optimistic QTR'!$C11,0,4*(COLUMNS('Optimistic QTR'!$C11:I11)-1),1,4)) -> 83.508333 | J11: =AVERAGE(OFFSET('Optimistic QTR'!$C11,0,4*(COLUMNS('Optimistic QTR'!$C11:J11)-1),1,4)) -> 101.425 | ... AR11: =AVERAGE(OFFSET('Optimistic QTR'!$C11,0,4*(COLUMNS('Optimistic QTR'!$C11:AR11)-1),1,4)) -> 82.697445
A12: ='Baseline QTR'!A12 -> KS_NSRV | B12: ='Baseline QTR'!B12 -> Services providing | C12: =AVERAGE(OFFSET('Optimistic QTR'!$C12,0,4*(COLUMNS('Optimistic QTR'!$C12:C12)-1),1,4)) -> 832.46667 | D12: =AVERAGE(OFFSET('Optimistic QTR'!$C12,0,4*(COLUMNS('Optimistic QTR'!$C12:D12)-1),1,4)) -> 843.875 | E12: =AVERAGE(OFFSET('Optimistic QTR'!$C12,0,4*(COLUMNS('Optimistic QTR'!$C12:E12)-1),1,4)) -> 860.35833 | F12: =AVERAGE(OFFSET('Optimistic QTR'!$C12,0,4*(COLUMNS('Optimistic QTR'!$C12:F12)-1),1,4)) -> 885.45 | G12: =AVERAGE(OFFSET('Optimistic QTR'!$C12,0,4*(COLUMNS('Optimistic QTR'!$C12:G12)-1),1,4)) -> 908.44167 | H12: =AVERAGE(OFFSET('Optimistic QTR'!$C12,0,4*(COLUMNS('Optimistic QTR'!$C12:H12)-1),1,4)) -> 935.35833 | I12: =AVERAGE(OFFSET('Optimistic QTR'!$C12,0,4*(COLUMNS('Optimistic QTR'!$C12:I12)-1),1,4)) -> 968.89167 | J12: =AVERAGE(OFFSET('Optimistic QTR'!$C12,0,4*(COLUMNS('Optimistic QTR'!$C12:J12)-1),1,4)) -> 1010.8083 | ... AR12: =AVERAGE(OFFSET('Optimistic QTR'!$C12,0,4*(COLUMNS('Optimistic QTR'!$C12:AR12)-1),1,4)) -> 1610.4987
A13: ='Baseline QTR'!A13 -> KS_NTRD | B13: ='Baseline QTR'!B13 -> Wholesale and retail trade | C13: =AVERAGE(OFFSET('Optimistic QTR'!$C13,0,4*(COLUMNS('Optimistic QTR'!$C13:C13)-1),1,4)) -> 177.45 | D13: =AVERAGE(OFFSET('Optimistic QTR'!$C13,0,4*(COLUMNS('Optimistic QTR'!$C13:D13)-1),1,4)) -> 175.225 | E13: =AVERAGE(OFFSET('Optimistic QTR'!$C13,0,4*(COLUMNS('Optimistic QTR'!$C13:E13)-1),1,4)) -> 175.91667 | F13: =AVERAGE(OFFSET('Optimistic QTR'!$C13,0,4*(COLUMNS('Optimistic QTR'!$C13:F13)-1),1,4)) -> 177.86667 | G13: =AVERAGE(OFFSET('Optimistic QTR'!$C13,0,4*(COLUMNS('Optimistic QTR'!$C13:G13)-1),1,4)) -> 179.825 | H13: =AVERAGE(OFFSET('Optimistic QTR'!$C13,0,4*(COLUMNS('Optimistic QTR'!$C13:H13)-1),1,4)) -> 184.9 | I13: =AVERAGE(OFFSET('Optimistic QTR'!$C13,0,4*(COLUMNS('Optimistic QTR'!$C13:I13)-1),1,4)) -> 192.275 | J13: =AVERAGE(OFFSET('Optimistic QTR'!$C13,0,4*(COLUMNS('Optimistic QTR'!$C13:J13)-1),1,4)) -> 198.75 | ... AR13: =AVERAGE(OFFSET('Optimistic QTR'!$C13,0,4*(COLUMNS('Optimistic QTR'!$C13:AR13)-1),1,4)) -> 207.60247
A14: ='Baseline QTR'!A14 -> KS_NTWU | B14: ='Baseline QTR'!B14 -> Transportation and public utilities | C14: =AVERAGE(OFFSET('Optimistic QTR'!$C14,0,4*(COLUMNS('Optimistic QTR'!$C14:C14)-1),1,4)) -> 46.858333 | D14: =AVERAGE(OFFSET('Optimistic QTR'!$C14,0,4*(COLUMNS('Optimistic QTR'!$C14:D14)-1),1,4)) -> 48.058333 | E14: =AVERAGE(OFFSET('Optimistic QTR'!$C14,0,4*(COLUMNS('Optimistic QTR'!$C14:E14)-1),1,4)) -> 47.408333 | F14: =AVERAGE(OFFSET('Optimistic QTR'!$C14,0,4*(COLUMNS('Optimistic QTR'!$C14:F14)-1),1,4)) -> 46.741667 | G14: =AVERAGE(OFFSET('Optimistic QTR'!$C14,0,4*(COLUMNS('Optimistic QTR'!$C14:G14)-1),1,4)) -> 47.35 | H14: =AVERAGE(OFFSET('Optimistic QTR'!$C14,0,4*(COLUMNS('Optimistic QTR'!$C14:H14)-1),1,4)) -> 47.925 | I14: =AVERAGE(OFFSET('Optimistic QTR'!$C14,0,4*(COLUMNS('Optimistic QTR'!$C14:I14)-1),1,4)) -> 49.875 | J14: =AVERAGE(OFFSET('Optimistic QTR'!$C14,0,4*(COLUMNS('Optimistic QTR'!$C14:J14)-1),1,4)) -> 51.1 | ... AR14: =AVERAGE(OFFSET('Optimistic QTR'!$C14,0,4*(COLUMNS('Optimistic QTR'!$C14:AR14)-1),1,4)) -> 70.575082
A15: ='Baseline QTR'!A15 -> KS_NINF | B15: ='Baseline QTR'!B15 -> Information | C15: =AVERAGE(OFFSET('Optimistic QTR'!$C15,0,4*(COLUMNS('Optimistic QTR'!$C15:C15)-1),1,4)) -> 31.716667 | D15: =AVERAGE(OFFSET('Optimistic QTR'!$C15,0,4*(COLUMNS('Optimistic QTR'!$C15:D15)-1),1,4)) -> 33.208333 | E15: =AVERAGE(OFFSET('Optimistic QTR'!$C15,0,4*(COLUMNS('Optimistic QTR'!$C15:E15)-1),1,4)) -> 35.25 | F15: =AVERAGE(OFFSET('Optimistic QTR'!$C15,0,4*(COLUMNS('Optimistic QTR'!$C15:F15)-1),1,4)) -> 38.016667 | G15: =AVERAGE(OFFSET('Optimistic QTR'!$C15,0,4*(COLUMNS('Optimistic QTR'!$C15:G15)-1),1,4)) -> 40.516667 | H15: =AVERAGE(OFFSET('Optimistic QTR'!$C15,0,4*(COLUMNS('Optimistic QTR'!$C15:H15)-1),1,4)) -> 45.9 | I15: =AVERAGE(OFFSET('Optimistic QTR'!$C15,0,4*(COLUMNS('Optimistic QTR'!$C15:I15)-1),1,4)) -> 50 | J15: =AVERAGE(OFFSET('Optimistic QTR'!$C15,0,4*(COLUMNS('Optimistic QTR'!$C15:J15)-1),1,4)) -> 53.65 | ... AR15: =AVERAGE(OFFSET('Optimistic QTR'!$C15,0,4*(COLUMNS('Optimistic QTR'!$C15:AR15)-1),1,4)) -> 126.02488
A16: ='Baseline QTR'!A16 -> KS_NFIN | B16: ='Baseline QTR'!B16 -> Financial activities | C16: =AVERAGE(OFFSET('Optimistic QTR'!$C16,0,4*(COLUMNS('Optimistic QTR'!$C16:C16)-1),1,4)) -> 70.741667 | D16: =AVERAGE(OFFSET('Optimistic QTR'!$C16,0,4*(COLUMNS('Optimistic QTR'!$C16:D16)-1),1,4)) -> 70.741667 | E16: =AVERAGE(OFFSET('Optimistic QTR'!$C16,0,4*(COLUMNS('Optimistic QTR'!$C16:E16)-1),1,4)) -> 72.116667 | F16: =AVERAGE(OFFSET('Optimistic QTR'!$C16,0,4*(COLUMNS('Optimistic QTR'!$C16:F16)-1),1,4)) -> 74.75 | G16: =AVERAGE(OFFSET('Optimistic QTR'!$C16,0,4*(COLUMNS('Optimistic QTR'!$C16:G16)-1),1,4)) -> 75.866667 | H16: =AVERAGE(OFFSET('Optimistic QTR'!$C16,0,4*(COLUMNS('Optimistic QTR'!$C16:H16)-1),1,4)) -> 73.908333 | I16: =AVERAGE(OFFSET('Optimistic QTR'!$C16,0,4*(COLUMNS('Optimistic QTR'!$C16:I16)-1),1,4)) -> 75.916667 | J16: =AVERAGE(OFFSET('Optimistic QTR'!$C16,0,4*(COLUMNS('Optimistic QTR'!$C16:J16)-1),1,4)) -> 78.091667 | ... AR16: =AVERAGE(OFFSET('Optimistic QTR'!$C16,0,4*(COLUMNS('Optimistic QTR'!$C16:AR16)-1),1,4)) -> 86.600813
A17: ='Baseline QTR'!A17 -> KS_NPBS | B17: ='Baseline QTR'!B17 -> Professional and business services | C17: =AVERAGE(OFFSET('Optimistic QTR'!$C17,0,4*(COLUMNS('Optimistic QTR'!$C17:C17)-1),1,4)) -> 124.48333 | D17: =AVERAGE(OFFSET('Optimistic QTR'!$C17,0,4*(COLUMNS('Optimistic QTR'!$C17:D17)-1),1,4)) -> 124.3 | E17: =AVERAGE(OFFSET('Optimistic QTR'!$C17,0,4*(COLUMNS('Optimistic QTR'!$C17:E17)-1),1,4)) -> 125.875 | F17: =AVERAGE(OFFSET('Optimistic QTR'!$C17,0,4*(COLUMNS('Optimistic QTR'!$C17:F17)-1),1,4)) -> 131.95833 | G17: =AVERAGE(OFFSET('Optimistic QTR'!$C17,0,4*(COLUMNS('Optimistic QTR'!$C17:G17)-1),1,4)) -> 140.54167 | H17: =AVERAGE(OFFSET('Optimistic QTR'!$C17,0,4*(COLUMNS('Optimistic QTR'!$C17:H17)-1),1,4)) -> 145.98333 | I17: =AVERAGE(OFFSET('Optimistic QTR'!$C17,0,4*(COLUMNS('Optimistic QTR'!$C17:I17)-1),1,4)) -> 155.825 | J17: =AVERAGE(OFFSET('Optimistic QTR'!$C17,0,4*(COLUMNS('Optimistic QTR'!$C17:J17)-1),1,4)) -> 169.425 | ... AR17: =AVERAGE(OFFSET('Optimistic QTR'!$C17,0,4*(COLUMNS('Optimistic QTR'!$C17:AR17)-1),1,4)) -> 370.52795
A18: ='Baseline QTR'!A19 -> KS_NRSV | B18: ='Baseline QTR'!B18 -> Leisure and Hospitality services | C18: =AVERAGE(OFFSET('Optimistic QTR'!$C18,0,4*(COLUMNS('Optimistic QTR'!$C18:C18)-1),1,4)) -> 90.841667 | D18: =AVERAGE(OFFSET('Optimistic QTR'!$C18,0,4*(COLUMNS('Optimistic QTR'!$C18:D18)-1),1,4)) -> 91.825 | E18: =AVERAGE(OFFSET('Optimistic QTR'!$C18,0,4*(COLUMNS('Optimistic QTR'!$C18:E18)-1),1,4)) -> 93.475 | F18: =AVERAGE(OFFSET('Optimistic QTR'!$C18,0,4*(COLUMNS('Optimistic QTR'!$C18:F18)-1),1,4)) -> 96.591667 | G18: =AVERAGE(OFFSET('Optimistic QTR'!$C18,0,4*(COLUMNS('Optimistic QTR'!$C18:G18)-1),1,4)) -> 98.966667 | H18: =AVERAGE(OFFSET('Optimistic QTR'!$C18,0,4*(COLUMNS('Optimistic QTR'!$C18:H18)-1),1,4)) -> 103.00833 | I18: =AVERAGE(OFFSET('Optimistic QTR'!$C18,0,4*(COLUMNS('Optimistic QTR'!$C18:I18)-1),1,4)) -> 106.35 | J18: =AVERAGE(OFFSET('Optimistic QTR'!$C18,0,4*(COLUMNS('Optimistic QTR'!$C18:J18)-1),1,4)) -> 109.75 | ... AR18: =AVERAGE(OFFSET('Optimistic QTR'!$C18,0,4*(COLUMNS('Optimistic QTR'!$C18:AR18)-1),1,4)) -> 192.67462
A19: ='Baseline QTR'!A18 -> KS_NLHS | B19: ='Baseline QTR'!B19 -> Educational and Health Services, Other services | C19: =AVERAGE(OFFSET('Optimistic QTR'!$C19,0,4*(COLUMNS('Optimistic QTR'!$C19:C19)-1),1,4)) -> 142.9 | D19: =AVERAGE(OFFSET('Optimistic QTR'!$C19,0,4*(COLUMNS('Optimistic QTR'!$C19:D19)-1),1,4)) -> 147.50833 | E19: =AVERAGE(OFFSET('Optimistic QTR'!$C19,0,4*(COLUMNS('Optimistic QTR'!$C19:E19)-1),1,4)) -> 151.575 | F19: =AVERAGE(OFFSET('Optimistic QTR'!$C19,0,4*(COLUMNS('Optimistic QTR'!$C19:F19)-1),1,4)) -> 157.61667 | G19: =AVERAGE(OFFSET('Optimistic QTR'!$C19,0,4*(COLUMNS('Optimistic QTR'!$C19:G19)-1),1,4)) -> 160.86667 | H19: =AVERAGE(OFFSET('Optimistic QTR'!$C19,0,4*(COLUMNS('Optimistic QTR'!$C19:H19)-1),1,4)) -> 165.875 | I19: =AVERAGE(OFFSET('Optimistic QTR'!$C19,0,4*(COLUMNS('Optimistic QTR'!$C19:I19)-1),1,4)) -> 167.98333 | J19: =AVERAGE(OFFSET('Optimistic QTR'!$C19,0,4*(COLUMNS('Optimistic QTR'!$C19:J19)-1),1,4)) -> 176.21667 | ... AR19: =AVERAGE(OFFSET('Optimistic QTR'!$C19,0,4*(COLUMNS('Optimistic QTR'!$C19:AR19)-1),1,4)) -> 321.7896
A20: ='Baseline QTR'!A20 -> KS_NGOV | B20: ='Baseline QTR'!B20 -> Government | C20: =AVERAGE(OFFSET('Optimistic QTR'!$C20,0,4*(COLUMNS('Optimistic QTR'!$C20:C20)-1),1,4)) -> 147.475 | D20: =AVERAGE(OFFSET('Optimistic QTR'!$C20,0,4*(COLUMNS('Optimistic QTR'!$C20:D20)-1),1,4)) -> 153.00833 | E20: =AVERAGE(OFFSET('Optimistic QTR'!$C20,0,4*(COLUMNS('Optimistic QTR'!$C20:E20)-1),1,4)) -> 158.74167 | F20: =AVERAGE(OFFSET('Optimistic QTR'!$C20,0,4*(COLUMNS('Optimistic QTR'!$C20:F20)-1),1,4)) -> 161.90833 | G20: =AVERAGE(OFFSET('Optimistic QTR'!$C20,0,4*(COLUMNS('Optimistic QTR'!$C20:G20)-1),1,4)) -> 164.50833 | H20: =AVERAGE(OFFSET('Optimistic QTR'!$C20,0,4*(COLUMNS('Optimistic QTR'!$C20:H20)-1),1,4)) -> 167.85833 | I20: =AVERAGE(OFFSET('Optimistic QTR'!$C20,0,4*(COLUMNS('Optimistic QTR'!$C20:I20)-1),1,4)) -> 170.66667 | J20: =AVERAGE(OFFSET('Optimistic QTR'!$C20,0,4*(COLUMNS('Optimistic QTR'!$C20:J20)-1),1,4)) -> 173.825 | ... AR20: =AVERAGE(OFFSET('Optimistic QTR'!$C20,0,4*(COLUMNS('Optimistic QTR'!$C20:AR20)-1),1,4)) -> 234.70317
A21: ='Baseline QTR'!A21 -> KS_NGOVSL | B21: ='Baseline QTR'!B21 -> State and local | C21: =AVERAGE(OFFSET('Optimistic QTR'!$C21,0,4*(COLUMNS('Optimistic QTR'!$C21:C21)-1),1,4)) -> 125.725 | D21: =AVERAGE(OFFSET('Optimistic QTR'!$C21,0,4*(COLUMNS('Optimistic QTR'!$C21:D21)-1),1,4)) -> 131.575 | E21: =AVERAGE(OFFSET('Optimistic QTR'!$C21,0,4*(COLUMNS('Optimistic QTR'!$C21:E21)-1),1,4)) -> 136.98333 | F21: =AVERAGE(OFFSET('Optimistic QTR'!$C21,0,4*(COLUMNS('Optimistic QTR'!$C21:F21)-1),1,4)) -> 139.58333 | G21: =AVERAGE(OFFSET('Optimistic QTR'!$C21,0,4*(COLUMNS('Optimistic QTR'!$C21:G21)-1),1,4)) -> 142.25 | H21: =AVERAGE(OFFSET('Optimistic QTR'!$C21,0,4*(COLUMNS('Optimistic QTR'!$C21:H21)-1),1,4)) -> 145.98333 | I21: =AVERAGE(OFFSET('Optimistic QTR'!$C21,0,4*(COLUMNS('Optimistic QTR'!$C21:I21)-1),1,4)) -> 149.14167 | J21: =AVERAGE(OFFSET('Optimistic QTR'!$C21,0,4*(COLUMNS('Optimistic QTR'!$C21:J21)-1),1,4)) -> 152.05 | ... AR21: =AVERAGE(OFFSET('Optimistic QTR'!$C21,0,4*(COLUMNS('Optimistic QTR'!$C21:AR21)-1),1,4)) -> 215.65342
A22: ='Baseline QTR'!A22 -> KS_NGOVFED | B22: ='Baseline QTR'!B22 -> Federal | C22: =AVERAGE(OFFSET('Optimistic QTR'!$C22,0,4*(COLUMNS('Optimistic QTR'!$C22:C22)-1),1,4)) -> 21.75 | D22: =AVERAGE(OFFSET('Optimistic QTR'!$C22,0,4*(COLUMNS('Optimistic QTR'!$C22:D22)-1),1,4)) -> 21.433333 | E22: =AVERAGE(OFFSET('Optimistic QTR'!$C22,0,4*(COLUMNS('Optimistic QTR'!$C22:E22)-1),1,4)) -> 21.758333 | F22: =AVERAGE(OFFSET('Optimistic QTR'!$C22,0,4*(COLUMNS('Optimistic QTR'!$C22:F22)-1),1,4)) -> 22.325 | G22: =AVERAGE(OFFSET('Optimistic QTR'!$C22,0,4*(COLUMNS('Optimistic QTR'!$C22:G22)-1),1,4)) -> 22.258333 | H22: =AVERAGE(OFFSET('Optimistic QTR'!$C22,0,4*(COLUMNS('Optimistic QTR'!$C22:H22)-1),1,4)) -> 21.875 | I22: =AVERAGE(OFFSET('Optimistic QTR'!$C22,0,4*(COLUMNS('Optimistic QTR'!$C22:I22)-1),1,4)) -> 21.525 | J22: =AVERAGE(OFFSET('Optimistic QTR'!$C22,0,4*(COLUMNS('Optimistic QTR'!$C22:J22)-1),1,4)) -> 21.775 | ... AR22: =AVERAGE(OFFSET('Optimistic QTR'!$C22,0,4*(COLUMNS('Optimistic QTR'!$C22:AR22)-1),1,4)) -> 19.04977
A24: ='Baseline QTR'!A24 -> KS_PIR | B24: ='Baseline QTR'!B24 -> Personal income (mil. $2012) | C24: =AVERAGE(OFFSET('Optimistic QTR'!$C24,0,4*(COLUMNS('Optimistic QTR'!$C24:C24)-1),1,4)) -> 80414.504 | D24: =AVERAGE(OFFSET('Optimistic QTR'!$C24,0,4*(COLUMNS('Optimistic QTR'!$C24:D24)-1),1,4)) -> 82756.648 | E24: =AVERAGE(OFFSET('Optimistic QTR'!$C24,0,4*(COLUMNS('Optimistic QTR'!$C24:E24)-1),1,4)) -> 86666.91 | F24: =AVERAGE(OFFSET('Optimistic QTR'!$C24,0,4*(COLUMNS('Optimistic QTR'!$C24:F24)-1),1,4)) -> 87592.694 | G24: =AVERAGE(OFFSET('Optimistic QTR'!$C24,0,4*(COLUMNS('Optimistic QTR'!$C24:G24)-1),1,4)) -> 90180.794 | H24: =AVERAGE(OFFSET('Optimistic QTR'!$C24,0,4*(COLUMNS('Optimistic QTR'!$C24:H24)-1),1,4)) -> 93706.606 | I24: =AVERAGE(OFFSET('Optimistic QTR'!$C24,0,4*(COLUMNS('Optimistic QTR'!$C24:I24)-1),1,4)) -> 99370.01 | J24: =AVERAGE(OFFSET('Optimistic QTR'!$C24,0,4*(COLUMNS('Optimistic QTR'!$C24:J24)-1),1,4)) -> 106103.33 | ... AR24: =AVERAGE(OFFSET('Optimistic QTR'!$C24,0,4*(COLUMNS('Optimistic QTR'!$C24:AR24)-1),1,4)) -> 367821.15
A25: ='Baseline QTR'!A25 -> KS_PI | B25: ='Baseline QTR'!B25 -> Personal income (mil. $) | C25: =AVERAGE(OFFSET('Optimistic QTR'!$C25,0,4*(COLUMNS('Optimistic QTR'!$C25:C25)-1),1,4)) -> 48072.906 | D25: =AVERAGE(OFFSET('Optimistic QTR'!$C25,0,4*(COLUMNS('Optimistic QTR'!$C25:D25)-1),1,4)) -> 51126.397 | E25: =AVERAGE(OFFSET('Optimistic QTR'!$C25,0,4*(COLUMNS('Optimistic QTR'!$C25:E25)-1),1,4)) -> 54969.033 | F25: =AVERAGE(OFFSET('Optimistic QTR'!$C25,0,4*(COLUMNS('Optimistic QTR'!$C25:F25)-1),1,4)) -> 56937.406 | G25: =AVERAGE(OFFSET('Optimistic QTR'!$C25,0,4*(COLUMNS('Optimistic QTR'!$C25:G25)-1),1,4)) -> 59843.567 | H25: =AVERAGE(OFFSET('Optimistic QTR'!$C25,0,4*(COLUMNS('Optimistic QTR'!$C25:H25)-1),1,4)) -> 63492.435 | I25: =AVERAGE(OFFSET('Optimistic QTR'!$C25,0,4*(COLUMNS('Optimistic QTR'!$C25:I25)-1),1,4)) -> 68770.936 | J25: =AVERAGE(OFFSET('Optimistic QTR'!$C25,0,4*(COLUMNS('Optimistic QTR'!$C25:J25)-1),1,4)) -> 74707.336 | ... AR25: =AVERAGE(OFFSET('Optimistic QTR'!$C25,0,4*(COLUMNS('Optimistic QTR'!$C25:AR25)-1),1,4)) -> 534067.82
A26: ='Baseline QTR'!A26 -> KS_PIWS | B26: ='Baseline QTR'!B26 -> Wage and salary disbursements (mil. $) | C26: =AVERAGE(OFFSET('Optimistic QTR'!$C26,0,4*(COLUMNS('Optimistic QTR'!$C26:C26)-1),1,4)) -> 30108.644 | D26: =AVERAGE(OFFSET('Optimistic QTR'!$C26,0,4*(COLUMNS('Optimistic QTR'!$C26:D26)-1),1,4)) -> 31973.365 | E26: =AVERAGE(OFFSET('Optimistic QTR'!$C26,0,4*(COLUMNS('Optimistic QTR'!$C26:E26)-1),1,4)) -> 34891.163 | F26: =AVERAGE(OFFSET('Optimistic QTR'!$C26,0,4*(COLUMNS('Optimistic QTR'!$C26:F26)-1),1,4)) -> 35259.693 | G26: =AVERAGE(OFFSET('Optimistic QTR'!$C26,0,4*(COLUMNS('Optimistic QTR'!$C26:G26)-1),1,4)) -> 36538.617 | H26: =AVERAGE(OFFSET('Optimistic QTR'!$C26,0,4*(COLUMNS('Optimistic QTR'!$C26:H26)-1),1,4)) -> 38810.773 | I26: =AVERAGE(OFFSET('Optimistic QTR'!$C26,0,4*(COLUMNS('Optimistic QTR'!$C26:I26)-1),1,4)) -> 42815.45 | J26: =AVERAGE(OFFSET('Optimistic QTR'!$C26,0,4*(COLUMNS('Optimistic QTR'!$C26:J26)-1),1,4)) -> 48886.185 | ... AR26: =AVERAGE(OFFSET('Optimistic QTR'!$C26,0,4*(COLUMNS('Optimistic QTR'!$C26:AR26)-1),1,4)) -> 320964.4
A27: ='Baseline QTR'!A27 -> KS_PIPC | B27: ='Baseline QTR'!B27 -> Per capita personal income ($) | C27: =AVERAGE(OFFSET('Optimistic QTR'!$C27,0,4*(COLUMNS('Optimistic QTR'!$C27:C27)-1),1,4)) -> 24043.259 | D27: =AVERAGE(OFFSET('Optimistic QTR'!$C27,0,4*(COLUMNS('Optimistic QTR'!$C27:D27)-1),1,4)) -> 24928.32 | E27: =AVERAGE(OFFSET('Optimistic QTR'!$C27,0,4*(COLUMNS('Optimistic QTR'!$C27:E27)-1),1,4)) -> 26447.908 | F27: =AVERAGE(OFFSET('Optimistic QTR'!$C27,0,4*(COLUMNS('Optimistic QTR'!$C27:F27)-1),1,4)) -> 26983.257 | G27: =AVERAGE(OFFSET('Optimistic QTR'!$C27,0,4*(COLUMNS('Optimistic QTR'!$C27:G27)-1),1,4)) -> 27962.579 | H27: =AVERAGE(OFFSET('Optimistic QTR'!$C27,0,4*(COLUMNS('Optimistic QTR'!$C27:H27)-1),1,4)) -> 29303.184 | I27: =AVERAGE(OFFSET('Optimistic QTR'!$C27,0,4*(COLUMNS('Optimistic QTR'!$C27:I27)-1),1,4)) -> 31348.697 | J27: =AVERAGE(OFFSET('Optimistic QTR'!$C27,0,4*(COLUMNS('Optimistic QTR'!$C27:J27)-1),1,4)) -> 33508.02 | ... AR27: =AVERAGE(OFFSET('Optimistic QTR'!$C27,0,4*(COLUMNS('Optimistic QTR'!$C27:AR27)-1),1,4)) -> 156101.62
A29: ='Baseline QTR'!A29 -> KSP_CPIU | B29: ='Baseline QTR'!B29 -> Seattle MSA CPI-U (1982-1984=100) | C29: 126.8 | D29: 134.1 | E29: 139 | F29: 142.9 | G29: 147.8 | H29: 152.25 | I29: 157.5 | J29: 163 | K29: 167.75 | L29: 172.8 | M29: 179.2 | N29: 185.65 | O29: 189.3 | P29: 192.35 | Q29: 194.7 | R29: 200.25 | S29: 207.65 | T29: 215.656 | U29: 224.719 | V29: 226.0275 | W29: 226.6925 | X29: 232.765 | Y29: 238.6625 | Z29: 241.5635 | AA29: 246.0185 | AB29: 249.364 | AC29: 254.886 | AD29: 262.668 | AE29: 271.089 | AF29: 277.984 | AG29: 282.693 | AH29: 295.56 | AI29: 322.167 | AJ29: 340.845 | AK29: 353.488 | AL29: =(0.227279754217645*'Optimistic QTR'!EM29+0.358148636276811*'Optimistic QTR'!EN29+0.159174869010229*'Optimistic QTR'!EO29+0.255396740495315*'Optimistic QTR'!EP29) -> 362.45832 | AM29: =(0.227279754217645*'Optimistic QTR'!EQ29+0.358148636276811*'Optimistic QTR'!ER29+0.159174869010229*'Optimistic QTR'!ES29+0.255396740495315*'Optimistic QTR'!ET29) -> 378.24655 | AN29: =(0.227279754217645*'Optimistic QTR'!EU29+0.358148636276811*'Optimistic QTR'!EV29+0.159174869010229*'Optimistic QTR'!EW29+0.255396740495315*'Optimistic QTR'!EX29) -> 389.52106 | AO29: =(0.227279754217645*'Optimistic QTR'!EY29+0.358148636276811*'Optimistic QTR'!EZ29+0.159174869010229*'Optimistic QTR'!FA29+0.255396740495315*'Optimistic QTR'!FB29) -> 398.44091 | AP29: =(0.227279754217645*'Optimistic QTR'!FC29+0.358148636276811*'Optimistic QTR'!FD29+0.159174869010229*'Optimistic QTR'!FE29+0.255396740495315*'Optimistic QTR'!FF29) -> 407.42017 | AQ29: =(0.227279754217645*'Optimistic QTR'!FG29+0.358148636276811*'Optimistic QTR'!FH29+0.159174869010229*'Optimistic QTR'!FI29+0.255396740495315*'Optimistic QTR'!FJ29) -> 419.19242 | AR29: =(0.227279754217645*'Optimistic QTR'!FK29+0.358148636276811*'Optimistic QTR'!FL29+0.159174869010229*'Optimistic QTR'!FM29+0.255396740495315*'Optimistic QTR'!FN29) -> 426.46602
A30: ='Baseline QTR'!A30 -> KSP_CPIW | B30: ='Baseline QTR'!B30 -> Seattle MSA CPI-W (1982-1984=100) | C30: 124.45 | D30: 131.3 | E30: 136 | F30: 140 | G30: 145.1 | H30: 149.35 | I30: 154.25 | J30: 159.05 | K30: 163.25 | L30: 168.25 | M30: 174.6 | N30: 180.75 | O30: 184 | P30: 186.65 | Q30: 189.6 | R30: 195.3 | S30: 202.6 | T30: 210.2665 | U30: 219.6925 | V30: 220.658 | W30: 222.3835 | X30: 229.435 | Y30: 235.2615 | Z30: 238.129 | AA30: 242.732 | AB30: 244.933 | AC30: 250.523 | AD30: 258.847 | AE30: 267.55 | AF30: 273.272 | AG30: 278.476 | AH30: 291.704 | AI30: 317.403 | AJ30: 334.911 | AK30: 347.018 | AL30: =(0.226145723750713*'Optimistic QTR'!EM30+0.358025636331123*'Optimistic QTR'!EN30+0.156841164563658*'Optimistic QTR'!EO30+0.258987475354506*'Optimistic QTR'!EP30) -> 356.15076 | AM30: =(0.226145723750713*'Optimistic QTR'!EQ30+0.358025636331123*'Optimistic QTR'!ER30+0.156841164563658*'Optimistic QTR'!ES30+0.258987475354506*'Optimistic QTR'!ET30) -> 369.43737 | AN30: =(0.226145723750713*'Optimistic QTR'!EU30+0.358025636331123*'Optimistic QTR'!EV30+0.156841164563658*'Optimistic QTR'!EW30+0.258987475354506*'Optimistic QTR'!EX30) -> 379.01122 | AO30: =(0.226145723750713*'Optimistic QTR'!EY30+0.358025636331123*'Optimistic QTR'!EZ30+0.156841164563658*'Optimistic QTR'!FA30+0.258987475354506*'Optimistic QTR'!FB30) -> 388.09447 | AP30: =(0.226145723750713*'Optimistic QTR'!FC30+0.358025636331123*'Optimistic QTR'!FD30+0.156841164563658*'Optimistic QTR'!FE30+0.258987475354506*'Optimistic QTR'!FF30) -> 396.19853 | AQ30: =(0.226145723750713*'Optimistic QTR'!FG30+0.358025636331123*'Optimistic QTR'!FH30+0.156841164563658*'Optimistic QTR'!FI30+0.258987475354506*'Optimistic QTR'!FJ30) -> 406.89545 | AR30: =(0.226145723750713*'Optimistic QTR'!FK30+0.358025636331123*'Optimistic QTR'!FL30+0.156841164563658*'Optimistic QTR'!FM30+0.258987475354506*'Optimistic QTR'!FN30) -> 413.38405
A31: ='Baseline QTR'!A31 -> KSP_PHCL | B31: ='Baseline QTR'!B31 -> Seattle MSA S&P CoreLogic Case-Shilller Home Price Index | C31: =AVERAGE(OFFSET('Optimistic QTR'!$C31,0,4*(COLUMNS('Optimistic QTR'!$C31:C31)-1),1,4)) -> 65.511398 | D31: =AVERAGE(OFFSET('Optimistic QTR'!$C31,0,4*(COLUMNS('Optimistic QTR'!$C31:D31)-1),1,4)) -> 65.974565 | E31: =AVERAGE(OFFSET('Optimistic QTR'!$C31,0,4*(COLUMNS('Optimistic QTR'!$C31:E31)-1),1,4)) -> 67.139369 | F31: =AVERAGE(OFFSET('Optimistic QTR'!$C31,0,4*(COLUMNS('Optimistic QTR'!$C31:F31)-1),1,4)) -> 68.530383 | G31: =AVERAGE(OFFSET('Optimistic QTR'!$C31,0,4*(COLUMNS('Optimistic QTR'!$C31:G31)-1),1,4)) -> 71.2322 | H31: =AVERAGE(OFFSET('Optimistic QTR'!$C31,0,4*(COLUMNS('Optimistic QTR'!$C31:H31)-1),1,4)) -> 72.245546 | I31: =AVERAGE(OFFSET('Optimistic QTR'!$C31,0,4*(COLUMNS('Optimistic QTR'!$C31:I31)-1),1,4)) -> 74.108393 | J31: =('Optimistic QTR'!AE31+2*'Optimistic QTR'!AF31+'Optimistic QTR'!AG31+2*'Optimistic QTR'!AH31)/6 -> 80.109419 | K31: =AVERAGE(OFFSET('Optimistic QTR'!$C31,0,4*(COLUMNS('Optimistic QTR'!$C31:K31)-1),1,4)) -> 88.658224 | L31: =AVERAGE(OFFSET('Optimistic QTR'!$C31,0,4*(COLUMNS('Optimistic QTR'!$C31:L31)-1),1,4)) -> 96.52989 | M31: =AVERAGE(OFFSET('Optimistic QTR'!$C31,0,4*(COLUMNS('Optimistic QTR'!$C31:M31)-1),1,4)) -> 104.42489 | N31: =AVERAGE(OFFSET('Optimistic QTR'!$C31,0,4*(COLUMNS('Optimistic QTR'!$C31:N31)-1),1,4)) -> 109.94091 | O31: =AVERAGE(OFFSET('Optimistic QTR'!$C31,0,4*(COLUMNS('Optimistic QTR'!$C31:O31)-1),1,4)) -> 114.43409 | P31: =AVERAGE(OFFSET('Optimistic QTR'!$C31,0,4*(COLUMNS('Optimistic QTR'!$C31:P31)-1),1,4)) -> 120.24233 | Q31: =AVERAGE(OFFSET('Optimistic QTR'!$C31,0,4*(COLUMNS('Optimistic QTR'!$C31:Q31)-1),1,4)) -> 131.7093 | R31: =AVERAGE(OFFSET('Optimistic QTR'!$C31,0,4*(COLUMNS('Optimistic QTR'!$C31:R31)-1),1,4)) -> 152.41068 | ... AR31: =AVERAGE(OFFSET('Optimistic QTR'!$C31,0,4*(COLUMNS('Optimistic QTR'!$C31:AR31)-1),1,4)) -> 466.87918
A32: ='Baseline QTR'!A32 -> KS_BP | B32: ='Baseline QTR'!B32 -> Housing permits (thous.) | C32: =AVERAGE(OFFSET('Optimistic QTR'!$C32,0,4*(COLUMNS('Optimistic QTR'!$C32:C32)-1),1,4)) -> 23186 | D32: =AVERAGE(OFFSET('Optimistic QTR'!$C32,0,4*(COLUMNS('Optimistic QTR'!$C32:D32)-1),1,4)) -> 10395 | E32: =AVERAGE(OFFSET('Optimistic QTR'!$C32,0,4*(COLUMNS('Optimistic QTR'!$C32:E32)-1),1,4)) -> 13371.998 | F32: =AVERAGE(OFFSET('Optimistic QTR'!$C32,0,4*(COLUMNS('Optimistic QTR'!$C32:F32)-1),1,4)) -> 13166 | G32: =AVERAGE(OFFSET('Optimistic QTR'!$C32,0,4*(COLUMNS('Optimistic QTR'!$C32:G32)-1),1,4)) -> 14959 | H32: =AVERAGE(OFFSET('Optimistic QTR'!$C32,0,4*(COLUMNS('Optimistic QTR'!$C32:H32)-1),1,4)) -> 13964 | I32: =AVERAGE(OFFSET('Optimistic QTR'!$C32,0,4*(COLUMNS('Optimistic QTR'!$C32:I32)-1),1,4)) -> 16031 | J32: =AVERAGE(OFFSET('Optimistic QTR'!$C32,0,4*(COLUMNS('Optimistic QTR'!$C32:J32)-1),1,4)) -> 17877 | ... AR32: =AVERAGE(OFFSET('Optimistic QTR'!$C32,0,4*(COLUMNS('Optimistic QTR'!$C32:AR32)-1),1,4)) -> 17105.505
A33: ='Baseline QTR'!A33 -> KS_POP | B33: ='Baseline QTR'!B33 -> Population (thous.) | C33: =AVERAGE(OFFSET('Optimistic QTR'!$C33,0,4*(COLUMNS('Optimistic QTR'!$C33:C33)-1),1,4)) -> 1999.2115 | D33: =AVERAGE(OFFSET('Optimistic QTR'!$C33,0,4*(COLUMNS('Optimistic QTR'!$C33:D33)-1),1,4)) -> 2050.811 | E33: =AVERAGE(OFFSET('Optimistic QTR'!$C33,0,4*(COLUMNS('Optimistic QTR'!$C33:E33)-1),1,4)) -> 2078.2645 | F33: =AVERAGE(OFFSET('Optimistic QTR'!$C33,0,4*(COLUMNS('Optimistic QTR'!$C33:F33)-1),1,4)) -> 2110.0369 | G33: =AVERAGE(OFFSET('Optimistic QTR'!$C33,0,4*(COLUMNS('Optimistic QTR'!$C33:G33)-1),1,4)) -> 2140.0514 | H33: =AVERAGE(OFFSET('Optimistic QTR'!$C33,0,4*(COLUMNS('Optimistic QTR'!$C33:H33)-1),1,4)) -> 2166.6695 | I33: =AVERAGE(OFFSET('Optimistic QTR'!$C33,0,4*(COLUMNS('Optimistic QTR'!$C33:I33)-1),1,4)) -> 2193.6384 | J33: =AVERAGE(OFFSET('Optimistic QTR'!$C33,0,4*(COLUMNS('Optimistic QTR'!$C33:J33)-1),1,4)) -> 2229.3993 | ... AR33: =AVERAGE(OFFSET('Optimistic QTR'!$C33,0,4*(COLUMNS('Optimistic QTR'!$C33:AR33)-1),1,4)) -> 3421.1865
B36: Growth, % change from previous year
C37: =C4 -> 1990 | D37: =D4 -> 1991 | E37: =E4 -> 1992 | F37: =F4 -> 1993 | G37: =G4 -> 1994 | H37: =H4 -> 1995 | I37: =I4 -> 1996 | J37: =J4 -> 1997 | ... AR37: =AR4 -> 2031
B38: =B7 -> Employment (thous.) | D38: =100*(D7/C7-1) -> 0.44310262 | E38: =100*(E7/D7-1) -> 1.2539068 | F38: =100*(F7/E7-1) -> 1.0478589 | G38: =100*(G7/F7-1) -> 1.0362619 | H38: =100*(H7/G7-1) -> 1.8567006 | I38: =100*(I7/H7-1) -> 3.7550684 | J38: =100*(J7/I7-1) -> 5.7873808 | K38: =100*(K7/J7-1) -> 4.8108587 | ... AR38: =100*(AR7/AQ7-1) -> 0.85698428
B39: =B8 -> Goods producing | D39: =100*(D8/C8-1) -> -2.3424344 | E39: =100*(E8/D8-1) -> -0.92680974 | F39: =100*(F8/E8-1) -> -4.9477872 | G39: =100*(G8/F8-1) -> -4.3846456 | H39: =100*(H8/G8-1) -> -2.2672092 | I39: =100*(I8/H8-1) -> 4.4226732 | J39: =100*(J8/I8-1) -> 11.479694 | K39: =100*(K8/J8-1) -> 5.7499249 | ... AR39: =100*(AR8/AQ8-1) -> 0.35573807
B40: =B9 -> Mining, Logging and Construction | D40: =100*(D9/C9-1) -> -3.8416764 | E40: =100*(E9/D9-1) -> 2.4078558 | F40: =100*(F9/E9-1) -> -4.8732431 | G40: =100*(G9/F9-1) -> -1.5189174 | H40: =100*(H9/G9-1) -> 0.85530006 | I40: =100*(I9/H9-1) -> 3.6285277 | J40: =100*(J9/I9-1) -> 9.9543869 | K40: =100*(K9/J9-1) -> 7.9795022 | ... AR40: =100*(AR9/AQ9-1) -> 1.3280355
B41: =B10 -> Manufacturing | D41: =100*(D10/C10-1) -> -1.8883448 | E41: =100*(E10/D10-1) -> -1.9167033 | F41: =100*(F10/E10-1) -> -4.9708912 | G41: =100*(G10/F10-1) -> -5.2737555 | H41: =100*(H10/G10-1) -> -3.2743883 | I41: =100*(I10/H10-1) -> 4.6897648 | J41: =100*(J10/I10-1) -> 11.987494 | K41: =100*(K10/J10-1) -> 5.0211374 | ... AR41: =100*(AR10/AQ10-1) -> -0.3111072
B42: =B11 -> Aerospace | D42: =100*(D11/C11-1) -> 0.3264095 | E42: =100*(E11/D11-1) -> -3.0168589 | F42: =100*(F11/E11-1) -> -8.6688015 | G42: =100*(G11/F11-1) -> -10.743802 | H42: =100*(H11/G11-1) -> -11.681631 | I42: =100*(I11/H11-1) -> 6.1209361 | J42: =100*(J11/I11-1) -> 21.454945 | K42: =100*(K11/J11-1) -> 6.3182976 | ... AR42: =100*(AR11/AQ11-1) -> 0.040123135
B43: =B12 -> Services providing | D43: =100*(D12/C12-1) -> 1.3704252 | E43: =100*(E12/D12-1) -> 1.9532909 | F43: =100*(F12/E12-1) -> 2.9164205 | G43: =100*(G12/F12-1) -> 2.5966081 | H43: =100*(H12/G12-1) -> 2.9629494 | I43: =100*(I12/H12-1) -> 3.5850788 | J43: =100*(J12/I12-1) -> 4.3262491 | K43: =100*(K12/J12-1) -> 4.5532866 | ... AR43: =100*(AR12/AQ12-1) -> 0.93619095
B44: =B13 -> Wholesale and retail trade | D44: =100*(D13/C13-1) -> -1.2538743 | E44: =100*(E13/D13-1) -> 0.39473058 | F44: =100*(F13/E13-1) -> 1.1084794 | G44: =100*(G13/F13-1) -> 1.101012 | H44: =100*(H13/G13-1) -> 2.8221882 | I44: =100*(I13/H13-1) -> 3.9886425 | J44: =100*(J13/I13-1) -> 3.3675725 | K44: =100*(K13/J13-1) -> 3.9035639 | ... AR44: =100*(AR13/AQ13-1) -> 0.96702987
B45: =B14 -> Transportation and public utilities | D45: =100*(D14/C14-1) -> 2.5609105 | E45: =100*(E14/D14-1) -> -1.352523 | F45: =100*(F14/E14-1) -> -1.4062225 | G45: =100*(G14/F14-1) -> 1.3014798 | H45: =100*(H14/G14-1) -> 1.2143611 | I45: =100*(I14/H14-1) -> 4.0688576 | J45: =100*(J14/I14-1) -> 2.4561404 | K45: =100*(K14/J14-1) -> 5.5936073 | ... AR45: =100*(AR14/AQ14-1) -> 0.53985172
B46: =B15 -> Information | D46: =100*(D15/C15-1) -> 4.7031004 | E46: =100*(E15/D15-1) -> 6.1480552 | F46: =100*(F15/E15-1) -> 7.8486998 | G46: =100*(G15/F15-1) -> 6.5760631 | H46: =100*(H15/G15-1) -> 13.286713 | I46: =100*(I15/H15-1) -> 8.9324619 | J46: =100*(J15/I15-1) -> 7.3 | K46: =100*(K15/J15-1) -> 6.7722895 | ... AR46: =100*(AR15/AQ15-1) -> 0.86930579
B47: =B16 -> Financial activities | D47: =100*(D16/C16-1) -> -4.4408921e-14 | E47: =100*(E16/D16-1) -> 1.9436918 | F47: =100*(F16/E16-1) -> 3.6514906 | G47: =100*(G16/F16-1) -> 1.4938685 | H47: =100*(H16/G16-1) -> -2.581283 | I47: =100*(I16/H16-1) -> 2.71733 | J47: =100*(J16/I16-1) -> 2.8649835 | K47: =100*(K16/J16-1) -> 7.2244158 | ... AR47: =100*(AR16/AQ16-1) -> 0.22998863
B48: =B17 -> Professional and business services | D48: =100*(D17/C17-1) -> -0.14727541 | E48: =100*(E17/D17-1) -> 1.2670957 | F48: =100*(F17/E17-1) -> 4.8328368 | G48: =100*(G17/F17-1) -> 6.5045785 | H48: =100*(H17/G17-1) -> 3.8719241 | I48: =100*(I17/H17-1) -> 6.7416372 | J48: =100*(J17/I17-1) -> 8.7277395 | K48: =100*(K17/J17-1) -> 5.7104914 | ... AR48: =100*(AR17/AQ17-1) -> 1.3177007
B49: =B18 -> Leisure and Hospitality services | D49: =100*(D18/C18-1) -> 1.0824695 | E49: =100*(E18/D18-1) -> 1.7968963 | F49: =100*(F18/E18-1) -> 3.3342248 | G49: =100*(G18/F18-1) -> 2.4588042 | H49: =100*(H18/G18-1) -> 4.0838666 | I49: =100*(I18/H18-1) -> 3.2440741 | J49: =100*(J18/I18-1) -> 3.1969911 | K49: =100*(K18/J18-1) -> 3.4851936 | ... AR49: =100*(AR18/AQ18-1) -> 1.4463671
... B60: =B29 -> Seattle MSA CPI-U (1982-1984=100) | D60: =100*(D29/C29-1) -> 5.7570978 | E60: =100*(E29/D29-1) -> 3.6539896 | F60: =100*(F29/E29-1) -> 2.8057554 | G60: =100*(G29/F29-1) -> 3.4289713 | H60: =100*(H29/G29-1) -> 3.0108254 | I60: =100*(I29/H29-1) -> 3.4482759 | J60: =100*(J29/I29-1) -> 3.4920635 | K60: =100*(K29/J29-1) -> 2.9141104 | ... AR60: =100*(AR29/AQ29-1) -> 1.7351445
B61: =B30 -> Seattle MSA CPI-W (1982-1984=100) | L61: =100*(L30/K30-1) -> 3.0627871 | M61: =100*(M30/L30-1) -> 3.7741456 | N61: =100*(N30/M30-1) -> 3.5223368 | O61: =100*(O30/N30-1) -> 1.7980636 | P61: =100*(P30/O30-1) -> 1.4402174 | Q61: =100*(Q30/P30-1) -> 1.5804983 | R61: =100*(R30/Q30-1) -> 3.0063291 | S61: =100*(S30/R30-1) -> 3.7378392 | ... AR61: =100*(AR30/AQ30-1) -> 1.59466
B62: =B31 -> Seattle MSA S&P CoreLogic Case-Shilller Home Price Index | D62: =100*(D31/C31-1) -> 0.70700228 | E62: =100*(E31/D31-1) -> 1.7655356 | F62: =100*(F31/E31-1) -> 2.0718302 | G62: =100*(G31/F31-1) -> 3.9425104 | H62: =100*(H31/G31-1) -> 1.4225956 | I62: =100*(I31/H31-1) -> 2.578493 | J62: =100*(J31/I31-1) -> 8.0976341 | K62: =100*(K31/J31-1) -> 10.67141 | ... AR62: =100*(AR31/AQ31-1) -> 3.5117352
B63: =B32 -> Housing permits (thous.) | D63: =100*(D32/C32-1) -> -55.166912 | E63: =100*(E32/D32-1) -> 28.638752 | F63: =100*(F32/E32-1) -> -1.5405199 | G63: =100*(G32/F32-1) -> 13.618411 | H63: =100*(H32/G32-1) -> -6.6515141 | I63: =100*(I32/H32-1) -> 14.802349 | J63: =100*(J32/I32-1) -> 11.515189 | K63: =100*(K32/J32-1) -> 17.721094 | ... AR63: =100*(AR32/AQ32-1) -> -0.46671036
B64: =B33 -> Population (thous.) | D64: =100*(D33/C33-1) -> 2.5809915 | E64: =100*(E33/D33-1) -> 1.33867 | F64: =100*(F33/E33-1) -> 1.5287906 | G64: =100*(G33/F33-1) -> 1.4224655 | H64: =100*(H33/G33-1) -> 1.2438057 | I64: =100*(I33/H33-1) -> 1.2447188 | J64: =100*(J33/I33-1) -> 1.6302074 | K64: =100*(K33/J33-1) -> 1.9922054 | ... AR64: =100*(AR33/AQ33-1) -> 0.56848521
B66: Contributions to overall growth of employment
C67: =C4 -> 1990 | D67: =D4 -> 1991 | E67: =E4 -> 1992 | F67: =F4 -> 1993 | G67: =G4 -> 1994 | H67: =H4 -> 1995 | I67: =I4 -> 1996 | J67: =J4 -> 1997 | ... AR67: =AR4 -> 2031
B68: =B38 -> Employment (thous.) | D68: =C7/C$7*D38 -> 0.44310262 | E68: =D7/D$7*E38 -> 1.2539068 | F68: =E7/E$7*F38 -> 1.0478589 | G68: =F7/F$7*G38 -> 1.0362619 | H68: =G7/G$7*H38 -> 1.8567006 | I68: =H7/H$7*I38 -> 3.7550684 | J68: =I7/I$7*J38 -> 5.7873808 | K68: =J7/J$7*K38 -> 4.8108587 | ... AR68: =AQ7/AQ$7*AR38 -> 0.85698428
B69: =B39 -> Goods producing | D69: =C8/C$7*D39 -> -0.58504566 | E69: =D8/D$7*E39 -> -0.22506019 | F69: =E8/E$7*F39 -> -1.1756105 | G69: =F8/F$7*G39 -> -0.97999094 | H69: =G8/G$7*H39 -> -0.47954519 | I69: =H8/H$7*I39 -> 0.89758065 | J69: =I8/I$7*J39 -> 2.3447927 | K69: =J8/J$7*K39 -> 1.237651 | ... AR69: =AQ8/AQ$7*AR39 -> 0.048539486
B70: =B40 -> Mining, Logging and Construction | D70: =C9/C$7*D40 -> -0.22305335 | E70: =D9/D$7*E40 -> 0.13383978 | F70: =E9/E$7*F40 -> -0.27396451 | G70: =F9/F$7*G40 -> -0.080387027 | H70: =G9/G$7*H40 -> 0.044121051 | I70: =H9/H$7*I40 -> 0.18533904 | J70: =I9/I$7*J40 -> 0.50783309 | K70: =J9/J$7*K40 -> 0.42311748 | ... AR70: =AQ9/AQ$7*AR40 -> 0.073718481
B71: =B41 -> Manufacturing | D71: =C10/C$7*D41 -> -0.36199231 | E71: =D10/D$7*E41 -> -0.35889997 | F71: =E10/E$7*F41 -> -0.901646 | G71: =F10/F$7*G41 -> -0.89960391 | H71: =G10/G$7*H41 -> -0.52366624 | I71: =H10/H$7*I41 -> 0.71224161 | J71: =I10/I$7*J41 -> 1.8369596 | K71: =J10/J$7*K41 -> 0.8145335 | ... AR71: =AQ10/AQ$7*AR41 -> -0.025180349
B72: =B42 -> Aerospace | D72: =C11/C$7*D42 -> 0.033044941 | E72: =D11/D$7*E42 -> -0.30506498 | F72: =E11/E$7*F42 -> -0.8396163 | G72: =F11/F$7*G42 -> -0.94052822 | H72: =G11/G$7*H42 -> -0.9033966 | I72: =H11/H$7*I42 -> 0.41044432 | J72: =I11/I$7*J42 -> 1.471484 | K72: =J11/J$7*K42 -> 0.49751888 | ... AR72: =AQ11/AQ$7*AR42 -> 0.0017950977
B73: =B43 -> Services providing | D73: =C12/C$7*D43 -> 1.0281483 | E73: =D12/D$7*E43 -> 1.478967 | F73: =E12/E$7*F43 -> 2.2234694 | G73: =F12/F$7*G43 -> 2.0162528 | H73: =G12/G$7*H43 -> 2.3362458 | I73: =H12/H$7*I43 -> 2.8574878 | J73: =I12/I$7*J43 -> 3.4425882 | K73: =J12/J$7*K43 -> 3.5732077 | ... AR73: =AQ12/AQ$7*AR43 -> 0.80845021
B74: =B44 -> Wholesale and retail trade | D74: =C13/C$7*D44 -> -0.20052271 | E74: =D13/D$7*E44 -> 0.062059787 | F74: =E13/E$7*F44 -> 0.17279702 | G74: =F13/F$7*G44 -> 0.17173592 | H74: =G13/G$7*H44 -> 0.44048721 | I74: =H13/H$7*I44 -> 0.62844848 | J74: =I13/I$7*J44 -> 0.53178748 | K74: =J13/J$7*K44 -> 0.60232779 | ... AR74: =AQ13/AQ$7*AR44 -> 0.10761386
B75: =B45 -> Transportation and public utilities | D75: =C14/C$7*D45 -> 0.10814708 | E75: =D14/D$7*E45 -> -0.058321245 | F75: =E14/E$7*F45 -> -0.059075905 | G75: =F14/F$7*G45 -> 0.053347754 | H75: =G14/G$7*H45 -> 0.049907418 | I75: =H14/H$7*I45 -> 0.16616604 | J75: =I14/I$7*J45 -> 0.10060844 | K75: =J14/J$7*K45 -> 0.22191024 | ... AR75: =AQ14/AQ$7*AR45 -> 0.020509874
B76: =B46 -> Information | D76: =C15/C$7*D46 -> 0.13443283 | E76: =D15/D$7*E46 -> 0.18318853 | F76: =E15/E$7*F46 -> 0.24516501 | G76: =F15/F$7*G46 -> 0.21923735 | H76: =G15/G$7*H46 -> 0.46724916 | I76: =H15/H$7*I46 -> 0.34937475 | J76: =I15/I$7*J46 -> 0.29977209 | K76: =J15/J$7*K46 -> 0.28207832 | ... AR76: =AQ15/AQ$7*AR46 -> 0.05878211
B77: =B47 -> Financial activities | D77: =C16/C$7*D47 -> -2.8312555e-15 | E77: =D16/D$7*E47 -> 0.12337187 | F77: =E16/E$7*F47 -> 0.23334983 | G77: =F16/F$7*G47 -> 0.097926015 | H77: =G16/G$7*H47 -> -0.16997454 | I77: =H16/H$7*I47 -> 0.17113682 | J77: =I16/I$7*J47 -> 0.17863131 | K77: =J16/J$7*K47 -> 0.43799776 | ... AR77: =AQ16/AQ$7*AR47 -> 0.010754891
B78: =B48 -> Professional and business services | D78: =C17/C$7*D48 -> -0.016522471 | E78: =D17/D$7*E48 -> 0.14131686 | F78: =E17/E$7*F48 -> 0.53906763 | G78: =F17/F$7*G48 -> 0.75271489 | H78: =G17/G$7*H48 -> 0.47231223 | I78: =H17/H$7*I48 -> 0.83864142 | J78: =I17/I$7*J48 -> 1.116959 | K78: =J17/J$7*K48 -> 0.75113058 | ... AR78: =AQ17/AQ$7*AR48 -> 0.26081213
B79: =B49 -> Leisure and Hospitality services | D79: =C18/C$7*D49 -> 0.088620524 | E79: =D18/D$7*E49 -> 0.14804624 | F79: =E18/E$7*F49 -> 0.27617986 | G79: =F18/F$7*G49 -> 0.20827548 | H79: =G18/G$7*H49 -> 0.35079852 | I79: =H18/H$7*I49 -> 0.28475462 | J79: =I18/I$7*J49 -> 0.27923976 | K79: =J18/J$7*K49 -> 0.2969586 | ... AR79: =AQ18/AQ$7*AR49 -> 0.14867636
... B83: =B53 -> Federal | D83: =C22/C$7*D53 -> -0.028538813 | E83: =D22/D$7*E53 -> 0.029160623 | F83: =E22/E$7*F53 -> 0.050214519 | G83: =F22/F$7*G53 -> -0.0058463292 | H83: =G22/G$7*H53 -> -0.033271612 | I83: =H22/H$7*I53 -> -0.029824674 | J83: =I22/I$7*J53 -> 0.020532335 | K83: =J22/J$7*K53 -> 0.057580208 | ... AR83: =AQ22/AQ$7*AR53 -> -0.0095042624

Sheet Optimistic QTR
B1: =Info!B3 -> Seattle MD (King & Snohomish Counties) Economic Forecast
B2: =Info!B4 -> City of Seattle Office of Economic and Revenue Forecasts
C3: Historical Data | EM3: Forecast
C4: 1990Q1 | D4: 1990Q2 | E4: 1990Q3 | F4: 1990Q4 | G4: 1991Q1 | H4: 1991Q2 | I4: 1991Q3 | J4: 1991Q4 | K4: 1992Q1 | L4: 1992Q2 | M4: 1992Q3 | N4: 1992Q4 | O4: 1993Q1 | P4: 1993Q2 | Q4: 1993Q3 | R4: 1993Q4 | S4: 1994Q1 | T4: 1994Q2 | U4: 1994Q3 | V4: 1994Q4 | W4: 1995Q1 | X4: 1995Q2 | Y4: 1995Q3 | Z4: 1995Q4 | AA4: 1996Q1 | AB4: 1996Q2 | AC4: 1996Q3 | AD4: 1996Q4 | AE4: 1997Q1 | AF4: 1997Q2 | AG4: 1997Q3 | AH4: 1997Q4 | AI4: 1998Q1 | AJ4: 1998Q2 | AK4: 1998Q3 | AL4: 1998Q4 | AM4: 1999Q1 | AN4: 1999Q2 | AO4: 1999Q3 | AP4: 1999Q4 | AQ4: 2000Q1 | AR4: 2000Q2 | AS4: 2000Q3 | AT4: 2000Q4 | AU4: 2001Q1 | AV4: 2001Q2 | AW4: 2001Q3 | AX4: 2001Q4 | AY4: 2002Q1 | AZ4: 2002Q2 | BA4: 2002Q3 | BB4: 2002Q4 | BC4: 2003Q1 | BD4: 2003Q2 | BE4: 2003Q3 | BF4: 2003Q4 | BG4: 2004Q1 | BH4: 2004Q2 | BI4: 2004Q3 | BJ4: 2004Q4 | BK4: 2005Q1 | BL4: 2005Q2 | BM4: 2005Q3 | BN4: 2005Q4 | BO4: 2006Q1 | BP4: 2006Q2 | BQ4: 2006Q3 | BR4: 2006Q4 | BS4: 2007Q1 | BT4: 2007Q2 | BU4: 2007Q3 | BV4: 2007Q4 | BW4: 2008Q1 | BX4: 2008Q2 | BY4: 2008Q3 | BZ4: 2008Q4 | CA4: 2009Q1 | CB4: 2009Q2 | CC4: 2009Q3 | CD4: 2009Q4 | CE4: 2010Q1 | CF4: 2010Q2 | CG4: 2010Q3 | CH4: 2010Q4 | CI4: 2011Q1 | CJ4: 2011Q2 | CK4: 2011Q3 | CL4: 2011Q4 | CM4: 2012Q1 | CN4: 2012Q2 | CO4: 2012Q3 | CP4: 2012Q4 | CQ4: 2013Q1 | CR4: 2013Q2 | CS4: 2013Q3 | CT4: 2013Q4 | CU4: 2014Q1 | CV4: 2014Q2 | CW4: 2014Q3 | CX4: 2014Q4 | CY4: 2015Q1 | CZ4: 2015Q2 | DA4: 2015Q3 | DB4: 2015Q4 | DC4: 2016Q1 | DD4: 2016Q2 | DE4: 2016Q3 | DF4: 2016Q4 | DG4: 2017Q1 | DH4: 2017Q2 | DI4: 2017Q3 | DJ4: 2017Q4 | DK4: 2018Q1 | DL4: 2018Q2 | DM4: 2018Q3 | DN4: 2018Q4 | DO4: 2019Q1 | DP4: 2019Q2 | DQ4: 2019Q3 | DR4: 2019Q4 | DS4: 2020Q1 | DT4: 2020Q2 | DU4: 2020Q3 | DV4: 2020Q4 | DW4: 2021Q1 | DX4: 2021Q2 | DY4: 2021Q3 | DZ4: 2021Q4 | EA4: 2022Q1 | EB4: 2022Q2 | EC4: 2022Q3 | ED4: 2022Q4 | EE4: 2023Q1 | EF4: 2023Q2 | EG4: 2023Q3 | EH4: 2023Q4 | EI4: 2024Q1 | EJ4: 2024Q2 | EK4: 2024Q3 | EL4: 2024Q4 | EM4: 2025Q1 | EN4: 2025Q2 | EO4: 2025Q3 | EP4: 2025Q4 | EQ4: 2026Q1 | ER4: 2026Q2 | ES4: 2026Q3 | ET4: 2026Q4 | EU4: 2027Q1 | EV4: 2027Q2 | EW4: 2027Q3 | EX4: 2027Q4 | EY4: 2028Q1 | EZ4: 2028Q2 | FA4: 2028Q3 | FB4: 2028Q4 | FC4: 2029Q1 | FD4: 2029Q2 | FE4: 2029Q3 | FF4: 2029Q4 | FG4: 2030Q1 | FH4: 2030Q2 | FI4: 2030Q3 | FJ4: 2031Q4 | FK4: 2031Q1 | FL4: 2031Q2 | FM4: 2031Q3 | FN4: 2031Q4
A5: ='Baseline QTR'!A5 -> KS_UR | B5: ='Baseline QTR'!B5 -> Unemployment rate (%) | C5: 3.8997306 | D5: 3.7889163 | E5: 3.6398463 | F5: 3.7035648 | G5: 3.967988 | H5: 4.315908 | I5: 4.6620019 | J5: 4.915446 | K5: 5.108246 | L5: 5.2757372 | M5: 5.5313263 | N5: 5.8057798 | O5: 5.785067 | P5: 5.6688269 | Q5: 5.4565326 | R5: 5.3142965 | S5: 5.2778973 | T5: 5.097157 | U5: 4.9022297 | V5: 4.7295782 | W5: 4.7878283 | X5: 5.0415993 | Y5: 5.1738458 | Z5: 5.2368435 | AA5: 5.1478875 | AB5: 4.881256 | AC5: 4.5819617 | AD5: 4.5212667 | AE5: 4.4296564 | AF5: 4.255605 | AG5: 3.7213336 | AH5: 3.2365903 | AI5: 3.2015294 | AJ5: 3.4390537 | AK5: 3.4774003 | AL5: 3.2853479 | AM5: 3.1151867 | AN5: 3.1081247 | AO5: 3.3435464 | AP5: 3.532375 | AQ5: 3.8849896 | AR5: 3.8239099 | AS5: 3.8128346 | AT5: 3.892384 | AU5: 4.1586906 | AV5: 4.4438583 | AW5: 4.7738913 | AX5: 5.4325688 | AY5: 5.9389286 | AZ5: 5.9979296 | BA5: 6.1014928 | BB5: 6.3972514 | BC5: 6.5068122 | BD5: 6.2689388 | BE5: 5.8001443 | BF5: 5.3755976 | BG5: 5.2466466 | BH5: 5.1264226 | BI5: 4.8242934 | BJ5: 4.7505238 | BK5: 4.6881371 | BL5: 4.4408214 | BM5: 4.1268169 | BN5: 3.8721903 | BO5: 3.6881075 | BP5: 3.6928106 | BQ5: 3.6789443 | BR5: 3.6436386 | BS5: 3.3375515 | BT5: 2.9826501 | BU5: 2.9157874 | BV5: 2.8763531 | BW5: 2.9422032 | BX5: 3.3592775 | BY5: 3.9029713 | BZ5: 4.7013686 | CA5: 6.0310948 | CB5: 7.7637501 | CC5: 9.487566 | CD5: 10.267482 | CE5: 10.39495 | CF5: 10.089349 | CG5: 9.9135854 | CH5: 9.9983413 | CI5: 9.6580911 | CJ5: 9.071671 | CK5: 8.5513502 | CL5: 8.1594749 | CM5: 7.9908524 | CN5: 7.8604927 | CO5: 6.9759908 | CP5: 5.6124121 | CQ5: 4.6995429 | CR5: 4.5133459 | CS5: 4.8401633 | CT5: 4.9666323 | CU5: 4.9311937 | CV5: 4.8682529 | CW5: 4.563572 | CX5: 4.1701948 | CY5: 4.0222068 | CZ5: 3.9042502 | DA5: 4.0289114 | DB5: 4.3169911 | DC5: 4.3015789 | DD5: 4.0721656 | DE5: 3.8694303 | DF5: 3.8385439 | DG5: 3.8023257 | DH5: 3.8228482 | DI5: 3.7889909 | DJ5: 3.6913771 | DK5: 3.5324474 | DL5: 3.3103403 | DM5: 3.2574628 | DN5: 3.4086297 | DO5: 3.3253778 | DP5: 2.9260558 | DQ5: 2.6638998 | DR5: 2.5398074 | DS5: 3.7725043 | DT5: 15.098596 | DU5: 9.1636153 | DV5: 6.8606308 | DW5: 5.8056665 | DX5: 5.2093575 | DY5: 4.4723283 | DZ5: 3.6269648 | EA5: 3.3965099 | EB5: 3.5252615 | EC5: 3.7406061 | ED5: 3.7351999 | EE5: 3.7164187 | EF5: 3.9282056 | EG5: 4.0639207 | EH5: 4.1850696 | EI5: 4.2749784 | EJ5: 4.3188066 | EK5: 4.2171873 | EL5: 4.0820561 | EM5: 4.2246221 | EN5: 4.3591931 | EO5: 4.5260668 | EP5: 4.8623814 | EQ5: 5.1937295 | ER5: 5.2775253 | ES5: 5.101856 | ET5: 4.969161 | EU5: 4.831736 | EV5: 4.903678 | EW5: 4.924249 | EX5: 4.83473 | EY5: 4.716354 | EZ5: 4.709823 | FA5: 4.681954 | FB5: 4.558771 | FC5: 4.476714 | FD5: 4.439505 | FE5: 4.429485 | FF5: 4.409702 | FG5: 4.388646 | FH5: 4.435046 | FI5: 4.416644 | FJ5: 4.503008 | FK5: 4.399108 | FL5: 4.415167 | FM5: 4.446578 | FN5: 4.503008
A7: ='Baseline QTR'!A7 -> KS_N | B7: ='Baseline QTR'!B7 -> Employment (thous.) | C7: 1098 | D7: 1108.2667 | E7: 1120.3 | F7: 1111.8333 | G7: 1108.5333 | H7: 1112.4667 | I7: 1119.1667 | J7: 1117.9 | K7: 1126.5333 | L7: 1128.8667 | M7: 1128.2667 | N7: 1130.3 | O7: 1132.6333 | P7: 1137.2 | Q7: 1154.0333 | R7: 1137.4 | S7: 1142.7667 | T7: 1148.3333 | U7: 1153.5333 | V7: 1163.9 | W7: 1173.2 | X7: 1174.1333 | Y7: 1177.7333 | Z7: 1169.0333 | AA7: 1197.8333 | AB7: 1207.5333 | AC7: 1222.5333 | AD7: 1242.4667 | AE7: 1256.9667 | AF7: 1282.1667 | AG7: 1296.6333 | AH7: 1316.4667 | AI7: 1327.3667 | AJ7: 1346.2 | AK7: 1357.8667 | AL7: 1368.6667 | AM7: 1372.9667 | AN7: 1378.7 | AO7: 1390.1 | AP7: 1399.9333 | AQ7: 1405.3 | AR7: 1413.9667 | AS7: 1420.1 | AT7: 1428.0667 | AU7: 1419.4667 | AV7: 1410.1667 | AW7: 1395.9333 | AX7: 1373.1333 | AY7: 1356.2333 | AZ7: 1348.5333 | BA7: 1352.5 | BB7: 1348.2333 | BC7: 1344.0333 | BD7: 1339.4 | BE7: 1339 | BF7: 1342.3333 | BG7: 1342.1667 | BH7: 1348.0667 | BI7: 1352.2 | BJ7: 1361.8 | BK7: 1367.7 | BL7: 1380 | BM7: 1389.1333 | BN7: 1404.9333 | BO7: 1415.3333 | BP7: 1425.9 | BQ7: 1435.6333 | BR7: 1443.7667 | BS7: 1459.4 | BT7: 1469.9 | BU7: 1480.1667 | BV7: 1489.1 | BW7: 1498.6333 | BX7: 1497.8333 | BY7: 1501.4667 | BZ7: 1473.9333 | CA7: 1451.1333 | CB7: 1419.1333 | CC7: 1404.0667 | CD7: 1394.3667 | CE7: 1388.3333 | CF7: 1394.3 | CG7: 1397.4667 | CH7: 1405.4333 | CI7: 1409.8333 | CJ7: 1418.9 | CK7: 1426.8 | CL7: 1434.9 | CM7: 1443.5 | CN7: 1456.6 | CO7: 1462.8667 | CP7: 1476.7333 | CQ7: 1486.9333 | CR7: 1496 | CS7: 1505.4667 | CT7: 1518.7333 | CU7: 1528.7 | CV7: 1533.1667 | CW7: 1550.2333 | CX7: 1560.7667 | CY7: 1572.5333 | CZ7: 1584.9667 | DA7: 1600.1 | DB7: 1611.6 | DC7: 1624.8333 | DD7: 1640.3667 | DE7: 1650.8 | DF7: 1659.6 | DG7: 1669.4333 | DH7: 1682.9333 | DI7: 1689.0667 | DJ7: 1698.1 | DK7: 1710.7667 | DL7: 1717.3667 | DM7: 1725.3667 | DN7: 1738.4333 | DO7: 1743.9333 | DP7: 1757.9333 | DQ7: 1772.0667 | DR7: 1779.6333 | DS7: 1782.4333 | DT7: 1581.9 | DU7: 1633.2 | DV7: 1648.3667 | DW7: 1645.1333 | DX7: 1668.9667 | DY7: 1704.3 | DZ7: 1737.2333 | EA7: 1742.1 | EB7: 1757.7333 | EC7: 1779.1 | ED7: 1777.0333 | EE7: 1778.4 | EF7: 1780.9 | EG7: 1774.0333 | EH7: 1773.5667 | EI7: 1780.8 | EJ7: 1783.9 | EK7: 1786.9333 | EL7: 1774.2 | EM7: 1778.6333 | EN7: 1783.5667 | EO7: 1776.6667 | EP7: 1768.7333 | EQ7: 1771.8667 | ER7: 1778.3 | ES7: 1780.017 | ET7: 1779.506 | EU7: 1779.567 | EV7: 1779.195 | EW7: 1781.549 | EX7: 1785.911 | EY7: 1792.733 | EZ7: 1797.771 | FA7: 1802.746 | FB7: 1809.268 | FC7: 1815.666 | FD7: 1821.013 | FE7: 1825.498 | FF7: 1830.27 | FG7: 1835.459 | FH7: 1840.042 | FI7: 1845.035 | FJ7: 1870.148 | FK7: 1856.14 | FL7: 1861.482 | FM7: 1866.251 | FN7: 1870.148
A8: ='Baseline QTR'!A8 -> KS_NGDS | B8: ='Baseline QTR'!B8 -> Goods producing | C8: 277.13333 | D8: 278.2 | E8: 279.83333 | F8: 273.36667 | G8: 270.63333 | H8: 269.66667 | I8: 272.2 | J8: 270.06667 | K8: 269.86667 | L8: 270.4 | M8: 268.36667 | N8: 263.9 | O8: 258.8 | P8: 255.33333 | Q8: 256.96667 | R8: 248.36667 | S8: 244.66667 | T8: 243.7 | U8: 243.2 | V8: 243.2 | W8: 246.23333 | X8: 244.2 | Y8: 239.73333 | Z8: 222.5 | AA8: 240.53333 | AB8: 245.16667 | AC8: 250.66667 | AD8: 258.43333 | AE8: 266.76667 | AF8: 273.26667 | AG8: 280.23333 | AH8: 288.73333 | AI8: 289.33333 | AJ8: 293.66667 | AK8: 295.23333 | AL8: 294.53333 | AM8: 288.7 | AN8: 286.06667 | AO8: 282.7 | AP8: 280.56667 | AQ8: 274.66667 | AR8: 277.13333 | AS8: 275.53333 | AT8: 275.43333 | AU8: 272.7 | AV8: 269.2 | AW8: 266.63333 | AX8: 257.4 | AY8: 248.33333 | AZ8: 243.03333 | BA8: 239.06667 | BB8: 234.1 | BC8: 228.3 | BD8: 225.06667 | BE8: 222.96667 | BF8: 221.8 | BG8: 221.66667 | BH8: 221.9 | BI8: 223.03333 | BJ8: 226.6 | BK8: 229.1 | BL8: 233.8 | BM8: 234.2 | BN8: 243.2 | BO8: 248.03333 | BP8: 251.86667 | BQ8: 254.16667 | BR8: 256.9 | BS8: 262 | BT8: 266.43333 | BU8: 269.6 | BV8: 270.8 | BW8: 271 | BX8: 269.2 | BY8: 267.1 | BZ8: 251.4 | CA8: 245.36667 | CB8: 233.66667 | CC8: 225.83333 | CD8: 220.3 | CE8: 217.5 | CF8: 216.2 | CG8: 216.23333 | CH8: 217.03333 | CI8: 217.53333 | CJ8: 220.56667 | CK8: 224.06667 | CL8: 226.76667 | CM8: 228.63333 | CN8: 232.4 | CO8: 235.56667 | CP8: 238.83333 | CQ8: 241.13333 | CR8: 242.36667 | CS8: 244.06667 | CT8: 244.66667 | CU8: 245.26667 | CV8: 246.5 | CW8: 250.1 | CX8: 253.23333 | CY8: 256.16667 | CZ8: 257.23333 | DA8: 258.9 | DB8: 259.7 | DC8: 261.4 | DD8: 262.56667 | DE8: 262.13333 | DF8: 260.63333 | DG8: 260.33333 | DH8: 260.16667 | DI8: 257.76667 | DJ8: 258.2 | DK8: 260.8 | DL8: 262.7 | DM8: 264.76667 | DN8: 268.63333 | DO8: 269.03333 | DP8: 271.46667 | DQ8: 271.66667 | DR8: 271.7 | DS8: 271.3 | DT8: 246.06667 | DU8: 247.6 | DV8: 245.76667 | DW8: 243.33333 | DX8: 243.13333 | DY8: 243.13333 | DZ8: 246.03333 | EA8: 245.33333 | EB8: 247.9 | EC8: 251.6 | ED8: 253.03333 | EE8: 252.56667 | EF8: 252.36667 | EG8: 251.63333 | EH8: 251.2 | EI8: 250.73333 | EJ8: 250.9 | EK8: 251.26667 | EL8: 239.03333 | EM8: 247.4 | EN8: 244.43333 | EO8: 241.56667 | EP8: 240.96667 | EQ8: 244.03333 | ER8: 245.63333 | ES8: 247.5812 | ET8: 247.7309 | EU8: 247.6474 | EV8: 247.3975 | EW8: 247.3384 | EX8: 247.4092 | EY8: 247.6143 | EZ8: 247.8406 | FA8: 248.0442 | FB8: 248.4392 | FC8: 249.0802 | FD8: 249.6861 | FE8: 250.2396 | FF8: 250.8389 | FG8: 251.3907 | FH8: 251.7511 | FI8: 252.0568 | FJ8: 253.24 | FK8: 252.69 | FL8: 252.9409 | FM8: 253.1551 | FN8: 253.24
A9: ='Baseline QTR'!A9 -> KS_NMLC | B9: ='Baseline QTR'!B9 -> Mining, Logging and Construction | C9: 63.633333 | D9: 65.8 | E9: 65.8 | F9: 62.466667 | G9: 61.933333 | H9: 61.366667 | I9: 62.1 | J9: 62.4 | K9: 63 | L9: 64.3 | M9: 63.7 | N9: 62.766667 | O9: 61.566667 | P9: 59.9 | Q9: 60 | R9: 59.933333 | S9: 59.5 | T9: 59.333333 | U9: 59.066667 | V9: 59.833333 | W9: 60.2 | X9: 60.2 | Y9: 60.2 | Z9: 59.166667 | AA9: 60.5 | AB9: 61.333333 | AC9: 62.333333 | AD9: 64.3 | AE9: 66.766667 | AF9: 67.366667 | AG9: 68.233333 | AH9: 70.833333 | AI9: 70.9 | AJ9: 72.8 | AK9: 74.566667 | AL9: 76.733333 | AM9: 77.433333 | AN9: 79.2 | AO9: 81.133333 | AP9: 82.5 | AQ9: 84.133333 | AR9: 85.2 | AS9: 85.366667 | AT9: 86.866667 | AU9: 86.733333 | AV9: 84.2 | AW9: 82.766667 | AX9: 79.2 | AY9: 78.833333 | AZ9: 77.133333 | BA9: 77.233333 | BB9: 76.4 | BC9: 75.366667 | BD9: 75.333333 | BE9: 75.466667 | BF9: 76.366667 | BG9: 77.2 | BH9: 77.266667 | BI9: 77.633333 | BJ9: 79.533333 | BK9: 80.4 | BL9: 82.066667 | BM9: 84.6 | BN9: 87.166667 | BO9: 89.533333 | BP9: 91.9 | BQ9: 92.833333 | BR9: 93.833333 | BS9: 97.333333 | BT9: 100.66667 | BU9: 101.53333 | BV9: 101.56667 | BW9: 100.73333 | BX9: 99.1 | BY9: 97.3 | BZ9: 91.666667 | CA9: 83.233333 | CB9: 77.1 | CC9: 72.666667 | CD9: 69.333333 | CE9: 67.266667 | CF9: 66 | CG9: 65.766667 | CH9: 65.2 | CI9: 63.533333 | CJ9: 63.533333 | CK9: 63.933333 | CL9: 63.966667 | CM9: 64.2 | CN9: 65.966667 | CO9: 67.166667 | CP9: 69.066667 | CQ9: 70.533333 | CR9: 71.633333 | CS9: 73.633333 | CT9: 74.4 | CU9: 75.6 | CV9: 76.633333 | CW9: 79.666667 | CX9: 82.733333 | CY9: 85.133333 | CZ9: 86.6 | DA9: 87.3 | DB9: 88.7 | DC9: 90.933333 | DD9: 92.633333 | DE9: 94.066667 | DF9: 95.033333 | DG9: 96.433333 | DH9: 97.266667 | DI9: 97.7 | DJ9: 98.8 | DK9: 101.06667 | DL9: 102.23333 | DM9: 103.36667 | DN9: 104.6 | DO9: 103.16667 | DP9: 104.6 | DQ9: 104.86667 | DR9: 105 | DS9: 105.43333 | DT9: 92.933333 | DU9: 100.83333 | DV9: 103.26667 | DW9: 103.5 | DX9: 104.63333 | DY9: 105 | DZ9: 106.03333 | EA9: 104.26667 | EB9: 105.56667 | EC9: 107.43333 | ED9: 107.56667 | EE9: 106.96667 | EF9: 105.46667 | EG9: 103.23333 | EH9: 101.16667 | EI9: 100 | EJ9: 99.266667 | EK9: 99.1 | EL9: 97.7 | EM9: 97.1 | EN9: 96.766667 | EO9: 95.5 | EP9: 94.133333 | EQ9: 95.033333 | ER9: 94.566667 | ES9: 94.50867 | ET9: 94.45298 | EU9: 94.52137 | EV9: 94.54705 | EW9: 94.73598 | EX9: 95.08807 | EY9: 95.60933 | EZ9: 96.12877 | FA9: 96.72849 | FB9: 97.48534 | FC9: 98.34103 | FD9: 99.17705 | FE9: 99.95229 | FF9: 100.7063 | FG9: 101.4098 | FH9: 101.9884 | FI9: 102.5194 | FJ9: 104.335 | FK9: 103.4431 | FL9: 103.812 | FM9: 104.1108 | FN9: 104.335
A10: ='Baseline QTR'!A10 -> KS_NMFG | B10: ='Baseline QTR'!B10 -> Manufacturing | C10: 213.5 | D10: 212.4 | E10: 214.03333 | F10: 210.9 | G10: 208.7 | H10: 208.3 | I10: 210.1 | J10: 207.66667 | K10: 206.86667 | L10: 206.1 | M10: 204.66667 | N10: 201.13333 | O10: 197.23333 | P10: 195.43333 | Q10: 196.96667 | R10: 188.43333 | S10: 185.16667 | T10: 184.36667 | U10: 184.13333 | V10: 183.36667 | W10: 186.03333 | X10: 184 | Y10: 179.53333 | Z10: 163.33333 | AA10: 180.03333 | AB10: 183.83333 | AC10: 188.33333 | AD10: 194.13333 | AE10: 200 | AF10: 205.9 | AG10: 212 | AH10: 217.9 | AI10: 218.43333 | AJ10: 220.86667 | AK10: 220.66667 | AL10: 217.8 | AM10: 211.26667 | AN10: 206.86667 | AO10: 201.56667 | AP10: 198.06667 | AQ10: 190.53333 | AR10: 191.93333 | AS10: 190.16667 | AT10: 188.56667 | AU10: 185.96667 | AV10: 185 | AW10: 183.86667 | AX10: 178.2 | AY10: 169.5 | AZ10: 165.9 | BA10: 161.83333 | BB10: 157.7 | BC10: 152.93333 | BD10: 149.73333 | BE10: 147.5 | BF10: 145.43333 | BG10: 144.46667 | BH10: 144.63333 | BI10: 145.4 | BJ10: 147.06667 | BK10: 148.7 | BL10: 151.73333 | BM10: 149.6 | BN10: 156.03333 | BO10: 158.5 | BP10: 159.96667 | BQ10: 161.33333 | BR10: 163.06667 | BS10: 164.66667 | BT10: 165.76667 | BU10: 168.06667 | BV10: 169.23333 | BW10: 170.26667 | BX10: 170.1 | BY10: 169.8 | BZ10: 159.73333 | CA10: 162.13333 | CB10: 156.56667 | CC10: 153.16667 | CD10: 150.96667 | CE10: 150.23333 | CF10: 150.2 | CG10: 150.46667 | CH10: 151.83333 | CI10: 154 | CJ10: 157.03333 | CK10: 160.13333 | CL10: 162.8 | CM10: 164.43333 | CN10: 166.43333 | CO10: 168.4 | CP10: 169.76667 | CQ10: 170.6 | CR10: 170.73333 | CS10: 170.43333 | CT10: 170.26667 | CU10: 169.66667 | CV10: 169.86667 | CW10: 170.43333 | CX10: 170.5 | CY10: 171.03333 | CZ10: 170.63333 | DA10: 171.6 | DB10: 171 | DC10: 170.46667 | DD10: 169.93333 | DE10: 168.06667 | DF10: 165.6 | DG10: 163.9 | DH10: 162.9 | DI10: 160.06667 | DJ10: 159.4 | DK10: 159.73333 | DL10: 160.46667 | DM10: 161.4 | DN10: 164.03333 | DO10: 165.86667 | DP10: 166.86667 | DQ10: 166.8 | DR10: 166.7 | DS10: 165.86667 | DT10: 153.13333 | DU10: 146.76667 | DV10: 142.5 | DW10: 139.83333 | DX10: 138.5 | DY10: 138.13333 | DZ10: 140 | EA10: 141.06667 | EB10: 142.33333 | EC10: 144.16667 | ED10: 145.46667 | EE10: 145.6 | EF10: 146.9 | EG10: 148.4 | EH10: 150.03333 | EI10: 150.73333 | EJ10: 151.63333 | EK10: 152.16667 | EL10: 141.33333 | EM10: 150.3 | EN10: 147.66667 | EO10: 146.06667 | EP10: 146.83333 | EQ10: 149 | ER10: 151.06667 | ES10: 153.0725 | ET10: 153.2779 | EU10: 153.1261 | EV10: 152.8505 | EW10: 152.6025 | EX10: 152.3212 | EY10: 152.005 | EZ10: 151.7118 | FA10: 151.3158 | FB10: 150.9539 | FC10: 150.7391 | FD10: 150.5091 | FE10: 150.2873 | FF10: 150.1326 | FG10: 149.9809 | FH10: 149.7627 | FI10: 149.5375 | FJ10: 148.905 | FK10: 149.2469 | FL10: 149.1289 | FM10: 149.0443 | FN10: 148.905
A11: ='Baseline QTR'!A11 -> KS_NAER | B11: ='Baseline QTR'!B11 -> Aerospace | C11: 112.96667 | D11: 112.36667 | E11: 112.96667 | F11: 111.03333 | G11: 111.33333 | H11: 112.6 | I11: 114.56667 | J11: 112.3 | K11: 111.03333 | L11: 110.3 | M11: 109.6 | N11: 106.26667 | O11: 103.66667 | P11: 101.5 | Q11: 100.4 | R11: 93.733333 | S11: 90 | T11: 89.066667 | U11: 89.366667 | V11: 87.966667 | W11: 86.5 | X11: 85.8 | Y11: 79.9 | Z11: 62.566667 | AA11: 77.433333 | AB11: 80.7 | AC11: 85.9 | AD11: 90 | AE11: 94.433333 | AF11: 98.833333 | AG11: 104.76667 | AH11: 107.66667 | AI11: 107.03333 | AJ11: 108.76667 | AK11: 109.23333 | AL11: 106.3 | AM11: 100.96667 | AN11: 96.6 | AO11: 92.333333 | AP11: 88.166667 | AQ11: 80.2 | AR11: 83.7 | AS11: 83.366667 | AT11: 82.7 | AU11: 82.766667 | AV11: 83.666667 | AW11: 84.866667 | AX11: 82.8 | AY11: 76.3 | AZ11: 73.9 | BA11: 71.2 | BB11: 69.033333 | BC11: 65.4 | BD11: 63.5 | BE11: 61.466667 | BF11: 59.733333 | BG11: 58.533333 | BH11: 58.433333 | BI11: 58.666667 | BJ11: 59.633333 | BK11: 61.066667 | BL11: 62.9 | BM11: 60.033333 | BN11: 66.166667 | BO11: 67.666667 | BP11: 68.833333 | BQ11: 70.366667 | BR11: 72 | BS11: 73.533333 | BT11: 74.933333 | BU11: 76.7 | BV11: 78.366667 | BW11: 79.633333 | BX11: 80.333333 | BY11: 81.166667 | BZ11: 73.3 | CA11: 80.766667 | CB11: 79.266667 | CC11: 77.9 | CD11: 77.3 | CE11: 76.9 | CF11: 76.533333 | CG11: 76.333333 | CH11: 77.233333 | CI11: 78.566667 | CJ11: 80.833333 | CK11: 83.366667 | CL11: 85.566667 | CM11: 86.833333 | CN11: 88.3 | CO11: 90.033333 | CP11: 91.466667 | CQ11: 91.766667 | CR11: 91.433333 | CS11: 90.5 | CT11: 89.633333 | CU11: 88.9 | CV11: 88.766667 | CW11: 88.833333 | CX11: 88.733333 | CY11: 88.466667 | CZ11: 88.266667 | DA11: 88.1 | DB11: 87.733333 | DC11: 87.166667 | DD11: 86.2 | DE11: 84.266667 | DF11: 82.233333 | DG11: 80.9 | DH11: 79.1 | DI11: 76.7 | DJ11: 76 | DK11: 76.4 | DL11: 76.933333 | DM11: 77.8 | DN11: 79.8 | DO11: 81.033333 | DP11: 82.1 | DQ11: 82.266667 | DR11: 82.266667 | DS11: 82.533333 | DT11: 77.533333 | DU11: 70.733333 | DV11: 66.333333 | DW11: 63.933333 | DX11: 62.733333 | DY11: 61.766667 | DZ11: 63.066667 | EA11: 64.266667 | EB11: 65.733333 | EC11: 67.633333 | ED11: 69.433333 | EE11: 70.166667 | EF11: 71.833333 | EG11: 73.9 | EH11: 75.766667 | EI11: 76.966667 | EJ11: 78.133333 | EK11: 78.533333 | EL11: 68.7 | EM11: 78.133333 | EN11: 75.433333 | EO11: 74.566667 | EP11: 75.433333 | EQ11: 77.3 | ER11: 78.8 | ES11: 80.93977 | ET11: 81.02399 | EU11: 81.33718 | EV11: 81.61686 | EW11: 81.71513 | EX11: 81.71068 | EY11: 81.81362 | EZ11: 82.04917 | FA11: 82.1279 | FB11: 82.16662 | FC11: 82.3306 | FD11: 82.43616 | FE11: 82.52854 | FF11: 82.59555 | FG11: 82.66502 | FH11: 82.65795 | FI11: 82.6528 | FJ11: 82.68134 | FK11: 82.71336 | FL11: 82.70198 | FM11: 82.6931 | FN11: 82.68134
A12: ='Baseline QTR'!A12 -> KS_NSRV | B12: ='Baseline QTR'!B12 -> Services providing | C12: 820.86667 | D12: 830.06667 | E12: 840.46667 | F12: 838.46667 | G12: 837.9 | H12: 842.8 | I12: 846.96667 | J12: 847.83333 | K12: 856.66667 | L12: 858.46667 | M12: 859.9 | N12: 866.4 | O12: 873.83333 | P12: 881.86667 | Q12: 897.06667 | R12: 889.03333 | S12: 898.1 | T12: 904.63333 | U12: 910.33333 | V12: 920.7 | W12: 926.96667 | X12: 929.93333 | Y12: 938 | Z12: 946.53333 | AA12: 957.3 | AB12: 962.36667 | AC12: 971.86667 | AD12: 984.03333 | AE12: 990.2 | AF12: 1008.9 | AG12: 1016.4 | AH12: 1027.7333 | AI12: 1038.0333 | AJ12: 1052.5333 | AK12: 1062.6333 | AL12: 1074.1333 | AM12: 1084.2667 | AN12: 1092.6333 | AO12: 1107.4 | AP12: 1119.3667 | AQ12: 1130.6333 | AR12: 1136.8333 | AS12: 1144.5667 | AT12: 1152.6333 | AU12: 1146.7667 | AV12: 1140.9667 | AW12: 1129.3 | AX12: 1115.7333 | AY12: 1107.9 | AZ12: 1105.5 | BA12: 1113.4333 | BB12: 1114.1333 | BC12: 1115.7333 | BD12: 1114.3333 | BE12: 1116.0333 | BF12: 1120.5333 | BG12: 1120.5 | BH12: 1126.1667 | BI12: 1129.1667 | BJ12: 1135.2 | BK12: 1138.6 | BL12: 1146.2 | BM12: 1154.9333 | BN12: 1161.7333 | BO12: 1167.3 | BP12: 1174.0333 | BQ12: 1181.4667 | BR12: 1186.8667 | BS12: 1197.4 | BT12: 1203.4667 | BU12: 1210.5667 | BV12: 1218.3 | BW12: 1227.6333 | BX12: 1228.6333 | BY12: 1234.3667 | BZ12: 1222.5333 | CA12: 1205.7667 | CB12: 1185.4667 | CC12: 1178.2333 | CD12: 1174.0667 | CE12: 1170.8333 | CF12: 1178.1 | CG12: 1181.2333 | CH12: 1188.4 | CI12: 1192.3 | CJ12: 1198.3333 | CK12: 1202.7333 | CL12: 1208.1333 | CM12: 1214.8667 | CN12: 1224.2 | CO12: 1227.3 | CP12: 1237.9 | CQ12: 1245.8 | CR12: 1253.6333 | CS12: 1261.4 | CT12: 1274.0667 | CU12: 1283.4333 | CV12: 1286.6667 | CW12: 1300.1333 | CX12: 1307.5333 | CY12: 1316.3667 | CZ12: 1327.7333 | DA12: 1341.2 | DB12: 1351.9 | DC12: 1363.4333 | DD12: 1377.8 | DE12: 1388.6667 | DF12: 1398.9667 | DG12: 1409.1 | DH12: 1422.7667 | DI12: 1431.3 | DJ12: 1439.9 | DK12: 1449.9667 | DL12: 1454.6667 | DM12: 1460.6 | DN12: 1469.8 | DO12: 1474.9 | DP12: 1486.4667 | DQ12: 1500.4 | DR12: 1507.9333 | DS12: 1511.1333 | DT12: 1335.8333 | DU12: 1385.6 | DV12: 1402.6 | DW12: 1401.8 | DX12: 1425.8333 | DY12: 1461.1667 | DZ12: 1491.2 | EA12: 1496.7667 | EB12: 1509.8333 | EC12: 1527.5 | ED12: 1524 | EE12: 1525.8333 | EF12: 1528.5333 | EG12: 1522.4 | EH12: 1522.3667 | EI12: 1530.0667 | EJ12: 1533 | EK12: 1535.6667 | EL12: 1535.1667 | EM12: 1531.2333 | EN12: 1539.1333 | EO12: 1535.1 | EP12: 1527.7667 | EQ12: 1527.8333 | ER12: 1532.6667 | ES12: 1532.436 | ET12: 1531.775 | EU12: 1531.92 | EV12: 1531.798 | EW12: 1534.211 | EX12: 1538.502 | EY12: 1545.118 | EZ12: 1549.93 | FA12: 1554.702 | FB12: 1560.829 | FC12: 1566.586 | FD12: 1571.327 | FE12: 1575.259 | FF12: 1579.431 | FG12: 1584.068 | FH12: 1588.29 | FI12: 1592.979 | FJ12: 1616.908 | FK12: 1603.45 | FL12: 1608.541 | FM12: 1613.096 | FN12: 1616.908
A13: ='Baseline QTR'!A13 -> KS_NTRD | B13: ='Baseline QTR'!B13 -> Wholesale and retail trade | C13: 176.46667 | D13: 176.73333 | E13: 177.43333 | F13: 179.16667 | G13: 175.6 | H13: 175.66667 | I13: 175.2 | J13: 174.43333 | K13: 176.3 | L13: 176.33333 | M13: 175.43333 | N13: 175.6 | O13: 176.6 | P13: 176.93333 | Q13: 180.53333 | R13: 177.4 | S13: 178.16667 | T13: 178.9 | U13: 180.86667 | V13: 181.36667 | W13: 182.8 | X13: 183.76667 | Y13: 185.73333 | Z13: 187.3 | AA13: 190.43333 | AB13: 191.76667 | AC13: 192.76667 | AD13: 194.13333 | AE13: 193.43333 | AF13: 198.3 | AG13: 200.03333 | AH13: 203.23333 | AI13: 202.9 | AJ13: 205.2 | AK13: 207.1 | AL13: 210.83333 | AM13: 211.96667 | AN13: 212.9 | AO13: 215.93333 | AP13: 218.9 | AQ13: 220.2 | AR13: 221.1 | AS13: 221.03333 | AT13: 222.76667 | AU13: 220.93333 | AV13: 218.46667 | AW13: 214.6 | AX13: 208.8 | AY13: 204.56667 | AZ13: 201.23333 | BA13: 207.46667 | BB13: 206.06667 | BC13: 206.36667 | BD13: 205 | BE13: 205.43333 | BF13: 205.6 | BG13: 205.3 | BH13: 206.46667 | BI13: 206.26667 | BJ13: 206.36667 | BK13: 207.26667 | BL13: 208.76667 | BM13: 210.23333 | BN13: 211.43333 | BO13: 211.9 | BP13: 212.13333 | BQ13: 212.4 | BR13: 212.16667 | BS13: 214.66667 | BT13: 215.4 | BU13: 216.33333 | BV13: 217.46667 | BW13: 219.63333 | BX13: 217.93333 | BY13: 217.9 | BZ13: 213.76667 | CA13: 207.93333 | CB13: 203.1 | CC13: 201.46667 | CD13: 198.93333 | CE13: 196.5 | CF13: 197.46667 | CG13: 196.96667 | CH13: 198 | CI13: 198.66667 | CJ13: 199.83333 | CK13: 199.9 | CL13: 199.86667 | CM13: 200.7 | CN13: 202.56667 | CO13: 203.76667 | CP13: 204.93333 | CQ13: 206.26667 | CR13: 207.66667 | CS13: 209.23333 | CT13: 211.63333 | CU13: 211.93333 | CV13: 211.7 | CW13: 213.6 | CX13: 214.53333 | CY13: 215.73333 | CZ13: 216.96667 | DA13: 218.4 | DB13: 218.43333 | DC13: 218.23333 | DD13: 219.7 | DE13: 219.9 | DF13: 220.76667 | DG13: 221.23333 | DH13: 222 | DI13: 222.4 | DJ13: 222.4 | DK13: 222.9 | DL13: 222 | DM13: 222 | DN13: 221.13333 | DO13: 222.66667 | DP13: 220.36667 | DQ13: 219.06667 | DR13: 218.83333 | DS13: 218.06667 | DT13: 193.4 | DU13: 206 | DV13: 210.2 | DW13: 212.16667 | DX13: 215.96667 | DY13: 217.6 | DZ13: 219.6 | EA13: 211.43333 | EB13: 211.53333 | EC13: 212.83333 | ED13: 211.36667 | EE13: 213.83333 | EF13: 213.43333 | EG13: 211.56667 | EH13: 210.06667 | EI13: 210.06667 | EJ13: 209.36667 | EK13: 207.76667 | EL13: 205.66667 | EM13: 206.36667 | EN13: 206.63333 | EO13: 204.53333 | EP13: 203.06667 | EQ13: 200.56667 | ER13: 200.2 | ES13: 199.6705 | ET13: 199.7598 | EU13: 199.9619 | EV13: 200.0259 | EW13: 200.0902 | EX13: 200.2585 | EY13: 200.1608 | EZ13: 200.4049 | FA13: 200.7318 | FB13: 201.0678 | FC13: 201.4652 | FD13: 202.0269 | FE13: 202.653 | FF13: 203.2933 | FG13: 203.9564 | FH13: 204.6525 | FI13: 205.3921 | FJ13: 208.4555 | FK13: 206.6352 | FL13: 207.3293 | FM13: 207.9899 | FN13: 208.4555
A14: ='Baseline QTR'!A14 -> KS_NTWU | B14: ='Baseline QTR'!B14 -> Transportation and public utilities | C14: 45.866667 | D14: 47.133333 | E14: 47.566667 | F14: 46.866667 | G14: 48.1 | H14: 47.766667 | I14: 48.466667 | J14: 47.9 | K14: 47.733333 | L14: 47.733333 | M14: 47.2 | N14: 46.966667 | O14: 47.333333 | P14: 46.433333 | Q14: 47.333333 | R14: 45.866667 | S14: 47.166667 | T14: 47.2 | U14: 47.266667 | V14: 47.766667 | W14: 47.5 | X14: 47.3 | Y14: 48.4 | Z14: 48.5 | AA14: 49.833333 | AB14: 47.666667 | AC14: 50.333333 | AD14: 51.666667 | AE14: 51.733333 | AF14: 52.3 | AG14: 51.433333 | AH14: 48.933333 | AI14: 53.1 | AJ14: 54.033333 | AK14: 54.466667 | AL14: 54.233333 | AM14: 54.033333 | AN14: 54.266667 | AO14: 54.233333 | AP14: 55.2 | AQ14: 54.2 | AR14: 53.866667 | AS14: 53.8 | AT14: 54.9 | AU14: 53.3 | AV14: 52.433333 | AW14: 51 | AX14: 49.166667 | AY14: 48.533333 | AZ14: 49.4 | BA14: 50 | BB14: 49.466667 | BC14: 49.366667 | BD14: 48.6 | BE14: 48.666667 | BF14: 48.5 | BG14: 48.6 | BH14: 49.166667 | BI14: 49.266667 | BJ14: 49.766667 | BK14: 49.066667 | BL14: 49.4 | BM14: 48.966667 | BN14: 49.333333 | BO14: 49.866667 | BP14: 50.033333 | BQ14: 50.066667 | BR14: 50.1 | BS14: 50.9 | BT14: 51.166667 | BU14: 51.2 | BV14: 51.3 | BW14: 51.3 | BX14: 51.1 | BY14: 50.533333 | BZ14: 49.4 | CA14: 47.733333 | CB14: 46.066667 | CC14: 45.4 | CD14: 44.9 | CE14: 44.6 | CF14: 44.633333 | CG14: 45.133333 | CH14: 45.8 | CI14: 46.4 | CJ14: 46.9 | CK14: 47.433333 | CL14: 47.266667 | CM14: 47.466667 | CN14: 47.866667 | CO14: 47.833333 | CP14: 47.6 | CQ14: 47.766667 | CR14: 48.166667 | CS14: 48.766667 | CT14: 49.533333 | CU14: 50.7 | CV14: 51.9 | CW14: 52.533333 | CX14: 53.366667 | CY14: 54.133333 | CZ14: 54.433333 | DA14: 55.1 | DB14: 56.333333 | DC14: 56.4 | DD14: 57.5 | DE14: 58.566667 | DF14: 59.266667 | DG14: 59.966667 | DH14: 60.833333 | DI14: 61.633333 | DJ14: 62.466667 | DK14: 62.933333 | DL14: 63.033333 | DM14: 63.033333 | DN14: 63.733333 | DO14: 64.033333 | DP14: 64.966667 | DQ14: 65.833333 | DR14: 66.3 | DS14: 66.7 | DT14: 60.833333 | DU14: 61.333333 | DV14: 62.8 | DW14: 62.9 | DX14: 62.2 | DY14: 63.433333 | DZ14: 66.366667 | EA14: 68.966667 | EB14: 69.766667 | EC14: 70.533333 | ED14: 71.033333 | EE14: 70.6 | EF14: 69.9 | EG14: 69.466667 | EH14: 69.233333 | EI14: 68.466667 | EJ14: 68.433333 | EK14: 68.6 | EL14: 69.133333 | EM14: 69.466667 | EN14: 69.9 | EO14: 69.866667 | EP14: 70.566667 | EQ14: 69.7 | ER14: 69.833333 | ES14: 70.26832 | ET14: 69.81335 | EU14: 69.22942 | EV14: 68.838 | EW14: 68.61392 | EX14: 68.67474 | EY14: 68.93024 | EZ14: 69.33561 | FA14: 69.07494 | FB14: 69.2544 | FC14: 69.44592 | FD14: 69.61329 | FE14: 69.68471 | FF14: 69.81181 | FG14: 69.95808 | FH14: 70.08263 | FI14: 70.08063 | FJ14: 70.66317 | FK14: 70.37841 | FL14: 70.62146 | FM14: 70.63729 | FN14: 70.66317
A15: ='Baseline QTR'!A15 -> KS_NINF | B15: ='Baseline QTR'!B15 -> Information | C15: 31.733333 | D15: 31.533333 | E15: 32.033333 | F15: 31.566667 | G15: 32.233333 | H15: 32.9 | I15: 33.5 | J15: 34.2 | K15: 34.7 | L15: 34.866667 | M15: 35.366667 | N15: 36.066667 | O15: 36.866667 | P15: 37.666667 | Q15: 39 | R15: 38.533333 | S15: 39.266667 | T15: 39.866667 | U15: 40.133333 | V15: 42.8 | W15: 43.5 | X15: 45.133333 | Y15: 46.566667 | Z15: 48.4 | AA15: 49.066667 | AB15: 50.266667 | AC15: 49.933333 | AD15: 50.733333 | AE15: 51.866667 | AF15: 52.933333 | AG15: 54.766667 | AH15: 55.033333 | AI15: 56 | AJ15: 56.3 | AK15: 57.9 | AL15: 58.933333 | AM15: 61.766667 | AN15: 62.533333 | AO15: 66.433333 | AP15: 66.933333 | AQ15: 71.466667 | AR15: 74.266667 | AS15: 77.866667 | AT15: 79.133333 | AU15: 79.1 | AV15: 77.533333 | AW15: 75.9 | AX15: 75.133333 | AY15: 73.633333 | AZ15: 73.1 | BA15: 72.7 | BB15: 72.533333 | BC15: 71.866667 | BD15: 71.3 | BE15: 71.6 | BF15: 72.1 | BG15: 72.4 | BH15: 72.733333 | BI15: 72.5 | BJ15: 73.133333 | BK15: 73.866667 | BL15: 74.133333 | BM15: 74.4 | BN15: 74.733333 | BO15: 75.266667 | BP15: 77.166667 | BQ15: 78.866667 | BR15: 79.8 | BS15: 80.7 | BT15: 81.633333 | BU15: 81.766667 | BV15: 82.366667 | BW15: 83.6 | BX15: 84.733333 | BY15: 86.166667 | BZ15: 86.833333 | CA15: 86.566667 | CB15: 85.433333 | CC15: 84.4 | CD15: 84.266667 | CE15: 84.533333 | CF15: 84.5 | CG15: 84.633333 | CH15: 85.433333 | CI15: 85.3 | CJ15: 85.633333 | CK15: 86.233333 | CL15: 86.433333 | CM15: 87.033333 | CN15: 87.233333 | CO15: 86.5 | CP15: 86.733333 | CQ15: 87.233333 | CR15: 87.733333 | CS15: 88.3 | CT15: 89.3 | CU15: 90.166667 | CV15: 91.1 | CW15: 92.766667 | CX15: 92.6 | CY15: 92.366667 | CZ15: 93.433333 | DA15: 95.433333 | DB15: 97.366667 | DC15: 98.933333 | DD15: 101.13333 | DE15: 103.4 | DF15: 105.16667 | DG15: 106.63333 | DH15: 107.93333 | DI15: 109.26667 | DJ15: 110.5 | DK15: 111.73333 | DL15: 115.06667 | DM15: 118.3 | DN15: 119.96667 | DO15: 122.4 | DP15: 124.96667 | DQ15: 128.46667 | DR15: 128.83333 | DS15: 130.7 | DT15: 130.66667 | DU15: 131.23333 | DV15: 133.6 | DW15: 134.06667 | DX15: 135.73333 | DY15: 138 | DZ15: 142.33333 | EA15: 142.46667 | EB15: 146.03333 | EC15: 145.8 | ED15: 144.76667 | EE15: 143.1 | EF15: 140.16667 | EG15: 137.1 | EH15: 134.23333 | EI15: 133.56667 | EJ15: 132.66667 | EK15: 132.33333 | EL15: 131.06667 | EM15: 129.9 | EN15: 129.86667 | EO15: 129.1 | EP15: 126.73333 | EQ15: 129.4 | ER15: 128.93333 | ES15: 126.3955 | ET15: 125.5679 | EU15: 124.9194 | EV15: 124.4011 | EW15: 124.0031 | EX15: 123.696 | EY15: 123.5605 | EZ15: 123.4955 | FA15: 123.4302 | FB15: 123.4181 | FC15: 123.4531 | FD15: 123.5343 | FE15: 123.666 | FF15: 123.8329 | FG15: 124.0481 | FH15: 124.3232 | FI15: 124.6309 | FJ15: 126.7529 | FK15: 125.3245 | FL15: 125.7626 | FM15: 126.2595 | FN15: 126.7529
A16: ='Baseline QTR'!A16 -> KS_NFIN | B16: ='Baseline QTR'!B16 -> Financial activities | C16: 70.566667 | D16: 70.9 | E16: 71 | F16: 70.5 | G16: 70.6 | H16: 71.133333 | I16: 70.7 | J16: 70.533333 | K16: 71.366667 | L16: 71.433333 | M16: 72.133333 | N16: 73.533333 | O16: 73.733333 | P16: 73.833333 | Q16: 75.966667 | R16: 75.466667 | S16: 77.9 | T16: 76.233333 | U16: 75.466667 | V16: 73.866667 | W16: 73.5 | X16: 73.033333 | Y16: 74.2 | Z16: 74.9 | AA16: 75.466667 | AB16: 75.766667 | AC16: 76.233333 | AD16: 76.2 | AE16: 76.266667 | AF16: 77.366667 | AG16: 78.4 | AH16: 80.333333 | AI16: 79.566667 | AJ16: 83.066667 | AK16: 84.766667 | AL16: 87.533333 | AM16: 87.7 | AN16: 88.366667 | AO16: 89.2 | AP16: 88.833333 | AQ16: 88.9 | AR16: 88.466667 | AS16: 88.233333 | AT16: 88.6 | AU16: 89.833333 | AV16: 89.833333 | AW16: 91.633333 | AX16: 91.133333 | AY16: 89.533333 | AZ16: 89.8 | BA16: 90.066667 | BB16: 90.733333 | BC16: 91.766667 | BD16: 92.366667 | BE16: 93.266667 | BF16: 92.833333 | BG16: 92.3 | BH16: 91.7 | BI16: 91.566667 | BJ16: 91.566667 | BK16: 90.9 | BL16: 91.533333 | BM16: 93.2 | BN16: 93.966667 | BO16: 94 | BP16: 94.166667 | BQ16: 93.833333 | BR16: 93.7 | BS16: 93.566667 | BT16: 93.733333 | BU16: 93.133333 | BV16: 93.233333 | BW16: 93.133333 | BX16: 92.433333 | BY16: 91.333333 | BZ16: 89.433333 | CA16: 86.966667 | CB16: 85.2 | CC16: 83.2 | CD16: 81.6 | CE16: 80.333333 | CF16: 80.233333 | CG16: 79.966667 | CH16: 79.9 | CI16: 79.4 | CJ16: 78.8 | CK16: 78 | CL16: 77.833333 | CM16: 77.433333 | CN16: 77.633333 | CO16: 77.866667 | CP16: 78.466667 | CQ16: 79.566667 | CR16: 80.2 | CS16: 80.5 | CT16: 80.766667 | CU16: 80.6 | CV16: 80.7 | CW16: 81.1 | CX16: 81.6 | CY16: 81.766667 | CZ16: 81.9 | DA16: 82.2 | DB16: 82.366667 | DC16: 83 | DD16: 83.033333 | DE16: 83.566667 | DF16: 83.333333 | DG16: 83.466667 | DH16: 84.133333 | DI16: 84.5 | DJ16: 85.1 | DK16: 86.166667 | DL16: 86.766667 | DM16: 86.8 | DN16: 86.866667 | DO16: 87.466667 | DP16: 88.166667 | DQ16: 88.666667 | DR16: 89.033333 | DS16: 88.2 | DT16: 85.066667 | DU16: 85.1 | DV16: 86.433333 | DW16: 86.433333 | DX16: 86.766667 | DY16: 87.033333 | DZ16: 88.633333 | EA16: 89.666667 | EB16: 89.4 | EC16: 89.033333 | ED16: 88.633333 | EE16: 87.966667 | EF16: 88 | EG16: 87.366667 | EH16: 86.966667 | EI16: 86.466667 | EJ16: 85.8 | EK16: 85.933333 | EL16: 85.833333 | EM16: 86.1 | EN16: 86.3 | EO16: 86 | EP16: 85.233333 | EQ16: 85.7 | ER16: 86.066667 | ES16: 85.82949 | ET16: 85.67731 | EU16: 85.75596 | EV16: 85.66172 | EW16: 85.57421 | EX16: 85.60848 | EY16: 86.11984 | EZ16: 86.14517 | FA16: 86.21246 | FB16: 86.25331 | FC16: 86.31928 | FD16: 86.35711 | FE16: 86.37883 | FF16: 86.32248 | FG16: 86.3001 | FH16: 86.24728 | FI16: 86.26425 | FJ16: 86.79676 | FK16: 86.37493 | FL16: 86.52995 | FM16: 86.70161 | FN16: 86.79676
A17: ='Baseline QTR'!A17 -> KS_NPBS | B17: ='Baseline QTR'!B17 -> Professional and business services | C17: 121.93333 | D17: 124.33333 | E17: 126.16667 | F17: 125.5 | G17: 124.73333 | H17: 123.76667 | I17: 124.03333 | J17: 124.66667 | K17: 128.33333 | L17: 126.56667 | M17: 124.1 | N17: 124.5 | O17: 129.56667 | P17: 130.86667 | Q17: 134.06667 | R17: 133.33333 | S17: 136.06667 | T17: 139.23333 | U17: 141.7 | V17: 145.16667 | W17: 145.26667 | X17: 144.3 | Y17: 145.63333 | Z17: 148.73333 | AA17: 153.1 | AB17: 153.33333 | AC17: 156.36667 | AD17: 160.5 | AE17: 164.6 | AF17: 169.3 | AG17: 170.2 | AH17: 173.6 | AI17: 177.7 | AJ17: 177.93333 | AK17: 179.73333 | AL17: 181.03333 | AM17: 183.46667 | AN17: 187.9 | AO17: 191.7 | AP17: 195.9 | AQ17: 198.83333 | AR17: 200.46667 | AS17: 204.6 | AT17: 205.33333 | AU17: 198.46667 | AV17: 194.43333 | AW17: 187.33333 | AX17: 182.16667 | AY17: 180.56667 | AZ17: 179.86667 | BA17: 179.9 | BB17: 179.6 | BC17: 178.7 | BD17: 177.2 | BE17: 176.86667 | BF17: 178.06667 | BG17: 180.5 | BH17: 182.46667 | BI17: 184.2 | BJ17: 187.13333 | BK17: 189.6 | BL17: 191.96667 | BM17: 195.26667 | BN17: 197.93333 | BO17: 200.13333 | BP17: 204.1 | BQ17: 207.26667 | BR17: 210.03333 | BS17: 213.13333 | BT17: 214.93333 | BU17: 216.63333 | BV17: 218.7 | BW17: 221.26667 | BX17: 222.3 | BY17: 220.9 | BZ17: 215.96667 | CA17: 209.83333 | CB17: 200.43333 | CC17: 197.23333 | CD17: 197.36667 | CE17: 198.5 | CF17: 200.46667 | CG17: 202.33333 | CH17: 205 | CI17: 207.7 | CJ17: 210.26667 | CK17: 213.56667 | CL17: 216.36667 | CM17: 218.8 | CN17: 223.4 | CO17: 224.8 | CP17: 228.96667 | CQ17: 232.1 | CR17: 234.16667 | CS17: 236.46667 | CT17: 239.63333 | CU17: 242.13333 | CV17: 243.3 | CW17: 248.33333 | CX17: 251.33333 | CY17: 253.66667 | CZ17: 257.33333 | DA17: 261.3 | DB17: 264.03333 | DC17: 267.23333 | DD17: 271.1 | DE17: 274.56667 | DF17: 276.7 | DG17: 280.9 | DH17: 286.4 | DI17: 290.36667 | DJ17: 292.13333 | DK17: 295.16667 | DL17: 295.63333 | DM17: 298.2 | DN17: 301.9 | DO17: 302 | DP17: 308.1 | DQ17: 313.96667 | DR17: 318.6 | DS17: 321.86667 | DT17: 305.5 | DU17: 311.43333 | DV17: 320.8 | DW17: 318.9 | DX17: 318.96667 | DY17: 326.46667 | DZ17: 337.96667 | EA17: 352.06667 | EB17: 356.3 | EC17: 355.36667 | ED17: 354.4 | EE17: 350.36667 | EF17: 345.2 | EG17: 342.83333 | EH17: 344.1 | EI17: 343.43333 | EJ17: 342.53333 | EK17: 343.13333 | EL17: 341.76667 | EM17: 338.03333 | EN17: 338.76667 | EO17: 339.93333 | EP17: 339.13333 | EQ17: 337.8 | ER17: 338.13333 | ES17: 337.2779 | ET17: 336.3238 | EU17: 336.7067 | EV17: 337.9669 | EW17: 339.973 | EX17: 342.5191 | EY17: 345.7772 | EZ17: 347.9574 | FA17: 350.0265 | FB17: 352.6255 | FC17: 354.96 | FD17: 356.814 | FE17: 358.3804 | FF17: 360.2001 | FG17: 361.884 | FH17: 363.3366 | FI17: 364.8647 | FJ17: 372.7507 | FK17: 368.3859 | FL17: 369.7811 | FM17: 371.1941 | FN17: 372.7507
... A27: ='Baseline QTR'!A27 -> KS_PIPC | B27: ='Baseline QTR'!B27 -> Per capita personal income ($) | C27: 23641.177 | D27: 23956.991 | E27: 24185.685 | F27: 24389.183 | G27: 24475.762 | H27: 24741.564 | I27: 25034.83 | J27: 25461.123 | K27: 26005.695 | L27: 26223.923 | M27: 26471.397 | N27: 27090.618 | O27: 26654.307 | P27: 27046.175 | Q27: 26975.95 | R27: 27256.595 | S27: 27573.061 | T27: 27910.931 | U27: 27962.584 | V27: 28403.742 | W27: 28889.754 | X27: 29180.957 | Y27: 29479.478 | Z27: 29662.548 | AA27: 30757.007 | AB27: 31236.977 | AC27: 31564.696 | AD27: 31836.111 | AE27: 33026.254 | AF27: 33350.769 | AG27: 33562.168 | AH27: 34092.89 | AI27: 36486.728 | AJ27: 36914.765 | AK27: 37340.174 | AL27: 37531.8 | AM27: 39178.897 | AN27: 38867.926 | AO27: 39755.563 | AP27: 40839.904 | AQ27: 41680.994 | AR27: 41353.333 | AS27: 41360.924 | AT27: 41813.425 | AU27: 41835.495 | AV27: 42383.308 | AW27: 41352.879 | AX27: 41305.586 | AY27: 41254.835 | AZ27: 41393.443 | BA27: 41621.941 | BB27: 41917.491 | BC27: 41551.048 | BD27: 42172.14 | BE27: 42764.789 | BF27: 42705.058 | BG27: 43639.933 | BH27: 44500.681 | BI27: 44563.278 | BJ27: 49728.194 | BK27: 45302.58 | BL27: 45770.911 | BM27: 46124.418 | BN27: 47209.239 | BO27: 49258.045 | BP27: 49860.66 | BQ27: 50186.045 | BR27: 50914.601 | BS27: 52282.471 | BT27: 53543.633 | BU27: 54141.856 | BV27: 54839.778 | BW27: 54453.363 | BX27: 56025.505 | BY27: 55486.531 | BZ27: 54382.959 | CA27: 51101.915 | CB27: 51091.53 | CC27: 50517.373 | CD27: 50821.988 | CE27: 50720.67 | CF27: 51401.41 | CG27: 51790.254 | CH27: 52202.938 | CI27: 54368.623 | CJ27: 54582.299 | CK27: 55069.833 | CL27: 55810.2 | CM27: 59337.236 | CN27: 60150.586 | CO27: 60004.295 | CP27: 62069.335 | CQ27: 60481.215 | CR27: 60849.99 | CS27: 61466.022 | CT27: 61521.421 | CU27: 63951.114 | CV27: 65053.664 | CW27: 66198.541 | CX27: 67087.62 | CY27: 67700.753 | CZ27: 68232.829 | DA27: 68644.744 | DB27: 68759.674 | DC27: 70328.097 | DD27: 70726.247 | DE27: 71378.696 | DF27: 72680.442 | DG27: 74269.006 | DH27: 75039.612 | DI27: 75820.222 | DJ27: 76850.404 | DK27: 78647.437 | DL27: 79119.374 | DM27: 80379.061 | DN27: 81255.083 | DO27: 83678.632 | DP27: 84083.062 | DQ27: 84407.738 | DR27: 85243.861 | DS27: 85863.658 | DT27: 91693.309 | DU27: 89820.754 | DV27: 89145.262 | DW27: 100045.24 | DX27: 96315.452 | DY27: 96035.579 | DZ27: 97060.471 | EA27: 98607.403 | EB27: 99103.018 | EC27: 100662.02 | ED27: 102154.87 | EE27: 105102.36 | EF27: 106485.17 | EG27: 107354.39 | EH27: 109341.34 | EI27: 109791.74 | EJ27: 112668.79 | EK27: 112231.23 | EL27: 114972.6 | EM27: 115721.98 | EN27: 116806.31 | EO27: 117891.88 | EP27: 118423.59 | EQ27: 119276.34 | ER27: 120195.17 | ES27: 121900.8 | ET27: 123659.4 | EU27: 125405.1 | EV27: 126890.9 | EW27: 128485.6 | EX27: 130088.2 | EY27: 131989.3 | EZ27: 133736.9 | FA27: 135487.4 | FB27: 137234.2 | FC27: 139142.8 | FD27: 140917.8 | FE27: 142574.2 | FF27: 144197.1 | FG27: 146032.2 | FH27: 147826.6 | FI27: 149629.9 | FJ27: 158703.5 | FK27: 153386.9 | FL27: 155265.4 | FM27: 157050.7 | FN27: 158703.5
A29: ='Baseline QTR'!A29 -> KSP_CPIU | B29: ='Baseline QTR'!B29 -> Seattle MSA CPI-U (1982-1984=100) | AI29: 166.5 | AJ29: 166.95 | AK29: 168.5 | AL29: 169.35 | AM29: 170.6 | AN29: 172.45 | AO29: 173.4 | AP29: 174.55 | AQ29: 176.1 | AR29: 178.5 | AS29: 180.3 | AT29: 181.8 | AU29: 184 | AV29: 185.25 | AW29: 186.8 | AX29: 187 | AY29: 187.6 | AZ29: 189.1 | BA29: 190.3 | BB29: 190.45 | BC29: 191.3 | BD29: 192 | BE29: 194.4 | BF29: 192.35 | BG29: 193.5 | BH29: 194.8 | BI29: 194.6 | BJ29: 195.8 | BK29: 197.6 | BL29: 200.55 | BM29: 199.9 | BN29: 202.1 | BO29: 203.6 | BP29: 207.8 | BQ29: 209.6 | BR29: 209.55 | BS29: 211.704 | BT29: 215.6385 | BU29: 215.978 | BV29: 218.6965 | BW29: 221.728 | BX29: 225.632 | BY29: 227.745 | BZ29: 224.2475 | CA29: 224.737 | CB29: 226.5875 | CC29: 227.138 | CD29: 225.9365 | CE29: 226.085 | CF29: 226.3155 | CG29: 227.645 | CH29: 227.0565 | CI29: 229.482 | CJ29: 232.282 | CK29: 233.81 | CL29: 235.364 | CM29: 235.744 | CN29: 238.7355 | CO29: 240.213 | CP29: 239.674 | CQ29: 239.898 | CR29: 241.8215 | CS29: 242.767 | CT29: 241.921 | CU29: 242.77 | CV29: 247.129 | CW29: 247.185 | CX29: 246.452 | CY29: 245.496 | CZ29: 249.6165 | DA29: 251.617 | DB29: 250.608 | DC29: 250.942 | DD29: 254.9565 | DE29: 256.907 | DF29: 256.881 | DG29: 259.503 | DH29: 262.658 | DI29: 263.333 | DJ29: 265.2515 | DK29: 268.031 | DL29: 271.352 | DM29: 271.625 | DN29: 273.049 | DO29: 275.304 | DP29: 277.698 | DQ29: 280.286 | DR29: 279.0515 | DS29: 282.115 | DT29: 280.7695 | DU29: 284.905 | DV29: 283.957 | DW29: 286.95 | DX29: 293.3205 | DY29: 299.704 | DZ29: 303.9775 | EA29: 310.078 | EB29: 321.5905 | EC29: 326.796 | ED29: 330.331 | EE29: 334.987 | EF29: 340.1105 | EG29: 344.449 | EH29: 345.487 | EI29: 349.288 | EJ29: 354.1635 | EK29: 355.179 | EL29: 355.28 | EM29: 358.096 | EN29: 361.872 | EO29: 365.211 | EP29: 365.447 | EQ29: 372.121 | ER29: 378.97 | ES29: 381.0678 | ET29: 380.9249 | EU29: 385.4757 | EV29: 390.0038 | EW29: 391.7274 | EX29: 391.069 | EY29: 394.8029 | EZ29: 398.6526 | FA29: 400.6178 | FB29: 400.0248 | FC29: 403.6811 | FD29: 407.6261 | FE29: 409.6622 | FF29: 409.0615 | FG29: 412.7284 | FH29: 416.7607 | FI29: 418.9538 | FJ29: 428.5036 | FK29: 422.3128 | FL29: 426.5299 | FM29: 428.9832 | FN29: 428.5036
A30: ='Baseline QTR'!A30 -> KSP_CPIW | B30: ='Baseline QTR'!B30 -> Seattle MSA CPI-W (1982-1984=100) | AI30: 162.2 | AJ30: 162.35 | AK30: 163.8 | AL30: 164.9 | AM30: 166 | AN30: 167.9 | AO30: 168.8 | AP30: 170.15 | AQ30: 171.6 | AR30: 173.9 | AS30: 175.4 | AT30: 177.25 | AU30: 179.2 | AV30: 180.35 | AW30: 181.5 | AX30: 182.1 | AY30: 182.5 | AZ30: 183.85 | BA30: 184.8 | BB30: 185.05 | BC30: 186.2 | BD30: 186.35 | BE30: 188.2 | BF30: 186.55 | BG30: 187.8 | BH30: 189.75 | BI30: 189.6 | BJ30: 190.95 | BK30: 192.4 | BL30: 195.5 | BM30: 195.3 | BN30: 197.35 | BO30: 198 | BP30: 203.15 | BQ30: 205.1 | BR30: 204.1 | BS30: 205.746 | BT30: 210.469 | BU30: 210.22 | BV30: 213.5655 | BW30: 216.332 | BX30: 221.028 | BY30: 223.273 | BZ30: 218.5555 | CA30: 218.752 | CB30: 221.1005 | CC30: 221.873 | CD30: 221.122 | CE30: 221.215 | CF30: 222.083 | CG30: 223.444 | CH30: 222.9825 | CI30: 225.79 | CJ30: 229.1925 | CK30: 230.558 | CL30: 231.997 | CM30: 232.081 | CN30: 235.515 | CO30: 236.75 | CP30: 236.2675 | CQ30: 236.542 | CR30: 238.184 | CS30: 239.343 | CT30: 238.692 | CU30: 239.607 | CV30: 243.9915 | CW30: 244.471 | CX30: 242.5075 | CY30: 240.735 | CZ30: 245.045 | DA30: 247.5 | DB30: 246.2265 | DC30: 246.464 | DD30: 250.622 | DE30: 252.393 | DF30: 252.4625 | DG30: 255.471 | DH30: 258.5675 | DI30: 259.528 | DJ30: 261.8515 | DK30: 264.477 | DL30: 267.8385 | DM30: 267.757 | DN30: 269.5945 | DO30: 271.039 | DP30: 272.9405 | DQ30: 274.52 | DR30: 274.656 | DS30: 278.081 | DT30: 276.3355 | DU30: 281.131 | DV30: 279.73 | DW30: 282.795 | DX30: 290.1535 | DY30: 295.41 | DZ30: 299.506 | EA30: 305.702 | EB30: 316.277 | EC30: 322.664 | ED30: 325.4015 | EE30: 328.615 | EF30: 334.1085 | EG30: 339.034 | EH30: 339.5575 | EI30: 342.387 | EJ30: 347.681 | EK30: 349.156 | EL30: 348.996 | EM30: 351.165 | EN30: 355.242 | EO30: 360.227 | EP30: 359.292 | EQ30: 364.364 | ER30: 370.014 | ES30: 372.401 | ET30: 371.2755 | EU30: 375.151 | EV30: 378.2533 | EW30: 382.3458 | EX30: 381.4103 | EY30: 384.9635 | EZ30: 387.5645 | FA30: 391.1656 | FB30: 389.7012 | FC30: 393.1429 | FD30: 395.6163 | FE30: 399.251 | FF30: 397.823 | FG30: 401.4127 | FH30: 404.0173 | FI30: 407.7573 | FJ30: 415.1398 | FK30: 410.1029 | FL30: 412.7724 | FM30: 416.6121 | FN30: 415.1398
A31: ='Baseline QTR'!A31 -> KSP_PHCL | B31: ='Baseline QTR'!B31 -> Seattle MSA S&P CoreLogic Case-Shilller Home Price Index | C31: 60.933379 | D31: 66.478005 | E31: 67.647475 | F31: 66.986731 | G31: 65.665883 | H31: 65.757685 | I31: 66.332473 | J31: 66.142218 | K31: 66.538791 | L31: 67.285234 | M31: 67.109744 | N31: 67.623707 | O31: 68.54709 | P31: 67.910129 | Q31: 68.093404 | R31: 69.570908 | S31: 70.452962 | T31: 71.094587 | U31: 71.441501 | V31: 71.93975 | W31: 72.156934 | X31: 71.517881 | Y31: 72.3076 | Z31: 72.999771 | AA31: 73.395626 | AB31: 73.943943 | AC31: 74.242108 | AD31: 74.851894 | AE31: 76.308404 | AF31: 78.764841 | AG31: 81.155836 | AH31: 82.831297 | AI31: 85.479391 | AJ31: 87.654298 | AK31: 89.801537 | AL31: 91.697671 | AM31: 93.231252 | AN31: 95.487609 | AO31: 97.471784 | AP31: 99.928913 | AQ31: 101.89314 | AR31: 104.04404 | AS31: 105.25999 | AT31: 106.50241 | AU31: 107.94147 | AV31: 109.33684 | AW31: 110.5855 | AX31: 111.89981 | AY31: 113.22437 | AZ31: 113.76929 | BA31: 114.75231 | BB31: 115.9904 | BC31: 117.44147 | BD31: 118.90429 | BE31: 120.89367 | BF31: 123.7299 | BG31: 126.56389 | BH31: 129.85724 | BI31: 133.20375 | BJ31: 137.21231 | BK31: 143.33104 | BL31: 148.77624 | BM31: 155.15428 | BN31: 162.38118 | BO31: 169.56389 | BP31: 174.77212 | BQ31: 179.68889 | BR31: 183.4176 | BS31: 187.98278 | BT31: 190.28776 | BU31: 189.6408 | BV31: 186.68986 | BW31: 183.24696 | BX31: 178.59718 | BY31: 172.34997 | BZ31: 165.04822 | CA31: 155.07317 | CB31: 148.95776 | CC31: 146.9067 | CD31: 148.04107 | CE31: 147.49989 | CF31: 145.73881 | CG31: 143.46263 | CH31: 140.92349 | CI31: 137.06587 | CJ31: 135.64909 | CK31: 134.246 | CL31: 132.68911 | CM31: 133.36527 | CN31: 135.98743 | CO31: 139.2582 | CP31: 142.46777 | CQ31: 146.00009 | CR31: 151.5551 | CS31: 157.4389 | CT31: 160.85398 | CU31: 163.44486 | CV31: 165.8667 | CW31: 167.92103 | CX31: 171.26487 | CY31: 174.736 | CZ31: 177.73689 | DA31: 181.10629 | DB31: 187.77548 | DC31: 192.98631 | DD31: 196.50564 | DE31: 201.66048 | DF31: 208.10277 | DG31: 215.48264 | DH31: 222.03246 | DI31: 228.62393 | DJ31: 235.0805 | DK31: 242.71285 | DL31: 250.66216 | DM31: 251.32747 | DN31: 250.27343 | DO31: 249.29315 | DP31: 248.14389 | DQ31: 253.10602 | DR31: 258.90837 | DS31: 264.35323 | DT31: 264.95951 | DU31: 275.07251 | DV31: 292.15181 | DW31: 306.98946 | DX31: 325.72913 | DY31: 342.17625 | DZ31: 360.67675 | EA31: 387.94746 | EB31: 399.86492 | EC31: 376.86099 | ED31: 365.58583 | EE31: 355.20028 | EF31: 358.67996 | EG31: 371.90557 | EH31: 375.95663 | EI31: 378.92544 | EJ31: 384.03456 | EK31: 391.80413 | EL31: 395.61863 | EM31: 397.27083 | EN31: 391.59233 | EO31: 391.03897 | EP31: 394.63357 | EQ31: 390.59979 | ER31: 383.81388 | ES31: 381.4372 | ET31: 385.7982 | EU31: 385.9833 | EV31: 382.4641 | EW31: 388.2924 | EX31: 398.9913 | EY31: 402.0142 | EZ31: 399.9558 | FA31: 406.3986 | FB31: 416.7788 | FC31: 418.5645 | FD31: 416.4917 | FE31: 425.1199 | FF31: 437.6393 | FG31: 440.2004 | FH31: 437.6207 | FI31: 445.4851 | FJ31: 480.8532 | FK31: 460.7176 | FL31: 458.543 | FM31: 467.4029 | FN31: 480.8532
A32: ='Baseline QTR'!A32 -> KS_BP | B32: ='Baseline QTR'!B32 -> Housing permits (thous.) | C32: 31492.588 | D32: 25681.078 | E32: 20792.191 | F32: 14778.144 | G32: 9249.543 | H32: 11754.597 | I32: 12274.16 | J32: 8301.6997 | K32: 12518.427 | L32: 16118.659 | M32: 12684.766 | N32: 12166.141 | O32: 9556 | P32: 13424 | Q32: 13876 | R32: 15808 | S32: 11644 | T32: 15832 | U32: 17760 | V32: 14600 | W32: 12356 | X32: 15776 | Y32: 13928 | Z32: 13796 | AA32: 13900 | AB32: 16784 | AC32: 17132 | AD32: 16308 | AE32: 15968 | AF32: 16288 | AG32: 23668 | AH32: 15584 | AI32: 17836 | AJ32: 19912 | AK32: 23524 | AL32: 22908 | AM32: 14792 | AN32: 25184 | AO32: 20232 | AP32: 18376 | AQ32: 17884 | AR32: 19732 | AS32: 20364 | AT32: 16904 | AU32: 16224 | AV32: 18952 | AW32: 15772 | AX32: 11244 | AY32: 11748 | AZ32: 19776 | BA32: 14156 | BB32: 13592 | BC32: 13272 | BD32: 17584 | BE32: 19380 | BF32: 12148 | BG32: 15028 | BH32: 17656 | BI32: 20916 | BJ32: 16656 | BK32: 16772 | BL32: 18572 | BM32: 20360 | BN32: 19412 | BO32: 15472 | BP32: 23028 | BQ32: 25856 | BR32: 14464 | BS32: 25476 | BT32: 20304 | BU32: 22800 | BV32: 15968 | BW32: 14068 | BX32: 17080 | BY32: 13120 | BZ32: 7000 | CA32: 5292 | CB32: 5460 | CC32: 5460 | CD32: 5316 | CE32: 8552 | CF32: 6156 | CG32: 9512 | CH32: 7844 | CI32: 5132 | CJ32: 12480 | CK32: 9596 | CL32: 7568 | CM32: 11384 | CN32: 16288 | CO32: 17196 | CP32: 12936 | CQ32: 12872 | CR32: 14892 | CS32: 17400 | CT32: 16636 | CU32: 12372 | CV32: 21060 | CW32: 20628 | CX32: 17268 | CY32: 26780 | CZ32: 19572 | DA32: 23840 | DB32: 18320 | DC32: 14420 | DD32: 24680 | DE32: 21736 | DF32: 24748 | DG32: 17032 | DH32: 20104 | DI32: 22652 | DJ32: 27308 | DK32: 19804 | DL32: 19208 | DM32: 16172 | DN32: 21560 | DO32: 16180 | DP32: 25456 | DQ32: 22408 | DR32: 25884 | DS32: 16012 | DT32: 20788 | DU32: 20212 | DV32: 18640 | DW32: 22224 | DX32: 17484 | DY32: 23980 | DZ32: 32832 | EA32: 21368 | EB32: 26100 | EC32: 19796 | ED32: 17376 | EE32: 15392 | EF32: 15400 | EG32: 12204 | EH32: 14928 | EI32: 16680 | EJ32: 12400 | EK32: 13096 | EL32: 15720 | EM32: 9312 | EN32: 10412 | EO32: 11324 | EP32: 15868 | EQ32: 13332 | ER32: 16708 | ES32: 11670.9 | ET32: 15658.5 | EU32: 12825.3 | EV32: 16564.89 | EW32: 12370.22 | EX32: 16907.26 | EY32: 13447.69 | EZ32: 18262.29 | FA32: 14009.54 | FB32: 18949.24 | FC32: 14741.07 | FD32: 19514.4 | FE32: 14825.27 | FF32: 19665.29 | FG32: 14959.27 | FH32: 19623.06 | FI32: 14877.29 | FJ32: 19283.23 | FK32: 14833.9 | FL32: 19478.45 | FM32: 14826.44 | FN32: 19283.23
A33: ='Baseline QTR'!A33 -> KS_POP | B33: ='Baseline QTR'!B33 -> Population (thous.) | C33: 1972.933 | D33: 1990.8512 | E33: 2008.4653 | F33: 2024.5964 | G33: 2038.066 | H33: 2048.097 | I33: 2055.5187 | J33: 2061.5621 | K33: 2067.458 | L33: 2074.1835 | M33: 2081.7004 | N33: 2089.7163 | O33: 2097.939 | P33: 2106.1144 | Q33: 2114.1406 | R33: 2121.9534 | S33: 2129.489 | T33: 2136.7047 | U33: 2143.6432 | V33: 2150.3687 | W33: 2156.945 | X33: 2163.4355 | Y33: 2169.9 | Z33: 2176.3975 | AA33: 2182.987 | AB33: 2189.7627 | AC33: 2196.9589 | AD33: 2204.8452 | AE33: 2213.691 | AF33: 2223.6581 | AG33: 2234.4771 | AH33: 2245.7708 | AI33: 2257.162 | AJ33: 2268.3552 | AK33: 2279.3818 | AL33: 2290.355 | AM33: 2301.388 | AN33: 2312.5109 | AO33: 2323.4221 | AP33: 2333.7367 | AQ33: 2343.07 | AR33: 2351.2007 | AS33: 2358.5608 | AT33: 2365.7457 | AU33: 2373.351 | AV33: 2381.7676 | AW33: 2390.5689 | AX33: 2399.1237 | AY33: 2406.801 | AZ33: 2413.1558 | BA33: 2418.4875 | BB33: 2423.2817 | BC33: 2428.024 | BD33: 2433.0964 | BE33: 2438.467 | BF33: 2444.0003 | BG33: 2449.561 | BH33: 2455.1226 | BI33: 2461.0947 | BJ33: 2467.996 | BK33: 2476.345 | BL33: 2486.4533 | BM33: 2497.8038 | BN33: 2509.6724 | BO33: 2521.335 | BP33: 2532.2076 | BQ33: 2542.2668 | BR33: 2551.6294 | BS33: 2560.412 | BT33: 2568.7061 | BU33: 2576.5016 | BV33: 2583.763 | BW33: 2590.455 | BX33: 2596.609 | BY33: 2602.5238 | BZ33: 2608.5652 | CA33: 2615.099 | CB33: 2622.352 | CC33: 2629.9955 | CD33: 2637.562 | CE33: 2644.584 | CF33: 2650.6983 | CG33: 2655.9597 | CH33: 2660.5272 | CI33: 2664.56 | CJ33: 2668.2762 | CK33: 2672.1297 | CL33: 2676.6333 | CM33: 2682.3 | CN33: 2689.5173 | CO33: 2698.1719 | CP33: 2708.025 | CQ33: 2718.838 | CR33: 2730.3768 | CS33: 2742.4258 | CT33: 2754.7742 | CU33: 2767.211 | CV33: 2779.6626 | CW33: 2792.6046 | CX33: 2806.6497 | CY33: 2822.411 | CZ33: 2840.1572 | DA33: 2858.7811 | DB33: 2876.8314 | DC33: 2892.857 | DD33: 2905.8646 | DE33: 2916.6937 | DF33: 2926.6417 | DG33: 2937.006 | DH33: 2948.7734 | DI33: 2961.687 | DJ33: 2975.1794 | DK33: 2988.683 | DL33: 3001.7976 | DM33: 3014.793 | DN33: 3028.1061 | DO33: 3042.174 | DP33: 3057.1666 | DQ33: 3072.1847 | DR33: 3086.062 | DS33: 3097.632 | DT33: 3106.1555 | DU33: 3112.602 | DV33: 3118.3679 | DW33: 3124.85 | DX33: 3133.1186 | DY33: 3142.9399 | DZ33: 3153.7537 | EA33: 3165 | EB33: 3176.1889 | EC33: 3187.1112 | ED33: 3197.628 | EE33: 3207.6 | EF33: 3216.9812 | EG33: 3226.0964 | EH33: 3235.3634 | EI33: 3245.2 | EJ33: 3255.8193 | EK33: 3266.6158 | EL33: 3276.7794 | EM33: 3285.5 | EN33: 3292.1964 | EO33: 3297.2031 | EP33: 3301.0832 | EQ33: 3304.4 | ER33: 3307.6229 | ES33: 3310.809 | ET33: 3313.947 | EU33: 3317.474 | EV33: 3321.119 | EW33: 3325.153 | EX33: 3329.817 | EY33: 3335.251 | EZ33: 3341.373 | FA33: 3347.913 | FB33: 3354.563 | FC33: 3361.074 | FD33: 3367.359 | FE33: 3373.48 | FF33: 3379.56 | FG33: 3385.706 | FH33: 3391.954 | FI33: 3398.289 | FJ33: 3431.441 | FK33: 3411.142 | FL33: 3417.708 | FM33: 3424.455 | FN33: 3431.441
B36: Growth, % change from previous quarter at annual rate
B37: https://www.bea.gov/help/faq/122 | C37: =C4 -> 1990Q1 | D37: =D4 -> 1990Q2 | E37: =E4 -> 1990Q3 | F37: =F4 -> 1990Q4 | G37: =G4 -> 1991Q1 | H37: =H4 -> 1991Q2 | I37: =I4 -> 1991Q3 | J37: =J4 -> 1991Q4 | ... FN37: =FN4 -> 2031Q4
B38: =B7 -> Employment (thous.) | D38: =100*((D7/C7)^4-1) -> 3.7929186 | E38: =100*((E7/D7)^4-1) -> 4.4143668 | F38: =100*((F7/E7)^4-1) -> -2.9889026 | G38: =100*((G7/F7)^4-1) -> -1.1819531 | H38: =100*((H7/G7)^4-1) -> 1.4268646 | I38: =100*((I7/H7)^4-1) -> 2.4309119 | J38: =100*((J7/I7)^4-1) -> -0.4519498 | K38: =100*((K7/J7)^4-1) -> 3.1250952 | ... FN38: =100*((FN7/FM7)^4-1) -> 0.83787727
B39: =B8 -> Goods producing | D39: =100*((D8/C8)^4-1) -> 1.5484832 | E39: =100*((E8/D8)^4-1) -> 2.3691932 | F39: =100*((F8/E8)^4-1) -> -8.9280898 | G39: =100*((G8/F8)^4-1) -> -3.9399257 | H39: =100*((H8/G8)^4-1) -> -1.4211106 | I39: =100*((I8/H8)^4-1) -> 3.8110099 | J39: =100*((J8/I8)^4-1) -> -3.0982873 | K39: =100*((K8/J8)^4-1) -> -0.29589426 | ... FN39: =100*((FN8/FM8)^4-1) -> 0.13421451
B40: =B9 -> Mining, Logging and Construction | D40: =100*((D9/C9)^4-1) -> 14.331231 | E40: =100*((E9/D9)^4-1) -> 0 | F40: =100*((F9/E9)^4-1) -> -18.774994 | G40: =100*((G9/F9)^4-1) -> -3.3716659 | H40: =100*((H9/G9)^4-1) -> -3.6099256 | I40: =100*((I9/H9)^4-1) -> 4.8663774 | J40: =100*((J9/I9)^4-1) -> 1.946415 | K40: =100*((K9/J9)^4-1) -> 3.9019837 | ... FN40: =100*((FN9/FM9)^4-1) -> 0.86417645
B41: =B10 -> Manufacturing | D41: =100*((D10/C10)^4-1) -> -2.0450173 | E41: =100*((E10/D10)^4-1) -> 3.1116202 | F41: =100*((F10/E10)^4-1) -> -5.7284477 | G41: =100*((G10/F10)^4-1) -> -4.107757 | H41: =100*((H10/G10)^4-1) -> -0.76444943 | I41: =100*((I10/H10)^4-1) -> 3.5016158 | J41: =100*((J10/I10)^4-1) -> -4.5528515 | K41: =100*((K10/J10)^4-1) -> -1.5320496 | ... FN41: =100*((FN10/FM10)^4-1) -> -0.3733248
B42: =B11 -> Aerospace | D42: =100*((D11/C11)^4-1) -> -2.1076544 | E42: =100*((E11/D11)^4-1) -> 2.1530329 | F42: =100*((F11/E11)^4-1) -> -6.6719363 | G42: =100*((G11/F11)^4-1) -> 1.0851446 | H42: =100*((H11/G11)^4-1) -> 4.629154 | I42: =100*((I11/H11)^4-1) -> 7.1715588 | J42: =100*((J11/I11)^4-1) -> -7.6821003 | K42: =100*((K11/J11)^4-1) -> -4.4359632 | ... FN42: =100*((FN11/FM11)^4-1) -> -0.056872903
B43: =B12 -> Services providing | D43: =100*((D12/C12)^4-1) -> 4.5589985 | E43: =100*((E12/D12)^4-1) -> 5.1066221 | F43: =100*((F12/E12)^4-1) -> -0.94845995 | G43: =100*((G12/F12)^4-1) -> -0.27006081 | H43: =100*((H12/G12)^4-1) -> 2.3597805 | I43: =100*((I12/H12)^4-1) -> 1.9922485 | J43: =100*((J12/I12)^4-1) -> 0.40993245 | K43: =100*((K12/J12)^4-1) -> 4.2330691 | ... FN43: =100*((FN12/FM12)^4-1) -> 0.94861901
B44: =B13 -> Wholesale and retail trade | D44: =100*((D13/C13)^4-1) -> 0.60582939 | E44: =100*((E13/D13)^4-1) -> 1.5937453 | F44: =100*((F13/E13)^4-1) -> 3.9652039 | G44: =100*((G13/F13)^4-1) -> -7.7281579 | H44: =100*((H13/G13)^4-1) -> 0.15194679 | I44: =100*((I13/H13)^4-1) -> -1.0583917 | J44: =100*((J13/I13)^4-1) -> -1.7389246 | K44: =100*((K13/J13)^4-1) -> 4.3497299 | ... FN44: =100*((FN13/FM13)^4-1) -> 0.8984393
B45: =B14 -> Transportation and public utilities | D45: =100*((D14/C14)^4-1) -> 11.51259 | E45: =100*((E14/D14)^4-1) -> 3.7285375 | F45: =100*((F14/E14)^4-1) -> -5.7578055 | G45: =100*((G14/F14)^4-1) -> 10.949166 | H45: =100*((H14/G14)^4-1) -> -2.7433207 | I45: =100*((I14/H14)^4-1) -> 5.9919457 | J45: =100*((J14/I14)^4-1) -> -4.5953711 | K45: =100*((K14/J14)^4-1) -> -1.3845413 | ... FN45: =100*((FN14/FM14)^4-1) -> 0.14663205
B46: =B15 -> Information | D46: =100*((D15/C15)^4-1) -> -2.4972753 | E46: =100*((E15/D15)^4-1) -> 6.4949478 | F46: =100*((F15/E15)^4-1) -> -5.7011568 | G46: =100*((G15/F15)^4-1) -> 8.719133 | H46: =100*((H15/G15)^4-1) -> 8.5332266 | I46: =100*((I15/H15)^4-1) -> 7.4968248 | J46: =100*((J15/I15)^4-1) -> 8.6238511 | K46: =100*((K15/J15)^4-1) -> 5.9774523 | ... FN46: =100*((FN15/FM15)^4-1) -> 1.5723165
B47: =B16 -> Financial activities | D47: =100*((D16/C16)^4-1) -> 1.9028962 | E47: =100*((E16/D16)^4-1) -> 0.56536962 | F47: =100*((F16/E16)^4-1) -> -2.7872849 | G47: =100*((G16/F16)^4-1) -> 0.56858421 | H47: =100*((H16/G16)^4-1) -> 3.0561318 | I47: =100*((I16/H16)^4-1) -> -2.4145625 | J47: =100*((J16/I16)^4-1) -> -0.93962233 | K47: =100*((K16/J16)^4-1) -> 4.8103125 | ... FN47: =100*((FN16/FM16)^4-1) -> 0.43970001
B48: =B17 -> Professional and business services | D48: =100*((D17/C17)^4-1) -> 8.1086695 | E48: =100*((E17/D17)^4-1) -> 6.0298649 | F48: =100*((F17/E17)^4-1) -> -2.0969128 | G48: =100*((G17/F17)^4-1) -> -2.421259 | H48: =100*((H17/G17)^4-1) -> -3.0640961 | I48: =100*((I17/H17)^4-1) -> 0.86462615 | J48: =100*((J17/I17)^4-1) -> 2.0581587 | K48: =100*((K17/J17)^4-1) -> 12.293989 | ... FN48: =100*((FN17/FM17)^4-1) -> 1.6879781
B49: =B19 -> Educational and Health Services, Other services | D49: =100*((D18/C18)^4-1) -> 4.0619279 | E49: =100*((E18/D18)^4-1) -> 2.3685132 | F49: =100*((F18/E18)^4-1) -> -1.1619339 | G49: =100*((G18/F18)^4-1) -> 7.5184223 | H49: =100*((H18/G18)^4-1) -> -2.137817 | I49: =100*((I18/H18)^4-1) -> -6.6185398 | J49: =100*((J18/I18)^4-1) -> 3.2723227 | K49: =100*((K18/J18)^4-1) -> 4.4454196 | ... FN49: =100*((FN18/FM18)^4-1) -> 0.41552311
B50: =B18 -> Leisure and Hospitality services | D50: =100*((D19/C19)^4-1) -> 9.1055187 | E50: =100*((E19/D19)^4-1) -> 8.1060625 | F50: =100*((F19/E19)^4-1) -> -0.36705628 | G50: =100*((G19/F19)^4-1) -> -1.6453031 | H50: =100*((H19/G19)^4-1) -> 5.6576662 | I50: =100*((I19/H19)^4-1) -> 8.3573331 | J50: =100*((J19/I19)^4-1) -> 1.7072511 | K50: =100*((K19/J19)^4-1) -> -4.1998025 | ... FN50: =100*((FN19/FM19)^4-1) -> 0.97754897
B51: =B20 -> Government | D51: =100*((D20/C20)^4-1) -> 3.2551702 | E51: =100*((E20/D20)^4-1) -> 9.9206274 | F51: =100*((F20/E20)^4-1) -> -2.6441903 | G51: =100*((G20/F20)^4-1) -> 1.895468 | H51: =100*((H20/G20)^4-1) -> 9.5096888 | I51: =100*((I20/H20)^4-1) -> 5.608008 | J51: =100*((J20/I20)^4-1) -> -0.85744414 | K51: =100*((K20/J20)^4-1) -> 7.2585715 | ... FN51: =100*((FN20/FM20)^4-1) -> 0.32476272
B52: =B21 -> State and local | D52: =100*((D21/C21)^4-1) -> 2.0699301 | E52: =100*((E21/D21)^4-1) -> 13.781725 | F52: =100*((F21/E21)^4-1) -> -1.4500019 | G52: =100*((G21/F21)^4-1) -> 2.4257303 | H52: =100*((H21/G21)^4-1) -> 10.689294 | I52: =100*((I21/H21)^4-1) -> 4.951357 | J52: =100*((J21/I21)^4-1) -> -0.39969972 | K52: =100*((K21/J21)^4-1) -> 8.2580997 | ... FN52: =100*((FN21/FM21)^4-1) -> 0.33508422
B53: =B22 -> Federal | D53: =100*((D22/C22)^4-1) -> 10.167057 | E53: =100*((E22/D22)^4-1) -> -9.783513 | F53: =100*((F22/E22)^4-1) -> -9.4605025 | G53: =100*((G22/F22)^4-1) -> -1.2519408 | H53: =100*((H22/G22)^4-1) -> 2.5476431 | I53: =100*((I22/H22)^4-1) -> 9.7412772 | J53: =100*((J22/I22)^4-1) -> -3.6249986 | K53: =100*((K22/J22)^4-1) -> 1.2422211 | ... FN53: =100*((FN22/FM22)^4-1) -> 0.20876611
B55: =B24 -> Personal income (mil. $2012) | D55: =100*((D24/C24)^4-1) -> 5.4515918 | E55: =100*((E24/D24)^4-1) -> 2.2985978 | F55: =100*((F24/E24)^4-1) -> 1.3020994 | G55: =100*((G24/F24)^4-1) -> 1.9924857 | H55: =100*((H24/G24)^4-1) -> 4.1929189 | I55: =100*((I24/H24)^4-1) -> 3.5126274 | J55: =100*((J24/I24)^4-1) -> 5.1620968 | K55: =100*((K24/J24)^4-1) -> 7.3678318 | ... FN55: =100*((FN24/FM24)^4-1) -> 3.2169991
B56: =B25 -> Personal income (mil. $) | D56: =100*((D25/C25)^4-1) -> 9.3348493 | E56: =100*((E25/D25)^4-1) -> 7.5985788 | F56: =100*((F25/E25)^4-1) -> 6.7706788 | G56: =100*((G25/F25)^4-1) -> 4.1537693 | H56: =100*((H25/G25)^4-1) -> 6.4860694 | I56: =100*((I25/H25)^4-1) -> 6.3539655 | J56: =100*((J25/I25)^4-1) -> 8.250907 | K56: =100*((K25/J25)^4-1) -> 10.084134 | ... FN56: =100*((FN25/FM25)^4-1) -> 5.1300769
B57: =B26 -> Wage and salary disbursements (mil. $) | D57: =100*((D26/C26)^4-1) -> 11.336021 | E57: =100*((E26/D26)^4-1) -> 8.2148952 | F57: =100*((F26/E26)^4-1) -> 4.8915458 | G57: =100*((G26/F26)^4-1) -> 5.5159447 | H57: =100*((H26/G26)^4-1) -> 4.4210172 | I57: =100*((I26/H26)^4-1) -> 7.8224442 | J57: =100*((J26/I26)^4-1) -> 6.108845 | K57: =100*((K26/J26)^4-1) -> 20.262801 | ... FN57: =100*((FN26/FM26)^4-1) -> 5.0742654
B58: =B27 -> Per capita personal income ($) | D58: =100*((D27/C27)^4-1) -> 5.4514907 | E58: =100*((E27/D27)^4-1) -> 3.8734314 | F58: =100*((F27/E27)^4-1) -> 3.4083141 | G58: =100*((G27/F27)^4-1) -> 1.427531 | H58: =100*((H27/G27)^4-1) -> 4.4151909 | I58: =100*((I27/H27)^4-1) -> 4.8262448 | J58: =100*((J27/I27)^4-1) -> 6.9871504 | K58: =100*((K27/J27)^4-1) -> 8.8337555 | ... FN58: =100*((FN27/FM27)^4-1) -> 4.2765161
B60: =B29 -> Seattle MSA CPI-U (1982-1984=100) | AJ60: =100*((AJ29/AI29)^4-1) -> 1.0854717 | AK60: =100*((AK29/AJ29)^4-1) -> 3.7657256 | AL60: =100*((AL29/AK29)^4-1) -> 2.0331238 | AM60: =100*((AM29/AL29)^4-1) -> 2.9853154 | AN60: =100*((AN29/AM29)^4-1) -> 4.4086998 | AO60: =100*((AO29/AN29)^4-1) -> 2.2218126 | AP60: =100*((AP29/AO29)^4-1) -> 2.6793333 | AQ60: =100*((AQ29/AP29)^4-1) -> 3.5995839 | ... FN60: =100*((FN29/FM29)^4-1) -> -0.44644761
B61: =B30 -> Seattle MSA CPI-W (1982-1984=100) | AJ61: =100*((AJ30/AI30)^4-1) -> 0.37042714 | AK61: =100*((AK30/AJ30)^4-1) -> 3.6206752 | AL61: =100*((AL30/AK30)^4-1) -> 2.7133829 | AM61: =100*((AM30/AL30)^4-1) -> 2.6951018 | AN61: =100*((AN30/AM30)^4-1) -> 4.6575183 | AO61: =100*((AO30/AN30)^4-1) -> 2.161435 | AP61: =100*((AP30/AO30)^4-1) -> 3.2376344 | AQ61: =100*((AQ30/AP30)^4-1) -> 3.4525787 | ... FN61: =100*((FN30/FM30)^4-1) -> -1.4061173
B62: =B31 -> Seattle MSA S&P CoreLogic Case-Shilller Home Price Index | AJ62: =100*((AJ31/AI31)^4-1) -> 10.572512 | AK62: =100*((AK31/AJ31)^4-1) -> 10.164641 | AL62: =100*((AL31/AK31)^4-1) -> 8.7171684 | AM62: =100*((AM31/AL31)^4-1) -> 6.8594315 | AN62: =100*((AN31/AM31)^4-1) -> 10.037824 | AO62: =100*((AO31/AN31)^4-1) -> 8.5744403 | AP62: =100*((AP31/AO31)^4-1) -> 10.471179 | AQ62: =100*((AQ31/AP31)^4-1) -> 8.0973539 | ... FN62: =100*((FN31/FM31)^4-1) -> 12.017127
B63: =B32 -> Housing permits (thous.) | D63: =100*((D32/C32)^4-1) -> -55.779914 | E63: =100*((E32/D32)^4-1) -> -57.031712 | F63: =100*((F32/E32)^4-1) -> -74.480126 | G63: =100*((G32/F32)^4-1) -> -84.653777 | H63: =100*((H32/G32)^4-1) -> 160.82539 | I63: =100*((I32/H32)^4-1) -> 18.887505 | J63: =100*((J32/I32)^4-1) -> -79.073293 | K63: =100*((K32/J32)^4-1) -> 417.04816 | ... FN63: =100*((FN32/FM32)^4-1) -> 186.1354
B64: =B33 -> Population (thous.) | D64: =100*((D33/C33)^4-1) -> 3.6826018 | E64: =100*((E33/D33)^4-1) -> 3.586237 | F64: =100*((F33/E33)^4-1) -> 3.251542 | G64: =100*((G33/F33)^4-1) -> 2.6878681 | H64: =100*((H33/G33)^4-1) -> 1.9833116 | I64: =100*((I33/H33)^4-1) -> 1.4573839 | J64: =100*((J33/I33)^4-1) -> 1.1812228 | K64: =100*((K33/J33)^4-1) -> 1.1488883 | ... FN64: =100*((FN33/FM33)^4-1) -> 0.8185135
B66: Contributions to overall growth of employment
C67: =C4 -> 1990Q1 | D67: =D4 -> 1990Q2 | E67: =E4 -> 1990Q3 | F67: =F4 -> 1990Q4 | G67: =G4 -> 1991Q1 | H67: =H4 -> 1991Q2 | I67: =I4 -> 1991Q3 | J67: =J4 -> 1991Q4 | ... FN67: =FN4 -> 2031Q4
B68: =B38 -> Employment (thous.) | D68: =C7/C$7*D38 -> 3.7929186 | E68: =D7/D$7*E38 -> 4.4143668 | F68: =E7/E$7*F38 -> -2.9889026 | G68: =F7/F$7*G38 -> -1.1819531 | H68: =G7/G$7*H38 -> 1.4268646 | I68: =H7/H$7*I38 -> 2.4309119 | J68: =I7/I$7*J38 -> -0.4519498 | K68: =J7/J$7*K38 -> 3.1250952 | ... FN68: =FM7/FM$7*FN38 -> 0.83787727
B69: =B39 -> Goods producing | D69: =C8/C$7*D39 -> 0.39083452 | E69: =D8/D$7*E39 -> 0.59472107 | F69: =E8/E$7*F39 -> -2.2300965 | G69: =F8/F$7*G39 -> -0.96871027 | H69: =G8/G$7*H39 -> -0.34694483 | I69: =H8/H$7*I39 -> 0.92380506 | J69: =I8/I$7*J39 -> -0.75355515 | K69: =J8/J$7*K39 -> -0.071483296 | ... FN69: =FM8/FM$7*FN39 -> 0.018206065
B70: =B40 -> Mining, Logging and Construction | D70: =C9/C$7*D40 -> 0.83055009 | E70: =D9/D$7*E40 -> 0 | F70: =E9/E$7*F40 -> -1.1027355 | G70: =F9/F$7*G40 -> -0.18943192 | H70: =G9/G$7*H40 -> -0.20168516 | I70: =H9/H$7*I40 -> 0.26844252 | J70: =I9/I$7*J40 -> 0.10800212 | K70: =J9/J$7*K40 -> 0.21780462 | ... FN70: =FM9/FM$7*FN40 -> 0.048209004
B71: =B41 -> Manufacturing | D71: =C10/C$7*D41 -> -0.39764226 | E71: =D10/D$7*E41 -> 0.59634396 | F71: =E10/E$7*F41 -> -1.09442 | G71: =F10/F$7*G41 -> -0.77918688 | H71: =G10/G$7*H41 -> -0.14392043 | I71: =H10/H$7*I41 -> 0.65564803 | J71: =I10/I$7*J41 -> -0.85470211 | K71: =J10/J$7*K41 -> -0.28460115 | ... FN71: =FM10/FM$7*FN41 -> -0.029814818
B72: =B42 -> Aerospace | D72: =C11/C$7*D42 -> -0.21684398 | E72: =D11/D$7*E42 -> 0.21829505 | F72: =E11/E$7*F42 -> -0.67277194 | G72: =F11/F$7*G42 -> 0.10836806 | H72: =G11/G$7*H42 -> 0.46491984 | I72: =H11/H$7*I42 -> 0.7258802 | J72: =I11/I$7*J42 -> -0.78639996 | K72: =J11/J$7*K42 -> -0.44562006 | ... FN72: =FM11/FM$7*FN42 -> -0.0025200236
B73: =B43 -> Services providing | D73: =C12/C$7*D43 -> 3.408315 | E73: =D12/D$7*E43 -> 3.8247444 | F73: =E12/E$7*F43 -> -0.71154956 | G73: =F12/F$7*G43 -> -0.20366091 | H73: =G12/G$7*H43 -> 1.7836722 | I73: =H12/H$7*I43 -> 1.509319 | J73: =I12/I$7*J43 -> 0.31023004 | K73: =J12/J$7*K43 -> 3.2104276 | ... FN73: =FM12/FM$7*FN43 -> 0.81993983
B74: =B44 -> Wholesale and retail trade | D74: =C13/C$7*D44 -> 0.097366752 | E74: =D13/D$7*E44 -> 0.25415176 | F74: =E13/E$7*F44 -> 0.62800977 | G74: =F13/F$7*G44 -> -1.245356 | H74: =G13/G$7*H44 -> 0.024069512 | I74: =H13/H$7*I44 -> -0.16712784 | J74: =I13/I$7*J44 -> -0.27222004 | K74: =J13/J$7*K44 -> 0.67871713 | ... FN74: =FM13/FM$7*FN44 -> 0.10012924
B75: =B45 -> Transportation and public utilities | D75: =C14/C$7*D45 -> 0.4809145 | E75: =D14/D$7*E45 -> 0.1585705 | F75: =E14/E$7*F45 -> -0.24446989 | G75: =F14/F$7*G45 -> 0.46153582 | H75: =G14/G$7*H45 -> -0.11903451 | I75: =H14/H$7*I45 -> 0.25727986 | J75: =I14/I$7*J45 -> -0.19900729 | K75: =J14/J$7*K45 -> -0.059325097 | ... FN75: =FM14/FM$7*FN45 -> 0.0055499986
B76: =B46 -> Information | D76: =C15/C$7*D46 -> -0.072173834 | E76: =D15/D$7*E46 -> 0.18479971 | F76: =E15/E$7*F46 -> -0.16301621 | G76: =F15/F$7*G46 -> 0.24754966 | H76: =G15/G$7*H46 -> 0.24812455 | I76: =H15/H$7*I46 -> 0.2217105 | J76: =I15/I$7*J46 -> 0.25813761 | K76: =J15/J$7*K46 -> 0.18286865 | ... FN76: =FM15/FM$7*FN46 -> 0.10637363
B77: =B47 -> Financial activities | D77: =C16/C$7*D47 -> 0.12229603 | E77: =D16/D$7*E47 -> 0.036168827 | F77: =E16/E$7*F47 -> -0.17664663 | G77: =F16/F$7*G47 -> 0.036053234 | H77: =G16/G$7*H47 -> 0.19463818 | I77: =H16/H$7*I47 -> -0.15439193 | J77: =I16/I$7*J47 -> -0.059357825 | K77: =J16/J$7*K47 -> 0.30350422 | ... FN77: =FM16/FM$7*FN47 -> 0.020427423
B78: =B48 -> Professional and business services | D78: =C17/C$7*D48 -> 0.90047095 | E78: =D17/D$7*E48 -> 0.67647366 | F78: =E17/E$7*F48 -> -0.23615147 | G78: =F17/F$7*G48 -> -0.27330355 | H78: =G17/G$7*H48 -> -0.34477531 | I78: =H17/H$7*I48 -> 0.096193351 | J78: =I17/I$7*J48 -> 0.22809854 | K78: =J17/J$7*K48 -> 1.3710087 | ... FN78: =FM17/FM$7*FN48 -> 0.33573593
B79: =B49 -> Educational and Health Services, Other services | D79: =C18/C$7*D49 -> 0.3328216 | E79: =D18/D$7*E49 -> 0.19419415 | F79: =E18/E$7*F49 -> -0.094796716 | G79: =F18/F$7*G49 -> 0.61626042 | H79: =G18/G$7*H49 -> -0.17896568 | I79: =H18/H$7*I49 -> -0.54913216 | J79: =I18/I$7*J49 -> 0.26529448 | K79: =J18/J$7*K49 -> 0.36372458 | ... FN79: =FM18/FM$7*FN49 -> 0.043019293
... B83: =B53 -> Federal | D83: =C22/C$7*D53 -> 0.20155094 | E83: =D22/D$7*E53 -> -0.19685906 | F83: =E22/E$7*F53 -> -0.18352964 | G83: =F22/F$7*G53 -> -0.023871513 | H83: =G22/G$7*H53 -> 0.048568852 | I83: =H22/H$7*I53 -> 0.18622086 | J83: =I22/I$7*J53 -> -0.070502578 | K83: =J22/J$7*K53 -> 0.023965086 | ... FN83: =FM22/FM$7*FN53 -> 0.0021321416
B86: Growth, % change from same quarter last year
C87: =C4 -> 1990Q1 | D87: =D4 -> 1990Q2 | E87: =E4 -> 1990Q3 | F87: =F4 -> 1990Q4 | G87: =G4 -> 1991Q1 | H87: =H4 -> 1991Q2 | I87: =I4 -> 1991Q3 | J87: =J4 -> 1991Q4 | ... FN87: =FN4 -> 2031Q4
B88: =B7 -> Employment (thous.) | G88: =100*(G7/C7-1) -> 0.95931998 | H88: =100*(H7/D7-1) -> 0.37897016 | I88: =100*(I7/E7-1) -> -0.10116338 | J88: =100*(J7/F7-1) -> 0.54564533 | K88: =100*(K7/G7-1) -> 1.6237671 | L88: =100*(L7/H7-1) -> 1.4742015 | M88: =100*(M7/I7-1) -> 0.81310499 | N88: =100*(N7/J7-1) -> 1.1092226 | ... FN88: =100*(FN7/FJ7-1) -> 0
B89: =B8 -> Goods producing | G89: =100*(G8/C8-1) -> -2.3454414 | H89: =100*(H8/D8-1) -> -3.0673376 | I89: =100*(I8/E8-1) -> -2.7278142 | J89: =100*(J8/F8-1) -> -1.2071699 | K89: =100*(K8/G8-1) -> -0.28328612 | L89: =100*(L8/H8-1) -> 0.27194067 | M89: =100*(M8/I8-1) -> -1.4082782 | N89: =100*(N8/J8-1) -> -2.2833868 | ... FN89: =100*(FN8/FJ8-1) -> 0
B90: =B9 -> Mining, Logging and Construction | G90: =100*(G9/C9-1) -> -2.6715558 | H90: =100*(H9/D9-1) -> -6.7375887 | I90: =100*(I9/E9-1) -> -5.6231003 | J90: =100*(J9/F9-1) -> -0.10672359 | K90: =100*(K9/G9-1) -> 1.722282 | L90: =100*(L9/H9-1) -> 4.7800109 | M90: =100*(M9/I9-1) -> 2.5764895 | N90: =100*(N9/J9-1) -> 0.58760684 | ... FN90: =100*(FN9/FJ9-1) -> 0
B91: =B10 -> Manufacturing | G91: =100*(G10/C10-1) -> -2.2482436 | H91: =100*(H10/D10-1) -> -1.9303202 | I91: =100*(I10/E10-1) -> -1.83772 | J91: =100*(J10/F10-1) -> -1.5331121 | K91: =100*(K10/G10-1) -> -0.87845392 | L91: =100*(L10/H10-1) -> -1.056169 | M91: =100*(M10/I10-1) -> -2.5860701 | N91: =100*(N10/J10-1) -> -3.1460674 | ... FN91: =100*(FN10/FJ10-1) -> 0
B92: =B11 -> Aerospace | G92: =100*(G11/C11-1) -> -1.4458542 | H92: =100*(H11/D11-1) -> 0.20765352 | I92: =100*(I11/E11-1) -> 1.416347 | J92: =100*(J11/F11-1) -> 1.1407986 | K92: =100*(K11/G11-1) -> -0.26946108 | L92: =100*(L11/H11-1) -> -2.0426288 | M92: =100*(M11/I11-1) -> -4.335176 | N92: =100*(N11/J11-1) -> -5.3725141 | ... FN92: =100*(FN11/FJ11-1) -> 0
B93: =B12 -> Services providing | G93: =100*(G12/C12-1) -> 2.0750426 | H93: =100*(H12/D12-1) -> 1.5340133 | I93: =100*(I12/E12-1) -> 0.77337987 | J93: =100*(J12/F12-1) -> 1.1171185 | K93: =100*(K12/G12-1) -> 2.2397263 | L93: =100*(L12/H12-1) -> 1.8588831 | M93: =100*(M12/I12-1) -> 1.527018 | N93: =100*(N12/J12-1) -> 2.1898958 | ... FN93: =100*(FN12/FJ12-1) -> 0
B94: =B13 -> Wholesale and retail trade | G94: =100*(G13/C13-1) -> -0.49112202 | H94: =100*(H13/D13-1) -> -0.60354583 | I94: =100*(I13/E13-1) -> -1.2586887 | J94: =100*(J13/F13-1) -> -2.6418605 | K94: =100*(K13/G13-1) -> 0.39863326 | L94: =100*(L13/H13-1) -> 0.37950664 | M94: =100*(M13/I13-1) -> 0.13318113 | N94: =100*(N13/J13-1) -> 0.66883241 | ... FN94: =100*(FN13/FJ13-1) -> 0
B95: =B14 -> Transportation and public utilities | G95: =100*(G14/C14-1) -> 4.869186 | H95: =100*(H14/D14-1) -> 1.3437058 | I95: =100*(I14/E14-1) -> 1.8920813 | J95: =100*(J14/F14-1) -> 2.2048364 | K95: =100*(K14/G14-1) -> -0.76230076 | L95: =100*(L14/H14-1) -> -0.069783671 | M95: =100*(M14/I14-1) -> -2.6134801 | N95: =100*(N14/J14-1) -> -1.9485038 | ... FN95: =100*(FN14/FJ14-1) -> 0
B96: =B15 -> Information | G96: =100*(G15/C15-1) -> 1.5756303 | H96: =100*(H15/D15-1) -> 4.3340381 | I96: =100*(I15/E15-1) -> 4.578564 | J96: =100*(J15/F15-1) -> 8.3421331 | K96: =100*(K15/G15-1) -> 7.6525336 | L96: =100*(L15/H15-1) -> 5.9777102 | M96: =100*(M15/I15-1) -> 5.5721393 | N96: =100*(N15/J15-1) -> 5.4580897 | ... FN96: =100*(FN15/FJ15-1) -> 0
B97: =B16 -> Financial activities | G97: =100*(G16/C16-1) -> 0.047236656 | H97: =100*(H16/D16-1) -> 0.32910202 | I97: =100*(I16/E16-1) -> -0.42253521 | J97: =100*(J16/F16-1) -> 0.047281324 | K97: =100*(K16/G16-1) -> 1.0859301 | L97: =100*(L16/H16-1) -> 0.42174321 | M97: =100*(M16/I16-1) -> 2.0273456 | N97: =100*(N16/J16-1) -> 4.2533081 | ... FN97: =100*(FN16/FJ16-1) -> 0
B98: =B17 -> Professional and business services | G98: =100*(G17/C17-1) -> 2.2963368 | H98: =100*(H17/D17-1) -> -0.45576408 | I98: =100*(I17/E17-1) -> -1.6908851 | J98: =100*(J17/F17-1) -> -0.66401062 | K98: =100*(K17/G17-1) -> 2.8861571 | L98: =100*(L17/H17-1) -> 2.2623216 | M98: =100*(M17/I17-1) -> 0.053748992 | N98: =100*(N17/J17-1) -> -0.13368984 | ... FN98: =100*(FN17/FJ17-1) -> 0
B99: =B19 -> Educational and Health Services, Other services | G99: =100*(G18/C18-1) -> 3.1493146 | H99: =100*(H18/D18-1) -> 1.5774028 | I99: =100*(I18/E18-1) -> -0.7293946 | J99: =100*(J18/F18-1) -> 0.36576445 | K99: =100*(K18/G18-1) -> -0.3591954 | L99: =100*(L18/H18-1) -> 0.61394005 | M99: =100*(M18/I18-1) -> 3.6002939 | N99: =100*(N18/J18-1) -> 3.3892128 | ... FN99: =100*(FN18/FJ18-1) -> 0
B100: =B18 -> Leisure and Hospitality services | G100: =100*(G19/C19-1) -> 3.6868566 | H100: =100*(H19/D19-1) -> 2.8578121 | I100: =100*(I19/E19-1) -> 2.9175281 | J100: =100*(J19/F19-1) -> 3.4490688 | K100: =100*(K19/G19-1) -> 2.7707227 | L100: =100*(L19/H19-1) -> 2.7556365 | M100: =100*(M19/I19-1) -> 2.65625 | N100: =100*(N19/J19-1) -> 2.8450767 | ... FN100: =100*(FN19/FJ19-1) -> 0
B101: =B20 -> Government | G101: =100*(G20/C20-1) -> 3.0094188 | H101: =100*(H20/D20-1) -> 4.5350957 | I101: =100*(I20/E20-1) -> 3.4943245 | J101: =100*(J20/F20-1) -> 3.9659422 | K101: =100*(K20/G20-1) -> 5.3077609 | L101: =100*(L20/H20-1) -> 3.5099193 | M101: =100*(M20/I20-1) -> 2.172043 | N101: =100*(N20/J20-1) -> 4.0517241 | ... FN101: =100*(FN20/FJ20-1) -> 0
B102: =B21 -> State and local | G102: =100*(G21/C21-1) -> 4.0540541 | H102: =100*(H21/D21-1) -> 6.1844582 | I102: =100*(I21/E21-1) -> 4.0614423 | J102: =100*(J21/F21-1) -> 4.3376013 | K102: =100*(K21/G21-1) -> 5.7922078 | L102: =100*(L21/H21-1) -> 3.7731071 | M102: =100*(M21/I21-1) -> 2.5018764 | N102: =100*(N21/J21-1) -> 4.4327573 | ... FN102: =100*(FN21/FJ21-1) -> 0
B103: =B22 -> Federal | G103: =100*(G22/C22-1) -> -2.9096478 | H103: =100*(H22/D22-1) -> -4.6337818 | I103: =100*(I22/E22-1) -> 0.15337423 | J103: =100*(J22/F22-1) -> 1.7295597 | K103: =100*(K22/G22-1) -> 2.3659306 | L103: =100*(L22/H22-1) -> 1.8808777 | M103: =100*(M22/I22-1) -> 0.15313936 | N103: =100*(N22/J22-1) -> 1.7001546 | ... FN103: =100*(FN22/FJ22-1) -> 0
B105: =B24 -> Personal income (mil. $2012) | G105: =100*(G24/C24-1) -> 2.7489425 | H105: =100*(H24/D24-1) -> 2.440957 | I105: =100*(I24/E24-1) -> 2.7435435 | J105: =100*(J24/F24-1) -> 3.7085919 | K105: =100*(K24/G24-1) -> 5.0488347 | L105: =100*(L24/H24-1) -> 4.4953357 | M105: =100*(M24/I24-1) -> 4.2890738 | N105: =100*(N24/J24-1) -> 5.0665671 | ... FN105: =100*(FN24/FJ24-1) -> 0
B106: =B25 -> Personal income (mil. $) | G106: =100*(G25/C25-1) -> 6.9480906 | H106: =100*(H25/D25-1) -> 6.2445305 | I106: =100*(I25/E25-1) -> 5.9359511 | J106: =100*(J25/F25-1) -> 6.3012215 | K106: =100*(K25/G25-1) -> 7.7831047 | L106: =100*(L25/H25-1) -> 7.34138 | M106: =100*(M25/I25-1) -> 7.0850862 | N106: =100*(N25/J25-1) -> 7.8530098 | ... FN106: =100*(FN25/FJ25-1) -> 0
B107: =B26 -> Wage and salary disbursements (mil. $) | G107: =100*(G26/C26-1) -> 7.4596271 | H107: =100*(H26/D26-1) -> 5.7507327 | I107: =100*(I26/E26-1) -> 5.6547234 | J107: =100*(J26/F26-1) -> 5.9599373 | K107: =100*(K26/G26-1) -> 9.4825738 | L107: =100*(L26/H26-1) -> 8.9497751 | M107: =100*(M26/I26-1) -> 8.1024293 | N107: =100*(N26/J26-1) -> 9.9627215 | ... FN107: =100*(FN26/FJ26-1) -> 0
B108: =B27 -> Per capita personal income ($) | G108: =100*(G27/C27-1) -> 3.530218 | H108: =100*(H27/D27-1) -> 3.2749205 | I108: =100*(I27/E27-1) -> 3.510941 | J108: =100*(J27/F27-1) -> 4.3951439 | K108: =100*(K27/G27-1) -> 6.2508071 | L108: =100*(L27/H27-1) -> 5.9913713 | M108: =100*(M27/I27-1) -> 5.7382719 | N108: =100*(N27/J27-1) -> 6.3999358 | ... FN108: =100*(FN27/FJ27-1) -> 0
B110: =B29 -> Seattle MSA CPI-U (1982-1984=100) | AM110: =100*(AM29/AI29-1) -> 2.4624625 | AN110: =100*(AN29/AJ29-1) -> 3.2943995 | AO110: =100*(AO29/AK29-1) -> 2.9080119 | AP110: =100*(AP29/AL29-1) -> 3.0705639 | AQ110: =100*(AQ29/AM29-1) -> 3.2239156 | AR110: =100*(AR29/AN29-1) -> 3.5082633 | AS110: =100*(AS29/AO29-1) -> 3.9792388 | AT110: =100*(AT29/AP29-1) -> 4.1535377 | ... FN110: =100*(FN29/FJ29-1) -> 0
B111: =B30 -> Seattle MSA CPI-W (1982-1984=100) | AM111: =100*(AM30/AI30-1) -> 2.3427867 | AN111: =100*(AN30/AJ30-1) -> 3.4185402 | AO111: =100*(AO30/AK30-1) -> 3.0525031 | AP111: =100*(AP30/AL30-1) -> 3.1837477 | AQ111: =100*(AQ30/AM30-1) -> 3.373494 | AR111: =100*(AR30/AN30-1) -> 3.5735557 | AS111: =100*(AS30/AO30-1) -> 3.9099526 | AT111: =100*(AT30/AP30-1) -> 4.1727887 | ... FN111: =100*(FN30/FJ30-1) -> 0
B112: =B31 -> Seattle MSA S&P CoreLogic Case-Shilller Home Price Index | AM112: =100*(AM31/AI31-1) -> 9.0686901 | AN112: =100*(AN31/AJ31-1) -> 8.9365964 | AO112: =100*(AO31/AK31-1) -> 8.5413318 | AP112: =100*(AP31/AL31-1) -> 8.9765012 | AQ112: =100*(AQ31/AM31-1) -> 9.2907513 | AR112: =100*(AR31/AN31-1) -> 8.9607758 | AS112: =100*(AS31/AO31-1) -> 7.9902112 | AT112: =100*(AT31/AP31-1) -> 6.5781743 | ... FN112: =100*(FN31/FJ31-1) -> 0
B113: =B32 -> Housing permits (thous.) | G113: =100*(G32/C32-1) -> -70.629461 | H113: =100*(H32/D32-1) -> -54.228569 | I113: =100*(I32/E32-1) -> -40.967452 | J113: =100*(J32/F32-1) -> -43.824477 | K113: =100*(K32/G32-1) -> 35.341036 | L113: =100*(L32/H32-1) -> 37.12643 | M113: =100*(M32/I32-1) -> 3.3452835 | N113: =100*(N32/J32-1) -> 46.549999 | ... FN113: =100*(FN32/FJ32-1) -> 0
B114: =B33 -> Population (thous.) | G114: =100*(G33/C33-1) -> 3.3013285 | H114: =100*(H33/D33-1) -> 2.8754417 | I114: =100*(I33/E33-1) -> 2.3427573 | J114: =100*(J33/F33-1) -> 1.8258298 | K114: =100*(K33/G33-1) -> 1.4421515 | L114: =100*(L33/H33-1) -> 1.2736968 | M114: =100*(M33/I33-1) -> 1.2737245 | N114: =100*(N33/J33-1) -> 1.3656718 | ... FN114: =100*(FN33/FJ33-1) -> 0
B117: Contributions to overall growth of employment
C118: =C4 -> 1990Q1 | D118: =D4 -> 1990Q2 | E118: =E4 -> 1990Q3 | F118: =F4 -> 1990Q4 | G118: =G4 -> 1991Q1 | H118: =H4 -> 1991Q2 | I118: =I4 -> 1991Q3 | J118: =J4 -> 1991Q4 | ... FN118: =FN4 -> 2031Q4
B119: =B88 -> Employment (thous.) | G119: =C7/C$7*G88 -> 0.95931998 | H119: =D7/D$7*H88 -> 0.37897016 | I119: =E7/E$7*I88 -> -0.10116338 | J119: =F7/F$7*J88 -> 0.54564533 | K119: =G7/G$7*K88 -> 1.6237671 | L119: =H7/H$7*L88 -> 1.4742015 | M119: =I7/I$7*M88 -> 0.81310499 | N119: =J7/J$7*N88 -> 1.1092226 | ... FN119: =FJ7/FJ$7*FN88 -> 0
B120: =B89 -> Goods producing | G120: =C8/C$7*G89 -> -0.59198543 | H120: =D8/D$7*H89 -> -0.76997113 | I120: =E8/E$7*I89 -> -0.68136511 | J120: =F8/F$7*J89 -> -0.29680708 | K120: =G8/G$7*K89 -> -0.069160452 | L120: =H8/H$7*L89 -> 0.065919578 | M120: =I8/I$7*M89 -> -0.34251675 | N120: =J8/J$7*N89 -> -0.55162954 | ... FN120: =FJ8/FJ$7*FN89 -> 0
B121: =B90 -> Mining, Logging and Construction | G121: =C9/C$7*G90 -> -0.15482696 | H121: =D9/D$7*H90 -> -0.40002406 | I121: =E9/E$7*I90 -> -0.33026868 | J121: =F9/F$7*J90 -> -0.0059961025 | K121: =G9/G$7*K90 -> 0.096223238 | L121: =H9/H$7*L90 -> 0.26367831 | M121: =I9/I$7*M90 -> 0.14296351 | N121: =J9/J$7*N90 -> 0.032799594 | ... FN121: =FJ9/FJ$7*FN90 -> 0
B122: =B91 -> Manufacturing | G122: =C10/C$7*G91 -> -0.43715847 | H122: =D10/D$7*H91 -> -0.36994706 | I122: =E10/E$7*I91 -> -0.35109643 | J122: =F10/F$7*J91 -> -0.29081097 | K122: =G10/G$7*K91 -> -0.16538369 | L122: =H10/H$7*L91 -> -0.19775873 | M122: =I10/I$7*M91 -> -0.48548027 | N122: =J10/J$7*N91 -> -0.58442914 | ... FN122: =FJ10/FJ$7*FN91 -> 0
B123: =B92 -> Aerospace | G123: =C11/C$7*G92 -> -0.14875531 | H123: =D11/D$7*H92 -> 0.021053898 | I123: =E11/E$7*I92 -> 0.14281889 | J123: =F11/F$7*J92 -> 0.11392595 | K123: =G11/G$7*K92 -> -0.027062786 | L123: =H11/H$7*L92 -> -0.20674777 | M123: =I11/I$7*M92 -> -0.44378258 | N123: =J11/J$7*N92 -> -0.53970242 | ... FN123: =FJ11/FJ$7*FN92 -> 0
B124: =B93 -> Services providing | G124: =C12/C$7*G93 -> 1.5513054 | H124: =D12/D$7*H93 -> 1.1489413 | I124: =E12/E$7*I93 -> 0.58020173 | J124: =F12/F$7*J93 -> 0.84245241 | K124: =G12/G$7*K93 -> 1.6929276 | L124: =H12/H$7*L93 -> 1.4082819 | M124: =I12/I$7*M93 -> 1.1556217 | N124: =J12/J$7*N93 -> 1.6608522 | ... FN124: =FJ12/FJ$7*FN93 -> 0
B125: =B94 -> Wholesale and retail trade | G125: =C13/C$7*G94 -> -0.07893139 | H125: =D13/D$7*H94 -> -0.096246391 | I125: =E13/E$7*I94 -> -0.19935136 | J125: =F13/F$7*J94 -> -0.42572328 | K125: =G13/G$7*K94 -> 0.0631465 | L125: =H13/H$7*L94 -> 0.059926889 | M125: =I13/I$7*M94 -> 0.020848846 | N125: =J13/J$7*N94 -> 0.10436235 | ... FN125: =FJ13/FJ$7*FN94 -> 0
...

Sheet Baseline ANN
B1: =Info!B3 -> Seattle MD (King & Snohomish Counties) Economic Forecast
B2: =Info!B4 -> City of Seattle Office of Economic and Revenue Forecasts
C3: Historical Data | AL3: Forecast
C4: 1990 | D4: 1991 | E4: 1992 | F4: 1993 | G4: 1994 | H4: 1995 | I4: 1996 | J4: 1997 | K4: 1998 | L4: 1999 | M4: 2000 | N4: 2001 | O4: 2002 | P4: 2003 | Q4: 2004 | R4: 2005 | S4: 2006 | T4: 2007 | U4: 2008 | V4: 2009 | W4: 2010 | X4: 2011 | Y4: 2012 | Z4: 2013 | AA4: 2014 | AB4: 2015 | AC4: 2016 | AD4: 2017 | AE4: 2018 | AF4: 2019 | AG4: 2020 | AH4: 2021 | AI4: 2022 | AJ4: 2023 | AK4: 2024 | AL4: 2025 | AM4: 2026 | AN4: 2027 | AO4: 2028 | AP4: 2029 | AQ4: 2030 | AR4: 2031
A5: ='Baseline QTR'!A5 -> KS_UR | B5: ='Baseline QTR'!B5 -> Unemployment rate (%) | C5: =AVERAGE(OFFSET('Baseline QTR'!$C5,0,4*(COLUMNS('Baseline QTR'!$C5:C5)-1),1,4)) -> 3.7580145 | D5: =AVERAGE(OFFSET('Baseline QTR'!$C5,0,4*(COLUMNS('Baseline QTR'!$C5:D5)-1),1,4)) -> 4.465336 | E5: =AVERAGE(OFFSET('Baseline QTR'!$C5,0,4*(COLUMNS('Baseline QTR'!$C5:E5)-1),1,4)) -> 5.4302723 | F5: =AVERAGE(OFFSET('Baseline QTR'!$C5,0,4*(COLUMNS('Baseline QTR'!$C5:F5)-1),1,4)) -> 5.5561807 | G5: =AVERAGE(OFFSET('Baseline QTR'!$C5,0,4*(COLUMNS('Baseline QTR'!$C5:G5)-1),1,4)) -> 5.0017155 | H5: =AVERAGE(OFFSET('Baseline QTR'!$C5,0,4*(COLUMNS('Baseline QTR'!$C5:H5)-1),1,4)) -> 5.0600292 | I5: =AVERAGE(OFFSET('Baseline QTR'!$C5,0,4*(COLUMNS('Baseline QTR'!$C5:I5)-1),1,4)) -> 4.783093 | J5: =AVERAGE(OFFSET('Baseline QTR'!$C5,0,4*(COLUMNS('Baseline QTR'!$C5:J5)-1),1,4)) -> 3.9107963 | ... AR5: =AVERAGE(OFFSET('Baseline QTR'!$C5,0,4*(COLUMNS('Baseline QTR'!$C5:AR5)-1),1,4)) -> 4.7571475
A7: ='Baseline QTR'!A7 -> KS_N | B7: ='Baseline QTR'!B7 -> Employment (thous.) | C7: =AVERAGE(OFFSET('Baseline QTR'!$C7,0,4*(COLUMNS('Baseline QTR'!$C7:C7)-1),1,4)) -> 1109.6 | D7: =AVERAGE(OFFSET('Baseline QTR'!$C7,0,4*(COLUMNS('Baseline QTR'!$C7:D7)-1),1,4)) -> 1114.5167 | E7: =AVERAGE(OFFSET('Baseline QTR'!$C7,0,4*(COLUMNS('Baseline QTR'!$C7:E7)-1),1,4)) -> 1128.4917 | F7: =AVERAGE(OFFSET('Baseline QTR'!$C7,0,4*(COLUMNS('Baseline QTR'!$C7:F7)-1),1,4)) -> 1140.3167 | G7: =AVERAGE(OFFSET('Baseline QTR'!$C7,0,4*(COLUMNS('Baseline QTR'!$C7:G7)-1),1,4)) -> 1152.1333 | H7: =AVERAGE(OFFSET('Baseline QTR'!$C7,0,4*(COLUMNS('Baseline QTR'!$C7:H7)-1),1,4)) -> 1173.525 | I7: =AVERAGE(OFFSET('Baseline QTR'!$C7,0,4*(COLUMNS('Baseline QTR'!$C7:I7)-1),1,4)) -> 1217.5917 | J7: =AVERAGE(OFFSET('Baseline QTR'!$C7,0,4*(COLUMNS('Baseline QTR'!$C7:J7)-1),1,4)) -> 1288.0583 | ... AR7: =AVERAGE(OFFSET('Baseline QTR'!$C7,0,4*(COLUMNS('Baseline QTR'!$C7:AR7)-1),1,4)) -> 1848.5463
A8: ='Baseline QTR'!A8 -> KS_NGDS | B8: ='Baseline QTR'!B8 -> Goods producing | C8: =AVERAGE(OFFSET('Baseline QTR'!$C8,0,4*(COLUMNS('Baseline QTR'!$C8:C8)-1),1,4)) -> 277.13333 | D8: =AVERAGE(OFFSET('Baseline QTR'!$C8,0,4*(COLUMNS('Baseline QTR'!$C8:D8)-1),1,4)) -> 270.64167 | E8: =AVERAGE(OFFSET('Baseline QTR'!$C8,0,4*(COLUMNS('Baseline QTR'!$C8:E8)-1),1,4)) -> 268.13333 | F8: =AVERAGE(OFFSET('Baseline QTR'!$C8,0,4*(COLUMNS('Baseline QTR'!$C8:F8)-1),1,4)) -> 254.86667 | G8: =AVERAGE(OFFSET('Baseline QTR'!$C8,0,4*(COLUMNS('Baseline QTR'!$C8:G8)-1),1,4)) -> 243.69167 | H8: =AVERAGE(OFFSET('Baseline QTR'!$C8,0,4*(COLUMNS('Baseline QTR'!$C8:H8)-1),1,4)) -> 238.16667 | I8: =AVERAGE(OFFSET('Baseline QTR'!$C8,0,4*(COLUMNS('Baseline QTR'!$C8:I8)-1),1,4)) -> 248.7 | J8: =AVERAGE(OFFSET('Baseline QTR'!$C8,0,4*(COLUMNS('Baseline QTR'!$C8:J8)-1),1,4)) -> 277.25 | ... AR8: =AVERAGE(OFFSET('Baseline QTR'!$C8,0,4*(COLUMNS('Baseline QTR'!$C8:AR8)-1),1,4)) -> 249.34682
A9: ='Baseline QTR'!A9 -> KS_NMLC | B9: ='Baseline QTR'!B9 -> Mining, Logging and Construction | C9: =AVERAGE(OFFSET('Baseline QTR'!$C9,0,4*(COLUMNS('Baseline QTR'!$C9:C9)-1),1,4)) -> 64.425 | D9: =AVERAGE(OFFSET('Baseline QTR'!$C9,0,4*(COLUMNS('Baseline QTR'!$C9:D9)-1),1,4)) -> 61.95 | E9: =AVERAGE(OFFSET('Baseline QTR'!$C9,0,4*(COLUMNS('Baseline QTR'!$C9:E9)-1),1,4)) -> 63.441667 | F9: =AVERAGE(OFFSET('Baseline QTR'!$C9,0,4*(COLUMNS('Baseline QTR'!$C9:F9)-1),1,4)) -> 60.35 | G9: =AVERAGE(OFFSET('Baseline QTR'!$C9,0,4*(COLUMNS('Baseline QTR'!$C9:G9)-1),1,4)) -> 59.433333 | H9: =AVERAGE(OFFSET('Baseline QTR'!$C9,0,4*(COLUMNS('Baseline QTR'!$C9:H9)-1),1,4)) -> 59.941667 | I9: =AVERAGE(OFFSET('Baseline QTR'!$C9,0,4*(COLUMNS('Baseline QTR'!$C9:I9)-1),1,4)) -> 62.116667 | J9: =AVERAGE(OFFSET('Baseline QTR'!$C9,0,4*(COLUMNS('Baseline QTR'!$C9:J9)-1),1,4)) -> 68.3 | ... AR9: =AVERAGE(OFFSET('Baseline QTR'!$C9,0,4*(COLUMNS('Baseline QTR'!$C9:AR9)-1),1,4)) -> 100.44838
A10: ='Baseline QTR'!A10 -> KS_NMFG | B10: ='Baseline QTR'!B10 -> Manufacturing | C10: =AVERAGE(OFFSET('Baseline QTR'!$C10,0,4*(COLUMNS('Baseline QTR'!$C10:C10)-1),1,4)) -> 212.70833 | D10: =AVERAGE(OFFSET('Baseline QTR'!$C10,0,4*(COLUMNS('Baseline QTR'!$C10:D10)-1),1,4)) -> 208.69167 | E10: =AVERAGE(OFFSET('Baseline QTR'!$C10,0,4*(COLUMNS('Baseline QTR'!$C10:E10)-1),1,4)) -> 204.69167 | F10: =AVERAGE(OFFSET('Baseline QTR'!$C10,0,4*(COLUMNS('Baseline QTR'!$C10:F10)-1),1,4)) -> 194.51667 | G10: =AVERAGE(OFFSET('Baseline QTR'!$C10,0,4*(COLUMNS('Baseline QTR'!$C10:G10)-1),1,4)) -> 184.25833 | H10: =AVERAGE(OFFSET('Baseline QTR'!$C10,0,4*(COLUMNS('Baseline QTR'!$C10:H10)-1),1,4)) -> 178.225 | I10: =AVERAGE(OFFSET('Baseline QTR'!$C10,0,4*(COLUMNS('Baseline QTR'!$C10:I10)-1),1,4)) -> 186.58333 | J10: =AVERAGE(OFFSET('Baseline QTR'!$C10,0,4*(COLUMNS('Baseline QTR'!$C10:J10)-1),1,4)) -> 208.95 | ... AR10: =AVERAGE(OFFSET('Baseline QTR'!$C10,0,4*(COLUMNS('Baseline QTR'!$C10:AR10)-1),1,4)) -> 148.89845
A11: ='Baseline QTR'!A11 -> KS_NAER | B11: ='Baseline QTR'!B11 -> Aerospace | C11: =AVERAGE(OFFSET('Baseline QTR'!$C11,0,4*(COLUMNS('Baseline QTR'!$C11:C11)-1),1,4)) -> 112.33333 | D11: =AVERAGE(OFFSET('Baseline QTR'!$C11,0,4*(COLUMNS('Baseline QTR'!$C11:D11)-1),1,4)) -> 112.7 | E11: =AVERAGE(OFFSET('Baseline QTR'!$C11,0,4*(COLUMNS('Baseline QTR'!$C11:E11)-1),1,4)) -> 109.3 | F11: =AVERAGE(OFFSET('Baseline QTR'!$C11,0,4*(COLUMNS('Baseline QTR'!$C11:F11)-1),1,4)) -> 99.825 | G11: =AVERAGE(OFFSET('Baseline QTR'!$C11,0,4*(COLUMNS('Baseline QTR'!$C11:G11)-1),1,4)) -> 89.1 | H11: =AVERAGE(OFFSET('Baseline QTR'!$C11,0,4*(COLUMNS('Baseline QTR'!$C11:H11)-1),1,4)) -> 78.691667 | I11: =AVERAGE(OFFSET('Baseline QTR'!$C11,0,4*(COLUMNS('Baseline QTR'!$C11:I11)-1),1,4)) -> 83.508333 | J11: =AVERAGE(OFFSET('Baseline QTR'!$C11,0,4*(COLUMNS('Baseline QTR'!$C11:J11)-1),1,4)) -> 101.425 | ... AR11: =AVERAGE(OFFSET('Baseline QTR'!$C11,0,4*(COLUMNS('Baseline QTR'!$C11:AR11)-1),1,4)) -> 82.697445
A12: ='Baseline QTR'!A12 -> KS_NSRV | B12: ='Baseline QTR'!B12 -> Services providing | C12: =AVERAGE(OFFSET('Baseline QTR'!$C12,0,4*(COLUMNS('Baseline QTR'!$C12:C12)-1),1,4)) -> 832.46667 | D12: =AVERAGE(OFFSET('Baseline QTR'!$C12,0,4*(COLUMNS('Baseline QTR'!$C12:D12)-1),1,4)) -> 843.875 | E12: =AVERAGE(OFFSET('Baseline QTR'!$C12,0,4*(COLUMNS('Baseline QTR'!$C12:E12)-1),1,4)) -> 860.35833 | F12: =AVERAGE(OFFSET('Baseline QTR'!$C12,0,4*(COLUMNS('Baseline QTR'!$C12:F12)-1),1,4)) -> 885.45 | G12: =AVERAGE(OFFSET('Baseline QTR'!$C12,0,4*(COLUMNS('Baseline QTR'!$C12:G12)-1),1,4)) -> 908.44167 | H12: =AVERAGE(OFFSET('Baseline QTR'!$C12,0,4*(COLUMNS('Baseline QTR'!$C12:H12)-1),1,4)) -> 935.35833 | I12: =AVERAGE(OFFSET('Baseline QTR'!$C12,0,4*(COLUMNS('Baseline QTR'!$C12:I12)-1),1,4)) -> 968.89167 | J12: =AVERAGE(OFFSET('Baseline QTR'!$C12,0,4*(COLUMNS('Baseline QTR'!$C12:J12)-1),1,4)) -> 1010.8083 | ... AR12: =AVERAGE(OFFSET('Baseline QTR'!$C12,0,4*(COLUMNS('Baseline QTR'!$C12:AR12)-1),1,4)) -> 1599.1997
A13: ='Baseline QTR'!A13 -> KS_NTRD | B13: ='Baseline QTR'!B13 -> Wholesale and retail trade | C13: =AVERAGE(OFFSET('Baseline QTR'!$C13,0,4*(COLUMNS('Baseline QTR'!$C13:C13)-1),1,4)) -> 177.45 | D13: =AVERAGE(OFFSET('Baseline QTR'!$C13,0,4*(COLUMNS('Baseline QTR'!$C13:D13)-1),1,4)) -> 175.225 | E13: =AVERAGE(OFFSET('Baseline QTR'!$C13,0,4*(COLUMNS('Baseline QTR'!$C13:E13)-1),1,4)) -> 175.91667 | F13: =AVERAGE(OFFSET('Baseline QTR'!$C13,0,4*(COLUMNS('Baseline QTR'!$C13:F13)-1),1,4)) -> 177.86667 | G13: =AVERAGE(OFFSET('Baseline QTR'!$C13,0,4*(COLUMNS('Baseline QTR'!$C13:G13)-1),1,4)) -> 179.825 | H13: =AVERAGE(OFFSET('Baseline QTR'!$C13,0,4*(COLUMNS('Baseline QTR'!$C13:H13)-1),1,4)) -> 184.9 | I13: =AVERAGE(OFFSET('Baseline QTR'!$C13,0,4*(COLUMNS('Baseline QTR'!$C13:I13)-1),1,4)) -> 192.275 | J13: =AVERAGE(OFFSET('Baseline QTR'!$C13,0,4*(COLUMNS('Baseline QTR'!$C13:J13)-1),1,4)) -> 198.75 | ... AR13: =AVERAGE(OFFSET('Baseline QTR'!$C13,0,4*(COLUMNS('Baseline QTR'!$C13:AR13)-1),1,4)) -> 204.1374
A14: ='Baseline QTR'!A14 -> KS_NTWU | B14: ='Baseline QTR'!B14 -> Transportation and public utilities | C14: =AVERAGE(OFFSET('Baseline QTR'!$C14,0,4*(COLUMNS('Baseline QTR'!$C14:C14)-1),1,4)) -> 46.858333 | D14: =AVERAGE(OFFSET('Baseline QTR'!$C14,0,4*(COLUMNS('Baseline QTR'!$C14:D14)-1),1,4)) -> 48.058333 | E14: =AVERAGE(OFFSET('Baseline QTR'!$C14,0,4*(COLUMNS('Baseline QTR'!$C14:E14)-1),1,4)) -> 47.408333 | F14: =AVERAGE(OFFSET('Baseline QTR'!$C14,0,4*(COLUMNS('Baseline QTR'!$C14:F14)-1),1,4)) -> 46.741667 | G14: =AVERAGE(OFFSET('Baseline QTR'!$C14,0,4*(COLUMNS('Baseline QTR'!$C14:G14)-1),1,4)) -> 47.35 | H14: =AVERAGE(OFFSET('Baseline QTR'!$C14,0,4*(COLUMNS('Baseline QTR'!$C14:H14)-1),1,4)) -> 47.925 | I14: =AVERAGE(OFFSET('Baseline QTR'!$C14,0,4*(COLUMNS('Baseline QTR'!$C14:I14)-1),1,4)) -> 49.875 | J14: =AVERAGE(OFFSET('Baseline QTR'!$C14,0,4*(COLUMNS('Baseline QTR'!$C14:J14)-1),1,4)) -> 51.1 | ... AR14: =AVERAGE(OFFSET('Baseline QTR'!$C14,0,4*(COLUMNS('Baseline QTR'!$C14:AR14)-1),1,4)) -> 69.858072
A15: ='Baseline QTR'!A15 -> KS_NINF | B15: ='Baseline QTR'!B15 -> Information | C15: =AVERAGE(OFFSET('Baseline QTR'!$C15,0,4*(COLUMNS('Baseline QTR'!$C15:C15)-1),1,4)) -> 31.716667 | D15: =AVERAGE(OFFSET('Baseline QTR'!$C15,0,4*(COLUMNS('Baseline QTR'!$C15:D15)-1),1,4)) -> 33.208333 | E15: =AVERAGE(OFFSET('Baseline QTR'!$C15,0,4*(COLUMNS('Baseline QTR'!$C15:E15)-1),1,4)) -> 35.25 | F15: =AVERAGE(OFFSET('Baseline QTR'!$C15,0,4*(COLUMNS('Baseline QTR'!$C15:F15)-1),1,4)) -> 38.016667 | G15: =AVERAGE(OFFSET('Baseline QTR'!$C15,0,4*(COLUMNS('Baseline QTR'!$C15:G15)-1),1,4)) -> 40.516667 | H15: =AVERAGE(OFFSET('Baseline QTR'!$C15,0,4*(COLUMNS('Baseline QTR'!$C15:H15)-1),1,4)) -> 45.9 | I15: =AVERAGE(OFFSET('Baseline QTR'!$C15,0,4*(COLUMNS('Baseline QTR'!$C15:I15)-1),1,4)) -> 50 | J15: =AVERAGE(OFFSET('Baseline QTR'!$C15,0,4*(COLUMNS('Baseline QTR'!$C15:J15)-1),1,4)) -> 53.65 | ... AR15: =AVERAGE(OFFSET('Baseline QTR'!$C15,0,4*(COLUMNS('Baseline QTR'!$C15:AR15)-1),1,4)) -> 127.74715
A16: ='Baseline QTR'!A16 -> KS_NFIN | B16: ='Baseline QTR'!B16 -> Financial activities | C16: =AVERAGE(OFFSET('Baseline QTR'!$C16,0,4*(COLUMNS('Baseline QTR'!$C16:C16)-1),1,4)) -> 70.741667 | D16: =AVERAGE(OFFSET('Baseline QTR'!$C16,0,4*(COLUMNS('Baseline QTR'!$C16:D16)-1),1,4)) -> 70.741667 | E16: =AVERAGE(OFFSET('Baseline QTR'!$C16,0,4*(COLUMNS('Baseline QTR'!$C16:E16)-1),1,4)) -> 72.116667 | F16: =AVERAGE(OFFSET('Baseline QTR'!$C16,0,4*(COLUMNS('Baseline QTR'!$C16:F16)-1),1,4)) -> 74.75 | G16: =AVERAGE(OFFSET('Baseline QTR'!$C16,0,4*(COLUMNS('Baseline QTR'!$C16:G16)-1),1,4)) -> 75.866667 | H16: =AVERAGE(OFFSET('Baseline QTR'!$C16,0,4*(COLUMNS('Baseline QTR'!$C16:H16)-1),1,4)) -> 73.908333 | I16: =AVERAGE(OFFSET('Baseline QTR'!$C16,0,4*(COLUMNS('Baseline QTR'!$C16:I16)-1),1,4)) -> 75.916667 | J16: =AVERAGE(OFFSET('Baseline QTR'!$C16,0,4*(COLUMNS('Baseline QTR'!$C16:J16)-1),1,4)) -> 78.091667 | ... AR16: =AVERAGE(OFFSET('Baseline QTR'!$C16,0,4*(COLUMNS('Baseline QTR'!$C16:AR16)-1),1,4)) -> 86.28026
A17: ='Baseline QTR'!A17 -> KS_NPBS | B17: ='Baseline QTR'!B17 -> Professional and business services | C17: =AVERAGE(OFFSET('Baseline QTR'!$C17,0,4*(COLUMNS('Baseline QTR'!$C17:C17)-1),1,4)) -> 124.48333 | D17: =AVERAGE(OFFSET('Baseline QTR'!$C17,0,4*(COLUMNS('Baseline QTR'!$C17:D17)-1),1,4)) -> 124.3 | E17: =AVERAGE(OFFSET('Baseline QTR'!$C17,0,4*(COLUMNS('Baseline QTR'!$C17:E17)-1),1,4)) -> 125.875 | F17: =AVERAGE(OFFSET('Baseline QTR'!$C17,0,4*(COLUMNS('Baseline QTR'!$C17:F17)-1),1,4)) -> 131.95833 | G17: =AVERAGE(OFFSET('Baseline QTR'!$C17,0,4*(COLUMNS('Baseline QTR'!$C17:G17)-1),1,4)) -> 140.54167 | H17: =AVERAGE(OFFSET('Baseline QTR'!$C17,0,4*(COLUMNS('Baseline QTR'!$C17:H17)-1),1,4)) -> 145.98333 | I17: =AVERAGE(OFFSET('Baseline QTR'!$C17,0,4*(COLUMNS('Baseline QTR'!$C17:I17)-1),1,4)) -> 155.825 | J17: =AVERAGE(OFFSET('Baseline QTR'!$C17,0,4*(COLUMNS('Baseline QTR'!$C17:J17)-1),1,4)) -> 169.425 | ... AR17: =AVERAGE(OFFSET('Baseline QTR'!$C17,0,4*(COLUMNS('Baseline QTR'!$C17:AR17)-1),1,4)) -> 366.36497
A18: ='Baseline QTR'!A19 -> KS_NRSV | B18: ='Baseline QTR'!B18 -> Leisure and Hospitality services | C18: =AVERAGE(OFFSET('Baseline QTR'!$C18,0,4*(COLUMNS('Baseline QTR'!$C18:C18)-1),1,4)) -> 90.841667 | D18: =AVERAGE(OFFSET('Baseline QTR'!$C18,0,4*(COLUMNS('Baseline QTR'!$C18:D18)-1),1,4)) -> 91.825 | E18: =AVERAGE(OFFSET('Baseline QTR'!$C18,0,4*(COLUMNS('Baseline QTR'!$C18:E18)-1),1,4)) -> 93.475 | F18: =AVERAGE(OFFSET('Baseline QTR'!$C18,0,4*(COLUMNS('Baseline QTR'!$C18:F18)-1),1,4)) -> 96.591667 | G18: =AVERAGE(OFFSET('Baseline QTR'!$C18,0,4*(COLUMNS('Baseline QTR'!$C18:G18)-1),1,4)) -> 98.966667 | H18: =AVERAGE(OFFSET('Baseline QTR'!$C18,0,4*(COLUMNS('Baseline QTR'!$C18:H18)-1),1,4)) -> 103.00833 | I18: =AVERAGE(OFFSET('Baseline QTR'!$C18,0,4*(COLUMNS('Baseline QTR'!$C18:I18)-1),1,4)) -> 106.35 | J18: =AVERAGE(OFFSET('Baseline QTR'!$C18,0,4*(COLUMNS('Baseline QTR'!$C18:J18)-1),1,4)) -> 109.75 | ... AR18: =AVERAGE(OFFSET('Baseline QTR'!$C18,0,4*(COLUMNS('Baseline QTR'!$C18:AR18)-1),1,4)) -> 191.53405
A19: ='Baseline QTR'!A18 -> KS_NLHS | B19: ='Baseline QTR'!B19 -> Educational and Health Services, Other services | C19: =AVERAGE(OFFSET('Baseline QTR'!$C19,0,4*(COLUMNS('Baseline QTR'!$C19:C19)-1),1,4)) -> 142.9 | D19: =AVERAGE(OFFSET('Baseline QTR'!$C19,0,4*(COLUMNS('Baseline QTR'!$C19:D19)-1),1,4)) -> 147.50833 | E19: =AVERAGE(OFFSET('Baseline QTR'!$C19,0,4*(COLUMNS('Baseline QTR'!$C19:E19)-1),1,4)) -> 151.575 | F19: =AVERAGE(OFFSET('Baseline QTR'!$C19,0,4*(COLUMNS('Baseline QTR'!$C19:F19)-1),1,4)) -> 157.61667 | G19: =AVERAGE(OFFSET('Baseline QTR'!$C19,0,4*(COLUMNS('Baseline QTR'!$C19:G19)-1),1,4)) -> 160.86667 | H19: =AVERAGE(OFFSET('Baseline QTR'!$C19,0,4*(COLUMNS('Baseline QTR'!$C19:H19)-1),1,4)) -> 165.875 | I19: =AVERAGE(OFFSET('Baseline QTR'!$C19,0,4*(COLUMNS('Baseline QTR'!$C19:I19)-1),1,4)) -> 167.98333 | J19: =AVERAGE(OFFSET('Baseline QTR'!$C19,0,4*(COLUMNS('Baseline QTR'!$C19:J19)-1),1,4)) -> 176.21667 | ... AR19: =AVERAGE(OFFSET('Baseline QTR'!$C19,0,4*(COLUMNS('Baseline QTR'!$C19:AR19)-1),1,4)) -> 320.90492
A20: ='Baseline QTR'!A20 -> KS_NGOV | B20: ='Baseline QTR'!B20 -> Government | C20: =AVERAGE(OFFSET('Baseline QTR'!$C20,0,4*(COLUMNS('Baseline QTR'!$C20:C20)-1),1,4)) -> 147.475 | D20: =AVERAGE(OFFSET('Baseline QTR'!$C20,0,4*(COLUMNS('Baseline QTR'!$C20:D20)-1),1,4)) -> 153.00833 | E20: =AVERAGE(OFFSET('Baseline QTR'!$C20,0,4*(COLUMNS('Baseline QTR'!$C20:E20)-1),1,4)) -> 158.74167 | F20: =AVERAGE(OFFSET('Baseline QTR'!$C20,0,4*(COLUMNS('Baseline QTR'!$C20:F20)-1),1,4)) -> 161.90833 | G20: =AVERAGE(OFFSET('Baseline QTR'!$C20,0,4*(COLUMNS('Baseline QTR'!$C20:G20)-1),1,4)) -> 164.50833 | H20: =AVERAGE(OFFSET('Baseline QTR'!$C20,0,4*(COLUMNS('Baseline QTR'!$C20:H20)-1),1,4)) -> 167.85833 | I20: =AVERAGE(OFFSET('Baseline QTR'!$C20,0,4*(COLUMNS('Baseline QTR'!$C20:I20)-1),1,4)) -> 170.66667 | J20: =AVERAGE(OFFSET('Baseline QTR'!$C20,0,4*(COLUMNS('Baseline QTR'!$C20:J20)-1),1,4)) -> 173.825 | ... AR20: =AVERAGE(OFFSET('Baseline QTR'!$C20,0,4*(COLUMNS('Baseline QTR'!$C20:AR20)-1),1,4)) -> 232.37255
A21: ='Baseline QTR'!A21 -> KS_NGOVSL | B21: ='Baseline QTR'!B21 -> State and local | C21: =AVERAGE(OFFSET('Baseline QTR'!$C21,0,4*(COLUMNS('Baseline QTR'!$C21:C21)-1),1,4)) -> 125.725 | D21: =AVERAGE(OFFSET('Baseline QTR'!$C21,0,4*(COLUMNS('Baseline QTR'!$C21:D21)-1),1,4)) -> 131.575 | E21: =AVERAGE(OFFSET('Baseline QTR'!$C21,0,4*(COLUMNS('Baseline QTR'!$C21:E21)-1),1,4)) -> 136.98333 | F21: =AVERAGE(OFFSET('Baseline QTR'!$C21,0,4*(COLUMNS('Baseline QTR'!$C21:F21)-1),1,4)) -> 139.58333 | G21: =AVERAGE(OFFSET('Baseline QTR'!$C21,0,4*(COLUMNS('Baseline QTR'!$C21:G21)-1),1,4)) -> 142.25 | H21: =AVERAGE(OFFSET('Baseline QTR'!$C21,0,4*(COLUMNS('Baseline QTR'!$C21:H21)-1),1,4)) -> 145.98333 | I21: =AVERAGE(OFFSET('Baseline QTR'!$C21,0,4*(COLUMNS('Baseline QTR'!$C21:I21)-1),1,4)) -> 149.14167 | J21: =AVERAGE(OFFSET('Baseline QTR'!$C21,0,4*(COLUMNS('Baseline QTR'!$C21:J21)-1),1,4)) -> 152.05 | ... AR21: =AVERAGE(OFFSET('Baseline QTR'!$C21,0,4*(COLUMNS('Baseline QTR'!$C21:AR21)-1),1,4)) -> 213.36978
A22: ='Baseline QTR'!A22 -> KS_NGOVFED | B22: ='Baseline QTR'!B22 -> Federal | C22: =AVERAGE(OFFSET('Baseline QTR'!$C22,0,4*(COLUMNS('Baseline QTR'!$C22:C22)-1),1,4)) -> 21.75 | D22: =AVERAGE(OFFSET('Baseline QTR'!$C22,0,4*(COLUMNS('Baseline QTR'!$C22:D22)-1),1,4)) -> 21.433333 | E22: =AVERAGE(OFFSET('Baseline QTR'!$C22,0,4*(COLUMNS('Baseline QTR'!$C22:E22)-1),1,4)) -> 21.758333 | F22: =AVERAGE(OFFSET('Baseline QTR'!$C22,0,4*(COLUMNS('Baseline QTR'!$C22:F22)-1),1,4)) -> 22.325 | G22: =AVERAGE(OFFSET('Baseline QTR'!$C22,0,4*(COLUMNS('Baseline QTR'!$C22:G22)-1),1,4)) -> 22.258333 | H22: =AVERAGE(OFFSET('Baseline QTR'!$C22,0,4*(COLUMNS('Baseline QTR'!$C22:H22)-1),1,4)) -> 21.875 | I22: =AVERAGE(OFFSET('Baseline QTR'!$C22,0,4*(COLUMNS('Baseline QTR'!$C22:I22)-1),1,4)) -> 21.525 | J22: =AVERAGE(OFFSET('Baseline QTR'!$C22,0,4*(COLUMNS('Baseline QTR'!$C22:J22)-1),1,4)) -> 21.775 | ... AR22: =AVERAGE(OFFSET('Baseline QTR'!$C22,0,4*(COLUMNS('Baseline QTR'!$C22:AR22)-1),1,4)) -> 19.002813
A24: ='Baseline QTR'!A24 -> KS_PIR | B24: ='Baseline QTR'!B24 -> Personal income (mil. $2012) | C24: =AVERAGE(OFFSET('Baseline QTR'!$C24,0,4*(COLUMNS('Baseline QTR'!$C24:C24)-1),1,4)) -> 80414.504 | D24: =AVERAGE(OFFSET('Baseline QTR'!$C24,0,4*(COLUMNS('Baseline QTR'!$C24:D24)-1),1,4)) -> 82756.648 | E24: =AVERAGE(OFFSET('Baseline QTR'!$C24,0,4*(COLUMNS('Baseline QTR'!$C24:E24)-1),1,4)) -> 86666.91 | F24: =AVERAGE(OFFSET('Baseline QTR'!$C24,0,4*(COLUMNS('Baseline QTR'!$C24:F24)-1),1,4)) -> 87592.694 | G24: =AVERAGE(OFFSET('Baseline QTR'!$C24,0,4*(COLUMNS('Baseline QTR'!$C24:G24)-1),1,4)) -> 90180.794 | H24: =AVERAGE(OFFSET('Baseline QTR'!$C24,0,4*(COLUMNS('Baseline QTR'!$C24:H24)-1),1,4)) -> 93706.606 | I24: =AVERAGE(OFFSET('Baseline QTR'!$C24,0,4*(COLUMNS('Baseline QTR'!$C24:I24)-1),1,4)) -> 99370.01 | J24: =AVERAGE(OFFSET('Baseline QTR'!$C24,0,4*(COLUMNS('Baseline QTR'!$C24:J24)-1),1,4)) -> 106103.33 | ... AR24: =AVERAGE(OFFSET('Baseline QTR'!$C24,0,4*(COLUMNS('Baseline QTR'!$C24:AR24)-1),1,4)) -> 362289.55
A25: ='Baseline QTR'!A25 -> KS_PI | B25: ='Baseline QTR'!B25 -> Personal income (mil. $) | C25: =AVERAGE(OFFSET('Baseline QTR'!$C25,0,4*(COLUMNS('Baseline QTR'!$C25:C25)-1),1,4)) -> 48072.906 | D25: =AVERAGE(OFFSET('Baseline QTR'!$C25,0,4*(COLUMNS('Baseline QTR'!$C25:D25)-1),1,4)) -> 51126.397 | E25: =AVERAGE(OFFSET('Baseline QTR'!$C25,0,4*(COLUMNS('Baseline QTR'!$C25:E25)-1),1,4)) -> 54969.033 | F25: =AVERAGE(OFFSET('Baseline QTR'!$C25,0,4*(COLUMNS('Baseline QTR'!$C25:F25)-1),1,4)) -> 56937.406 | G25: =AVERAGE(OFFSET('Baseline QTR'!$C25,0,4*(COLUMNS('Baseline QTR'!$C25:G25)-1),1,4)) -> 59843.567 | H25: =AVERAGE(OFFSET('Baseline QTR'!$C25,0,4*(COLUMNS('Baseline QTR'!$C25:H25)-1),1,4)) -> 63492.435 | I25: =AVERAGE(OFFSET('Baseline QTR'!$C25,0,4*(COLUMNS('Baseline QTR'!$C25:I25)-1),1,4)) -> 68770.936 | J25: =AVERAGE(OFFSET('Baseline QTR'!$C25,0,4*(COLUMNS('Baseline QTR'!$C25:J25)-1),1,4)) -> 74707.336 | ... AR25: =AVERAGE(OFFSET('Baseline QTR'!$C25,0,4*(COLUMNS('Baseline QTR'!$C25:AR25)-1),1,4)) -> 525433.8
A26: ='Baseline QTR'!A26 -> KS_PIWS | B26: ='Baseline QTR'!B26 -> Wage and salary disbursements (mil. $) | C26: =AVERAGE(OFFSET('Baseline QTR'!$C26,0,4*(COLUMNS('Baseline QTR'!$C26:C26)-1),1,4)) -> 30108.644 | D26: =AVERAGE(OFFSET('Baseline QTR'!$C26,0,4*(COLUMNS('Baseline QTR'!$C26:D26)-1),1,4)) -> 31973.365 | E26: =AVERAGE(OFFSET('Baseline QTR'!$C26,0,4*(COLUMNS('Baseline QTR'!$C26:E26)-1),1,4)) -> 34891.163 | F26: =AVERAGE(OFFSET('Baseline QTR'!$C26,0,4*(COLUMNS('Baseline QTR'!$C26:F26)-1),1,4)) -> 35259.693 | G26: =AVERAGE(OFFSET('Baseline QTR'!$C26,0,4*(COLUMNS('Baseline QTR'!$C26:G26)-1),1,4)) -> 36538.617 | H26: =AVERAGE(OFFSET('Baseline QTR'!$C26,0,4*(COLUMNS('Baseline QTR'!$C26:H26)-1),1,4)) -> 38810.773 | I26: =AVERAGE(OFFSET('Baseline QTR'!$C26,0,4*(COLUMNS('Baseline QTR'!$C26:I26)-1),1,4)) -> 42815.45 | J26: =AVERAGE(OFFSET('Baseline QTR'!$C26,0,4*(COLUMNS('Baseline QTR'!$C26:J26)-1),1,4)) -> 48886.185 | ... AR26: =AVERAGE(OFFSET('Baseline QTR'!$C26,0,4*(COLUMNS('Baseline QTR'!$C26:AR26)-1),1,4)) -> 316457.45
A27: ='Baseline QTR'!A27 -> KS_PIPC | B27: ='Baseline QTR'!B27 -> Per capita personal income ($) | C27: =AVERAGE(OFFSET('Baseline QTR'!$C27,0,4*(COLUMNS('Baseline QTR'!$C27:C27)-1),1,4)) -> 24043.259 | D27: =AVERAGE(OFFSET('Baseline QTR'!$C27,0,4*(COLUMNS('Baseline QTR'!$C27:D27)-1),1,4)) -> 24928.32 | E27: =AVERAGE(OFFSET('Baseline QTR'!$C27,0,4*(COLUMNS('Baseline QTR'!$C27:E27)-1),1,4)) -> 26447.908 | F27: =AVERAGE(OFFSET('Baseline QTR'!$C27,0,4*(COLUMNS('Baseline QTR'!$C27:F27)-1),1,4)) -> 26983.257 | G27: =AVERAGE(OFFSET('Baseline QTR'!$C27,0,4*(COLUMNS('Baseline QTR'!$C27:G27)-1),1,4)) -> 27962.579 | H27: =AVERAGE(OFFSET('Baseline QTR'!$C27,0,4*(COLUMNS('Baseline QTR'!$C27:H27)-1),1,4)) -> 29303.184 | I27: =AVERAGE(OFFSET('Baseline QTR'!$C27,0,4*(COLUMNS('Baseline QTR'!$C27:I27)-1),1,4)) -> 31348.697 | J27: =AVERAGE(OFFSET('Baseline QTR'!$C27,0,4*(COLUMNS('Baseline QTR'!$C27:J27)-1),1,4)) -> 33508.02 | ... AR27: =AVERAGE(OFFSET('Baseline QTR'!$C27,0,4*(COLUMNS('Baseline QTR'!$C27:AR27)-1),1,4)) -> 153873.55
A29: ='Baseline QTR'!A29 -> KSP_CPIU | B29: ='Baseline QTR'!B29 -> Seattle MSA CPI-U (1982-1984=100) | C29: 126.8 | D29: 134.1 | E29: 139 | F29: 142.9 | G29: 147.8 | H29: 152.25 | I29: 157.5 | J29: 163 | K29: 167.75 | L29: 172.8 | M29: 179.2 | N29: 185.65 | O29: 189.3 | P29: 192.35 | Q29: 194.7 | R29: 200.25 | S29: 207.65 | T29: 215.656 | U29: 224.719 | V29: 226.0275 | W29: 226.6925 | X29: 232.765 | Y29: 238.6625 | Z29: 241.5635 | AA29: 246.0185 | AB29: 249.364 | AC29: 254.886 | AD29: 262.668 | AE29: 271.089 | AF29: 277.984 | AG29: 282.693 | AH29: 295.56 | AI29: 322.167 | AJ29: 340.845 | AK29: 353.488 | AL29: =(0.227279754217645*'Baseline QTR'!EM29+0.358148636276811*'Baseline QTR'!EN29+0.159174869010229*'Baseline QTR'!EO29+0.255396740495315*'Baseline QTR'!EP29) -> 362.45832 | AM29: =(0.227279754217645*'Baseline QTR'!EQ29+0.358148636276811*'Baseline QTR'!ER29+0.159174869010229*'Baseline QTR'!ES29+0.255396740495315*'Baseline QTR'!ET29) -> 378.36397 | AN29: =(0.227279754217645*'Baseline QTR'!EU29+0.358148636276811*'Baseline QTR'!EV29+0.159174869010229*'Baseline QTR'!EW29+0.255396740495315*'Baseline QTR'!EX29) -> 390.4115 | AO29: =(0.227279754217645*'Baseline QTR'!EY29+0.358148636276811*'Baseline QTR'!EZ29+0.159174869010229*'Baseline QTR'!FA29+0.255396740495315*'Baseline QTR'!FB29) -> 400.23775 | AP29: =(0.227279754217645*'Baseline QTR'!FC29+0.358148636276811*'Baseline QTR'!FD29+0.159174869010229*'Baseline QTR'!FE29+0.255396740495315*'Baseline QTR'!FF29) -> 409.45546 | AQ29: =(0.227279754217645*'Baseline QTR'!FG29+0.358148636276811*'Baseline QTR'!FH29+0.159174869010229*'Baseline QTR'!FI29+0.255396740495315*'Baseline QTR'!FJ29) -> 418.16281 | AR29: =(0.227279754217645*'Baseline QTR'!FK29+0.358148636276811*'Baseline QTR'!FL29+0.159174869010229*'Baseline QTR'!FM29+0.255396740495315*'Baseline QTR'!FN29) -> 427.37755
A30: ='Baseline QTR'!A30 -> KSP_CPIW | B30: ='Baseline QTR'!B30 -> Seattle MSA CPI-W (1982-1984=100) | C30: 124.45 | D30: 131.3 | E30: 136 | F30: 140 | G30: 145.1 | H30: 149.35 | I30: 154.25 | J30: 159.05 | K30: 163.25 | L30: 168.25 | M30: 174.6 | N30: 180.75 | O30: 184 | P30: 186.65 | Q30: 189.6 | R30: 195.3 | S30: 202.6 | T30: 210.2665 | U30: 219.6925 | V30: 220.658 | W30: 222.3835 | X30: 229.435 | Y30: 235.2615 | Z30: 238.129 | AA30: 242.732 | AB30: 244.933 | AC30: 250.523 | AD30: 258.847 | AE30: 267.55 | AF30: 273.272 | AG30: 278.476 | AH30: 291.704 | AI30: 317.403 | AJ30: 334.911 | AK30: 347.018 | AL30: =(0.226145723750713*'Baseline QTR'!EM30+0.358025636331123*'Baseline QTR'!EN30+0.156841164563658*'Baseline QTR'!EO30+0.258987475354506*'Baseline QTR'!EP30) -> 356.15076 | AM30: =(0.226145723750713*'Baseline QTR'!EQ30+0.358025636331123*'Baseline QTR'!ER30+0.156841164563658*'Baseline QTR'!ES30+0.258987475354506*'Baseline QTR'!ET30) -> 369.48898 | AN30: =(0.226145723750713*'Baseline QTR'!EU30+0.358025636331123*'Baseline QTR'!EV30+0.156841164563658*'Baseline QTR'!EW30+0.258987475354506*'Baseline QTR'!EX30) -> 379.5126 | AO30: =(0.226145723750713*'Baseline QTR'!EY30+0.358025636331123*'Baseline QTR'!EZ30+0.156841164563658*'Baseline QTR'!FA30+0.258987475354506*'Baseline QTR'!FB30) -> 388.98655 | AP30: =(0.226145723750713*'Baseline QTR'!FC30+0.358025636331123*'Baseline QTR'!FD30+0.156841164563658*'Baseline QTR'!FE30+0.258987475354506*'Baseline QTR'!FF30) -> 397.16085 | AQ30: =(0.226145723750713*'Baseline QTR'!FG30+0.358025636331123*'Baseline QTR'!FH30+0.156841164563658*'Baseline QTR'!FI30+0.258987475354506*'Baseline QTR'!FJ30) -> 405.59376 | AR30: =(0.226145723750713*'Baseline QTR'!FK30+0.358025636331123*'Baseline QTR'!FL30+0.156841164563658*'Baseline QTR'!FM30+0.258987475354506*'Baseline QTR'!FN30) -> 414.35545
A31: ='Baseline QTR'!A31 -> KSP_PHCL | B31: ='Baseline QTR'!B31 -> Seattle MSA S&P CoreLogic Case-Shilller Home Price Index | C31: =AVERAGE(OFFSET('Baseline QTR'!$C31,0,4*(COLUMNS('Baseline QTR'!$C31:C31)-1),1,4)) -> 65.511398 | D31: =AVERAGE(OFFSET('Baseline QTR'!$C31,0,4*(COLUMNS('Baseline QTR'!$C31:D31)-1),1,4)) -> 65.974565 | E31: =AVERAGE(OFFSET('Baseline QTR'!$C31,0,4*(COLUMNS('Baseline QTR'!$C31:E31)-1),1,4)) -> 67.139369 | F31: =AVERAGE(OFFSET('Baseline QTR'!$C31,0,4*(COLUMNS('Baseline QTR'!$C31:F31)-1),1,4)) -> 68.530383 | G31: =AVERAGE(OFFSET('Baseline QTR'!$C31,0,4*(COLUMNS('Baseline QTR'!$C31:G31)-1),1,4)) -> 71.2322 | H31: =AVERAGE(OFFSET('Baseline QTR'!$C31,0,4*(COLUMNS('Baseline QTR'!$C31:H31)-1),1,4)) -> 72.245546 | I31: =AVERAGE(OFFSET('Baseline QTR'!$C31,0,4*(COLUMNS('Baseline QTR'!$C31:I31)-1),1,4)) -> 74.108393 | J31: =AVERAGE(OFFSET('Baseline QTR'!$C31,0,4*(COLUMNS('Baseline QTR'!$C31:J31)-1),1,4)) -> 79.765094 | ... AR31: =AVERAGE(OFFSET('Baseline QTR'!$C31,0,4*(COLUMNS('Baseline QTR'!$C31:AR31)-1),1,4)) -> 439.26008
A32: ='Baseline QTR'!A32 -> KS_BP | B32: ='Baseline QTR'!B32 -> Housing permits (thous.) | C32: =AVERAGE(OFFSET('Baseline QTR'!$C32,0,4*(COLUMNS('Baseline QTR'!$C32:C32)-1),1,4)) -> 23186 | D32: =AVERAGE(OFFSET('Baseline QTR'!$C32,0,4*(COLUMNS('Baseline QTR'!$C32:D32)-1),1,4)) -> 10395 | E32: =AVERAGE(OFFSET('Baseline QTR'!$C32,0,4*(COLUMNS('Baseline QTR'!$C32:E32)-1),1,4)) -> 13371.998 | F32: =AVERAGE(OFFSET('Baseline QTR'!$C32,0,4*(COLUMNS('Baseline QTR'!$C32:F32)-1),1,4)) -> 13166 | G32: =AVERAGE(OFFSET('Baseline QTR'!$C32,0,4*(COLUMNS('Baseline QTR'!$C32:G32)-1),1,4)) -> 14959 | H32: =AVERAGE(OFFSET('Baseline QTR'!$C32,0,4*(COLUMNS('Baseline QTR'!$C32:H32)-1),1,4)) -> 13964 | I32: =AVERAGE(OFFSET('Baseline QTR'!$C32,0,4*(COLUMNS('Baseline QTR'!$C32:I32)-1),1,4)) -> 16031 | J32: =AVERAGE(OFFSET('Baseline QTR'!$C32,0,4*(COLUMNS('Baseline QTR'!$C32:J32)-1),1,4)) -> 17877 | ... AR32: =AVERAGE(OFFSET('Baseline QTR'!$C32,0,4*(COLUMNS('Baseline QTR'!$C32:AR32)-1),1,4)) -> 15337.78
A33: ='Baseline QTR'!A33 -> KS_POP | B33: ='Baseline QTR'!B33 -> Population (thous.) | C33: =AVERAGE(OFFSET('Baseline QTR'!$C33,0,4*(COLUMNS('Baseline QTR'!$C33:C33)-1),1,4)) -> 1999.2115 | D33: =AVERAGE(OFFSET('Baseline QTR'!$C33,0,4*(COLUMNS('Baseline QTR'!$C33:D33)-1),1,4)) -> 2050.811 | E33: =AVERAGE(OFFSET('Baseline QTR'!$C33,0,4*(COLUMNS('Baseline QTR'!$C33:E33)-1),1,4)) -> 2078.2645 | F33: =AVERAGE(OFFSET('Baseline QTR'!$C33,0,4*(COLUMNS('Baseline QTR'!$C33:F33)-1),1,4)) -> 2110.0369 | G33: =AVERAGE(OFFSET('Baseline QTR'!$C33,0,4*(COLUMNS('Baseline QTR'!$C33:G33)-1),1,4)) -> 2140.0514 | H33: =AVERAGE(OFFSET('Baseline QTR'!$C33,0,4*(COLUMNS('Baseline QTR'!$C33:H33)-1),1,4)) -> 2166.6695 | I33: =AVERAGE(OFFSET('Baseline QTR'!$C33,0,4*(COLUMNS('Baseline QTR'!$C33:I33)-1),1,4)) -> 2193.6384 | J33: =AVERAGE(OFFSET('Baseline QTR'!$C33,0,4*(COLUMNS('Baseline QTR'!$C33:J33)-1),1,4)) -> 2229.3993 | ... AR33: =AVERAGE(OFFSET('Baseline QTR'!$C33,0,4*(COLUMNS('Baseline QTR'!$C33:AR33)-1),1,4)) -> 3414.6197
B36: Growth, % change from previous year
C37: =C4 -> 1990 | D37: =D4 -> 1991 | E37: =E4 -> 1992 | F37: =F4 -> 1993 | G37: =G4 -> 1994 | H37: =H4 -> 1995 | I37: =I4 -> 1996 | J37: =J4 -> 1997 | ... AR37: =AR4 -> 2031
B38: =B7 -> Employment (thous.) | D38: =100*(D7/C7-1) -> 0.44310262 | E38: =100*(E7/D7-1) -> 1.2539068 | F38: =100*(F7/E7-1) -> 1.0478589 | G38: =100*(G7/F7-1) -> 1.0362619 | H38: =100*(H7/G7-1) -> 1.8567006 | I38: =100*(I7/H7-1) -> 3.7550684 | J38: =100*(J7/I7-1) -> 5.7873808 | K38: =100*(K7/J7-1) -> 4.8108587 | ... AR38: =100*(AR7/AQ7-1) -> 1.1983368
B39: =B8 -> Goods producing | D39: =100*(D8/C8-1) -> -2.3424344 | E39: =100*(E8/D8-1) -> -0.92680974 | F39: =100*(F8/E8-1) -> -4.9477872 | G39: =100*(G8/F8-1) -> -4.3846456 | H39: =100*(H8/G8-1) -> -2.2672092 | I39: =100*(I8/H8-1) -> 4.4226732 | J39: =100*(J8/I8-1) -> 11.479694 | K39: =100*(K8/J8-1) -> 5.7499249 | ... AR39: =100*(AR8/AQ8-1) -> 0.3779165
B40: =B9 -> Mining, Logging and Construction | D40: =100*(D9/C9-1) -> -3.8416764 | E40: =100*(E9/D9-1) -> 2.4078558 | F40: =100*(F9/E9-1) -> -4.8732431 | G40: =100*(G9/F9-1) -> -1.5189174 | H40: =100*(H9/G9-1) -> 0.85530006 | I40: =100*(I9/H9-1) -> 3.6285277 | J40: =100*(J9/I9-1) -> 9.9543869 | K40: =100*(K9/J9-1) -> 7.9795022 | ... AR40: =100*(AR9/AQ9-1) -> 1.5610088
B41: =B10 -> Manufacturing | D41: =100*(D10/C10-1) -> -1.8883448 | E41: =100*(E10/D10-1) -> -1.9167033 | F41: =100*(F10/E10-1) -> -4.9708912 | G41: =100*(G10/F10-1) -> -5.2737555 | H41: =100*(H10/G10-1) -> -3.2743883 | I41: =100*(I10/H10-1) -> 4.6897648 | J41: =100*(J10/I10-1) -> 11.987494 | K41: =100*(K10/J10-1) -> 5.0211374 | ... AR41: =100*(AR10/AQ10-1) -> -0.40475621
B42: =B11 -> Aerospace | D42: =100*(D11/C11-1) -> 0.3264095 | E42: =100*(E11/D11-1) -> -3.0168589 | F42: =100*(F11/E11-1) -> -8.6688015 | G42: =100*(G11/F11-1) -> -10.743802 | H42: =100*(H11/G11-1) -> -11.681631 | I42: =100*(I11/H11-1) -> 6.1209361 | J42: =100*(J11/I11-1) -> 21.454945 | K42: =100*(K11/J11-1) -> 6.3182976 | ... AR42: =100*(AR11/AQ11-1) -> 0.053319057
B43: =B12 -> Services providing | D43: =100*(D12/C12-1) -> 1.3704252 | E43: =100*(E12/D12-1) -> 1.9532909 | F43: =100*(F12/E12-1) -> 2.9164205 | G43: =100*(G12/F12-1) -> 2.5966081 | H43: =100*(H12/G12-1) -> 2.9629494 | I43: =100*(I12/H12-1) -> 3.5850788 | J43: =100*(J12/I12-1) -> 4.3262491 | K43: =100*(K12/J12-1) -> 4.5532866 | ... AR43: =100*(AR12/AQ12-1) -> 1.327484
B44: =B13 -> Wholesale and retail trade | D44: =100*(D13/C13-1) -> -1.2538743 | E44: =100*(E13/D13-1) -> 0.39473058 | F44: =100*(F13/E13-1) -> 1.1084794 | G44: =100*(G13/F13-1) -> 1.101012 | H44: =100*(H13/G13-1) -> 2.8221882 | I44: =100*(I13/H13-1) -> 3.9886425 | J44: =100*(J13/I13-1) -> 3.3675725 | K44: =100*(K13/J13-1) -> 3.9035639 | ... AR44: =100*(AR13/AQ13-1) -> 1.082814
B45: =B14 -> Transportation and public utilities | D45: =100*(D14/C14-1) -> 2.5609105 | E45: =100*(E14/D14-1) -> -1.352523 | F45: =100*(F14/E14-1) -> -1.4062225 | G45: =100*(G14/F14-1) -> 1.3014798 | H45: =100*(H14/G14-1) -> 1.2143611 | I45: =100*(I14/H14-1) -> 4.0688576 | J45: =100*(J14/I14-1) -> 2.4561404 | K45: =100*(K14/J14-1) -> 5.5936073 | ... AR45: =100*(AR14/AQ14-1) -> 0.78107852
B46: =B15 -> Information | D46: =100*(D15/C15-1) -> 4.7031004 | E46: =100*(E15/D15-1) -> 6.1480552 | F46: =100*(F15/E15-1) -> 7.8486998 | G46: =100*(G15/F15-1) -> 6.5760631 | H46: =100*(H15/G15-1) -> 13.286713 | I46: =100*(I15/H15-1) -> 8.9324619 | J46: =100*(J15/I15-1) -> 7.3 | K46: =100*(K15/J15-1) -> 6.7722895 | ... AR46: =100*(AR15/AQ15-1) -> 1.78999
B47: =B16 -> Financial activities | D47: =100*(D16/C16-1) -> -4.4408921e-14 | E47: =100*(E16/D16-1) -> 1.9436918 | F47: =100*(F16/E16-1) -> 3.6514906 | G47: =100*(G16/F16-1) -> 1.4938685 | H47: =100*(H16/G16-1) -> -2.581283 | I47: =100*(I16/H16-1) -> 2.71733 | J47: =100*(J16/I16-1) -> 2.8649835 | K47: =100*(K16/J16-1) -> 7.2244158 | ... AR47: =100*(AR16/AQ16-1) -> 0.36083497
B48: =B17 -> Professional and business services | D48: =100*(D17/C17-1) -> -0.14727541 | E48: =100*(E17/D17-1) -> 1.2670957 | F48: =100*(F17/E17-1) -> 4.8328368 | G48: =100*(G17/F17-1) -> 6.5045785 | H48: =100*(H17/G17-1) -> 3.8719241 | I48: =100*(I17/H17-1) -> 6.7416372 | J48: =100*(J17/I17-1) -> 8.7277395 | K48: =100*(K17/J17-1) -> 5.7104914 | ... AR48: =100*(AR17/AQ17-1) -> 1.9259064
B49: =B18 -> Leisure and Hospitality services | D49: =100*(D18/C18-1) -> 1.0824695 | E49: =100*(E18/D18-1) -> 1.7968963 | F49: =100*(F18/E18-1) -> 3.3342248 | G49: =100*(G18/F18-1) -> 2.4588042 | H49: =100*(H18/G18-1) -> 4.0838666 | I49: =100*(I18/H18-1) -> 3.2440741 | J49: =100*(J18/I18-1) -> 3.1969911 | K49: =100*(K18/J18-1) -> 3.4851936 | ... AR49: =100*(AR18/AQ18-1) -> 1.9060899
... B60: =B29 -> Seattle MSA CPI-U (1982-1984=100) | D60: =100*(D29/C29-1) -> 5.7570978 | E60: =100*(E29/D29-1) -> 3.6539896 | F60: =100*(F29/E29-1) -> 2.8057554 | G60: =100*(G29/F29-1) -> 3.4289713 | H60: =100*(H29/G29-1) -> 3.0108254 | I60: =100*(I29/H29-1) -> 3.4482759 | J60: =100*(J29/I29-1) -> 3.4920635 | K60: =100*(K29/J29-1) -> 2.9141104 | ... AR60: =100*(AR29/AQ29-1) -> 2.203624
B61: =B30 -> Seattle MSA CPI-W (1982-1984=100) | L61: =100*(L30/K30-1) -> 3.0627871 | M61: =100*(M30/L30-1) -> 3.7741456 | N61: =100*(N30/M30-1) -> 3.5223368 | O61: =100*(O30/N30-1) -> 1.7980636 | P61: =100*(P30/O30-1) -> 1.4402174 | Q61: =100*(Q30/P30-1) -> 1.5804983 | R61: =100*(R30/Q30-1) -> 3.0063291 | S61: =100*(S30/R30-1) -> 3.7378392 | ... AR61: =100*(AR30/AQ30-1) -> 2.1602134
B62: =B31 -> Seattle MSA S&P CoreLogic Case-Shilller Home Price Index | D62: =100*(D31/C31-1) -> 0.70700228 | E62: =100*(E31/D31-1) -> 1.7655356 | F62: =100*(F31/E31-1) -> 2.0718302 | G62: =100*(G31/F31-1) -> 3.9425104 | H62: =100*(H31/G31-1) -> 1.4225956 | I62: =100*(I31/H31-1) -> 2.578493 | J62: =100*(J31/I31-1) -> 7.6330109 | K62: =100*(K31/J31-1) -> 11.14915 | ... AR62: =100*(AR31/AQ31-1) -> 4.5050082
B63: =B32 -> Housing permits (thous.) | D63: =100*(D32/C32-1) -> -55.166912 | E63: =100*(E32/D32-1) -> 28.638752 | F63: =100*(F32/E32-1) -> -1.5405199 | G63: =100*(G32/F32-1) -> 13.618411 | H63: =100*(H32/G32-1) -> -6.6515141 | I63: =100*(I32/H32-1) -> 14.802349 | J63: =100*(J32/I32-1) -> 11.515189 | K63: =100*(K32/J32-1) -> 17.721094 | ... AR63: =100*(AR32/AQ32-1) -> -0.0062260675
B64: =B33 -> Population (thous.) | D64: =100*(D33/C33-1) -> 2.5809915 | E64: =100*(E33/D33-1) -> 1.33867 | F64: =100*(F33/E33-1) -> 1.5287906 | G64: =100*(G33/F33-1) -> 1.4224655 | H64: =100*(H33/G33-1) -> 1.2438057 | I64: =100*(I33/H33-1) -> 1.2447188 | J64: =100*(J33/I33-1) -> 1.6302074 | K64: =100*(K33/J33-1) -> 1.9922054 | ... AR64: =100*(AR33/AQ33-1) -> 0.70607539
B66: Contributions to overall growth of employment
C67: =C4 -> 1990 | D67: =D4 -> 1991 | E67: =E4 -> 1992 | F67: =F4 -> 1993 | G67: =G4 -> 1994 | H67: =H4 -> 1995 | I67: =I4 -> 1996 | J67: =J4 -> 1997 | ... AR67: =AR4 -> 2031
B68: =B38 -> Employment (thous.) | D68: =C7/C$7*D38 -> 0.44310262 | E68: =D7/D$7*E38 -> 1.2539068 | F68: =E7/E$7*F38 -> 1.0478589 | G68: =F7/F$7*G38 -> 1.0362619 | H68: =G7/G$7*H38 -> 1.8567006 | I68: =H7/H$7*I38 -> 3.7550684 | J68: =I7/I$7*J38 -> 5.7873808 | K68: =J7/J$7*K38 -> 4.8108587 | ... AR68: =AQ7/AQ$7*AR38 -> 1.1983368
B69: =B39 -> Goods producing | D69: =C8/C$7*D39 -> -0.58504566 | E69: =D8/D$7*E39 -> -0.22506019 | F69: =E8/E$7*F39 -> -1.1756105 | G69: =F8/F$7*G39 -> -0.97999094 | H69: =G8/G$7*H39 -> -0.47954519 | I69: =H8/H$7*I39 -> 0.89758065 | J69: =I8/I$7*J39 -> 2.3447927 | K69: =J8/J$7*K39 -> 1.237651 | ... AR69: =AQ8/AQ$7*AR39 -> 0.051393071
B70: =B40 -> Mining, Logging and Construction | D70: =C9/C$7*D40 -> -0.22305335 | E70: =D9/D$7*E40 -> 0.13383978 | F70: =E9/E$7*F40 -> -0.27396451 | G70: =F9/F$7*G40 -> -0.080387027 | H70: =G9/G$7*H40 -> 0.044121051 | I70: =H9/H$7*I40 -> 0.18533904 | J70: =I9/I$7*J40 -> 0.50783309 | K70: =J9/J$7*K40 -> 0.42311748 | ... AR70: =AQ9/AQ$7*AR40 -> 0.084520942
B71: =B41 -> Manufacturing | D71: =C10/C$7*D41 -> -0.36199231 | E71: =D10/D$7*E41 -> -0.35889997 | F71: =E10/E$7*F41 -> -0.901646 | G71: =F10/F$7*G41 -> -0.89960391 | H71: =G10/G$7*H41 -> -0.52366624 | I71: =H10/H$7*I41 -> 0.71224161 | J71: =I10/I$7*J41 -> 1.8369596 | K71: =J10/J$7*K41 -> 0.8145335 | ... AR71: =AQ10/AQ$7*AR41 -> -0.033127461
B72: =B42 -> Aerospace | D72: =C11/C$7*D42 -> 0.033044941 | E72: =D11/D$7*E42 -> -0.30506498 | F72: =E11/E$7*F42 -> -0.8396163 | G72: =F11/F$7*G42 -> -0.94052822 | H72: =G11/G$7*H42 -> -0.9033966 | I72: =H11/H$7*I42 -> 0.41044432 | J72: =I11/I$7*J42 -> 1.471484 | K72: =J11/J$7*K42 -> 0.49751888 | ... AR72: =AQ11/AQ$7*AR42 -> 0.0024126043
B73: =B43 -> Services providing | D73: =C12/C$7*D43 -> 1.0281483 | E73: =D12/D$7*E43 -> 1.478967 | F73: =E12/E$7*F43 -> 2.2234694 | G73: =F12/F$7*G43 -> 2.0162528 | H73: =G12/G$7*H43 -> 2.3362458 | I73: =H12/H$7*I43 -> 2.8574878 | J73: =I12/I$7*J43 -> 3.4425882 | K73: =J12/J$7*K43 -> 3.5732077 | ... AR73: =AQ12/AQ$7*AR43 -> 1.1469588
B74: =B44 -> Wholesale and retail trade | D74: =C13/C$7*D44 -> -0.20052271 | E74: =D13/D$7*E44 -> 0.062059787 | F74: =E13/E$7*F44 -> 0.17279702 | G74: =F13/F$7*G44 -> 0.17173592 | H74: =G13/G$7*H44 -> 0.44048721 | I74: =H13/H$7*I44 -> 0.62844848 | J74: =I13/I$7*J44 -> 0.53178748 | K74: =J13/J$7*K44 -> 0.60232779 | ... AR74: =AQ13/AQ$7*AR44 -> 0.11971324
B75: =B45 -> Transportation and public utilities | D75: =C14/C$7*D45 -> 0.10814708 | E75: =D14/D$7*E45 -> -0.058321245 | F75: =E14/E$7*F45 -> -0.059075905 | G75: =F14/F$7*G45 -> 0.053347754 | H75: =G14/G$7*H45 -> 0.049907418 | I75: =H14/H$7*I45 -> 0.16616604 | J75: =I14/I$7*J45 -> 0.10060844 | K75: =J14/J$7*K45 -> 0.22191024 | ... AR75: =AQ14/AQ$7*AR45 -> 0.029639805
B76: =B46 -> Information | D76: =C15/C$7*D46 -> 0.13443283 | E76: =D15/D$7*E46 -> 0.18318853 | F76: =E15/E$7*F46 -> 0.24516501 | G76: =F15/F$7*G46 -> 0.21923735 | H76: =G15/G$7*H46 -> 0.46724916 | I76: =H15/H$7*I46 -> 0.34937475 | J76: =I15/I$7*J46 -> 0.29977209 | K76: =J15/J$7*K46 -> 0.28207832 | ... AR76: =AQ15/AQ$7*AR46 -> 0.12298151
B77: =B47 -> Financial activities | D77: =C16/C$7*D47 -> -2.8312555e-15 | E77: =D16/D$7*E47 -> 0.12337187 | F77: =E16/E$7*F47 -> 0.23334983 | G77: =F16/F$7*G47 -> 0.097926015 | H77: =G16/G$7*H47 -> -0.16997454 | I77: =H16/H$7*I47 -> 0.17113682 | J77: =I16/I$7*J47 -> 0.17863131 | K77: =J16/J$7*K47 -> 0.43799776 | ... AR77: =AQ16/AQ$7*AR47 -> 0.016982391
B78: =B48 -> Professional and business services | D78: =C17/C$7*D48 -> -0.016522471 | E78: =D17/D$7*E48 -> 0.14131686 | F78: =E17/E$7*F48 -> 0.53906763 | G78: =F17/F$7*G48 -> 0.75271489 | H78: =G17/G$7*H48 -> 0.47231223 | I78: =H17/H$7*I48 -> 0.83864142 | J78: =I17/I$7*J48 -> 1.116959 | K78: =J17/J$7*K48 -> 0.75113058 | ... AR78: =AQ17/AQ$7*AR48 -> 0.3789724
B79: =B49 -> Leisure and Hospitality services | D79: =C18/C$7*D49 -> 0.088620524 | E79: =D18/D$7*E49 -> 0.14804624 | F79: =E18/E$7*F49 -> 0.27617986 | G79: =F18/F$7*G49 -> 0.20827548 | H79: =G18/G$7*H49 -> 0.35079852 | I79: =H18/H$7*I49 -> 0.28475462 | J79: =I18/I$7*J49 -> 0.27923976 | K79: =J18/J$7*K49 -> 0.2969586 | ... AR79: =AQ18/AQ$7*AR49 -> 0.1961247
... B83: =B53 -> Federal | D83: =C22/C$7*D53 -> -0.028538813 | E83: =D22/D$7*E53 -> 0.029160623 | F83: =E22/E$7*F53 -> 0.050214519 | G83: =F22/F$7*G53 -> -0.0058463292 | H83: =G22/G$7*H53 -> -0.033271612 | I83: =H22/H$7*I53 -> -0.029824674 | J83: =I22/I$7*J53 -> 0.020532335 | K83: =J22/J$7*K53 -> 0.057580208 | ... AR83: =AQ22/AQ$7*AR53 -> -0.0069071543

Sheet Baseline QTR
B1: =Info!B3 -> Seattle MD (King & Snohomish Counties) Economic Forecast
B2: =Info!B4 -> City of Seattle Office of Economic and Revenue Forecasts
C3: Historical Data | EM3: Forecast
C4: 1990Q1 | D4: 1990Q2 | E4: 1990Q3 | F4: 1990Q4 | G4: 1991Q1 | H4: 1991Q2 | I4: 1991Q3 | J4: 1991Q4 | K4: 1992Q1 | L4: 1992Q2 | M4: 1992Q3 | N4: 1992Q4 | O4: 1993Q1 | P4: 1993Q2 | Q4: 1993Q3 | R4: 1993Q4 | S4: 1994Q1 | T4: 1994Q2 | U4: 1994Q3 | V4: 1994Q4 | W4: 1995Q1 | X4: 1995Q2 | Y4: 1995Q3 | Z4: 1995Q4 | AA4: 1996Q1 | AB4: 1996Q2 | AC4: 1996Q3 | AD4: 1996Q4 | AE4: 1997Q1 | AF4: 1997Q2 | AG4: 1997Q3 | AH4: 1997Q4 | AI4: 1998Q1 | AJ4: 1998Q2 | AK4: 1998Q3 | AL4: 1998Q4 | AM4: 1999Q1 | AN4: 1999Q2 | AO4: 1999Q3 | AP4: 1999Q4 | AQ4: 2000Q1 | AR4: 2000Q2 | AS4: 2000Q3 | AT4: 2000Q4 | AU4: 2001Q1 | AV4: 2001Q2 | AW4: 2001Q3 | AX4: 2001Q4 | AY4: 2002Q1 | AZ4: 2002Q2 | BA4: 2002Q3 | BB4: 2002Q4 | BC4: 2003Q1 | BD4: 2003Q2 | BE4: 2003Q3 | BF4: 2003Q4 | BG4: 2004Q1 | BH4: 2004Q2 | BI4: 2004Q3 | BJ4: 2004Q4 | BK4: 2005Q1 | BL4: 2005Q2 | BM4: 2005Q3 | BN4: 2005Q4 | BO4: 2006Q1 | BP4: 2006Q2 | BQ4: 2006Q3 | BR4: 2006Q4 | BS4: 2007Q1 | BT4: 2007Q2 | BU4: 2007Q3 | BV4: 2007Q4 | BW4: 2008Q1 | BX4: 2008Q2 | BY4: 2008Q3 | BZ4: 2008Q4 | CA4: 2009Q1 | CB4: 2009Q2 | CC4: 2009Q3 | CD4: 2009Q4 | CE4: 2010Q1 | CF4: 2010Q2 | CG4: 2010Q3 | CH4: 2010Q4 | CI4: 2011Q1 | CJ4: 2011Q2 | CK4: 2011Q3 | CL4: 2011Q4 | CM4: 2012Q1 | CN4: 2012Q2 | CO4: 2012Q3 | CP4: 2012Q4 | CQ4: 2013Q1 | CR4: 2013Q2 | CS4: 2013Q3 | CT4: 2013Q4 | CU4: 2014Q1 | CV4: 2014Q2 | CW4: 2014Q3 | CX4: 2014Q4 | CY4: 2015Q1 | CZ4: 2015Q2 | DA4: 2015Q3 | DB4: 2015Q4 | DC4: 2016Q1 | DD4: 2016Q2 | DE4: 2016Q3 | DF4: 2016Q4 | DG4: 2017Q1 | DH4: 2017Q2 | DI4: 2017Q3 | DJ4: 2017Q4 | DK4: 2018Q1 | DL4: 2018Q2 | DM4: 2018Q3 | DN4: 2018Q4 | DO4: 2019Q1 | DP4: 2019Q2 | DQ4: 2019Q3 | DR4: 2019Q4 | DS4: 2020Q1 | DT4: 2020Q2 | DU4: 2020Q3 | DV4: 2020Q4 | DW4: 2021Q1 | DX4: 2021Q2 | DY4: 2021Q3 | DZ4: 2021Q4 | EA4: 2022Q1 | EB4: 2022Q2 | EC4: 2022Q3 | ED4: 2022Q4 | EE4: 2023Q1 | EF4: 2023Q2 | EG4: 2023Q3 | EH4: 2023Q4 | EI4: 2024Q1 | EJ4: 2024Q2 | EK4: 2024Q3 | EL4: 2024Q4 | EM4: 2025Q1 | EN4: 2025Q2 | EO4: 2025Q3 | EP4: 2025Q4 | EQ4: 2026Q1 | ER4: 2026Q2 | ES4: 2026Q3 | ET4: 2026Q4 | EU4: 2027Q1 | EV4: 2027Q2 | EW4: 2027Q3 | EX4: 2027Q4 | EY4: 2028Q1 | EZ4: 2028Q2 | FA4: 2028Q3 | FB4: 2028Q4 | FC4: 2029Q1 | FD4: 2029Q2 | FE4: 2029Q3 | FF4: 2029Q4 | FG4: 2030Q1 | FH4: 2030Q2 | FI4: 2030Q3 | FJ4: 2030Q4 | FK4: 2031Q1 | FL4: 2031Q2 | FM4: 2031Q3 | FN4: 2031Q4
A5: KS_UR | B5: Unemployment rate (%) | C5: 3.8997306 | D5: 3.7889163 | E5: 3.6398463 | F5: 3.7035648 | G5: 3.967988 | H5: 4.315908 | I5: 4.6620019 | J5: 4.915446 | K5: 5.108246 | L5: 5.2757372 | M5: 5.5313263 | N5: 5.8057798 | O5: 5.785067 | P5: 5.6688269 | Q5: 5.4565326 | R5: 5.3142965 | S5: 5.2778973 | T5: 5.097157 | U5: 4.9022297 | V5: 4.7295782 | W5: 4.7878283 | X5: 5.0415993 | Y5: 5.1738458 | Z5: 5.2368435 | AA5: 5.1478875 | AB5: 4.881256 | AC5: 4.5819617 | AD5: 4.5212667 | AE5: 4.4296564 | AF5: 4.255605 | AG5: 3.7213336 | AH5: 3.2365903 | AI5: 3.2015294 | AJ5: 3.4390537 | AK5: 3.4774003 | AL5: 3.2853479 | AM5: 3.1151867 | AN5: 3.1081247 | AO5: 3.3435464 | AP5: 3.532375 | AQ5: 3.8849896 | AR5: 3.8239099 | AS5: 3.8128346 | AT5: 3.892384 | AU5: 4.1586906 | AV5: 4.4438583 | AW5: 4.7738913 | AX5: 5.4325688 | AY5: 5.9389286 | AZ5: 5.9979296 | BA5: 6.1014928 | BB5: 6.3972514 | BC5: 6.5068122 | BD5: 6.2689388 | BE5: 5.8001443 | BF5: 5.3755976 | BG5: 5.2466466 | BH5: 5.1264226 | BI5: 4.8242934 | BJ5: 4.7505238 | BK5: 4.6881371 | BL5: 4.4408214 | BM5: 4.1268169 | BN5: 3.8721903 | BO5: 3.6881075 | BP5: 3.6928106 | BQ5: 3.6789443 | BR5: 3.6436386 | BS5: 3.3375515 | BT5: 2.9826501 | BU5: 2.9157874 | BV5: 2.8763531 | BW5: 2.9422032 | BX5: 3.3592775 | BY5: 3.9029713 | BZ5: 4.7013686 | CA5: 6.0310948 | CB5: 7.7637501 | CC5: 9.487566 | CD5: 10.267482 | CE5: 10.39495 | CF5: 10.089349 | CG5: 9.9135854 | CH5: 9.9983413 | CI5: 9.6580911 | CJ5: 9.071671 | CK5: 8.5513502 | CL5: 8.1594749 | CM5: 7.9908524 | CN5: 7.8604927 | CO5: 6.9759908 | CP5: 5.6124121 | CQ5: 4.6995429 | CR5: 4.5133459 | CS5: 4.8401633 | CT5: 4.9666323 | CU5: 4.9311937 | CV5: 4.8682529 | CW5: 4.563572 | CX5: 4.1701948 | CY5: 4.0222068 | CZ5: 3.9042502 | DA5: 4.0289114 | DB5: 4.3169911 | DC5: 4.3015789 | DD5: 4.0721656 | DE5: 3.8694303 | DF5: 3.8385439 | DG5: 3.8023257 | DH5: 3.8228482 | DI5: 3.7889909 | DJ5: 3.6913771 | DK5: 3.5324474 | DL5: 3.3103403 | DM5: 3.2574628 | DN5: 3.4086297 | DO5: 3.3253778 | DP5: 2.9260558 | DQ5: 2.6638998 | DR5: 2.5398074 | DS5: 3.7725043 | DT5: 15.098596 | DU5: 9.1636153 | DV5: 6.8606308 | DW5: 5.8056665 | DX5: 5.2093575 | DY5: 4.4723283 | DZ5: 3.6269648 | EA5: 3.3965099 | EB5: 3.5252615 | EC5: 3.7406061 | ED5: 3.7351999 | EE5: 3.7164187 | EF5: 3.9282056 | EG5: 4.0639207 | EH5: 4.1850696 | EI5: 4.2749784 | EJ5: 4.3188066 | EK5: 4.2171873 | EL5: 4.0820561 | EM5: 4.2246221 | EN5: 4.3591931 | EO5: 4.5260668 | EP5: 4.8623814 | EQ5: 5.1937295 | ER5: 5.2775253 | ES5: 5.13082 | ET5: 5.231823 | EU5: 5.280469 | EV5: 5.303277 | EW5: 5.327042 | EX5: 5.281345 | EY5: 5.136108 | EZ5: 5.092538 | FA5: 5.085469 | FB5: 4.998081 | FC5: 4.93866 | FD5: 4.927076 | FE5: 4.921205 | FF5: 4.885446 | FG5: 4.84489 | FH5: 4.849632 | FI5: 4.813592 | FJ5: 4.81028 | FK5: 4.751519 | FL5: 4.755528 | FM5: 4.75775 | FN5: 4.763793
A7: KS_N | B7: Employment (thous.) | C7: 1098 | D7: 1108.2667 | E7: 1120.3 | F7: 1111.8333 | G7: 1108.5333 | H7: 1112.4667 | I7: 1119.1667 | J7: 1117.9 | K7: 1126.5333 | L7: 1128.8667 | M7: 1128.2667 | N7: 1130.3 | O7: 1132.6333 | P7: 1137.2 | Q7: 1154.0333 | R7: 1137.4 | S7: 1142.7667 | T7: 1148.3333 | U7: 1153.5333 | V7: 1163.9 | W7: 1173.2 | X7: 1174.1333 | Y7: 1177.7333 | Z7: 1169.0333 | AA7: 1197.8333 | AB7: 1207.5333 | AC7: 1222.5333 | AD7: 1242.4667 | AE7: 1256.9667 | AF7: 1282.1667 | AG7: 1296.6333 | AH7: 1316.4667 | AI7: 1327.3667 | AJ7: 1346.2 | AK7: 1357.8667 | AL7: 1368.6667 | AM7: 1372.9667 | AN7: 1378.7 | AO7: 1390.1 | AP7: 1399.9333 | AQ7: 1405.3 | AR7: 1413.9667 | AS7: 1420.1 | AT7: 1428.0667 | AU7: 1419.4667 | AV7: 1410.1667 | AW7: 1395.9333 | AX7: 1373.1333 | AY7: 1356.2333 | AZ7: 1348.5333 | BA7: 1352.5 | BB7: 1348.2333 | BC7: 1344.0333 | BD7: 1339.4 | BE7: 1339 | BF7: 1342.3333 | BG7: 1342.1667 | BH7: 1348.0667 | BI7: 1352.2 | BJ7: 1361.8 | BK7: 1367.7 | BL7: 1380 | BM7: 1389.1333 | BN7: 1404.9333 | BO7: 1415.3333 | BP7: 1425.9 | BQ7: 1435.6333 | BR7: 1443.7667 | BS7: 1459.4 | BT7: 1469.9 | BU7: 1480.1667 | BV7: 1489.1 | BW7: 1498.6333 | BX7: 1497.8333 | BY7: 1501.4667 | BZ7: 1473.9333 | CA7: 1451.1333 | CB7: 1419.1333 | CC7: 1404.0667 | CD7: 1394.3667 | CE7: 1388.3333 | CF7: 1394.3 | CG7: 1397.4667 | CH7: 1405.4333 | CI7: 1409.8333 | CJ7: 1418.9 | CK7: 1426.8 | CL7: 1434.9 | CM7: 1443.5 | CN7: 1456.6 | CO7: 1462.8667 | CP7: 1476.7333 | CQ7: 1486.9333 | CR7: 1496 | CS7: 1505.4667 | CT7: 1518.7333 | CU7: 1528.7 | CV7: 1533.1667 | CW7: 1550.2333 | CX7: 1560.7667 | CY7: 1572.5333 | CZ7: 1584.9667 | DA7: 1600.1 | DB7: 1611.6 | DC7: 1624.8333 | DD7: 1640.3667 | DE7: 1650.8 | DF7: 1659.6 | DG7: 1669.4333 | DH7: 1682.9333 | DI7: 1689.0667 | DJ7: 1698.1 | DK7: 1710.7667 | DL7: 1717.3667 | DM7: 1725.3667 | DN7: 1738.4333 | DO7: 1743.9333 | DP7: 1757.9333 | DQ7: 1772.0667 | DR7: 1779.6333 | DS7: 1782.4333 | DT7: 1581.9 | DU7: 1633.2 | DV7: 1648.3667 | DW7: 1645.1333 | DX7: 1668.9667 | DY7: 1704.3 | DZ7: 1737.2333 | EA7: 1742.1 | EB7: 1757.7333 | EC7: 1779.1 | ED7: 1777.0333 | EE7: 1778.4 | EF7: 1780.9 | EG7: 1774.0333 | EH7: 1773.5667 | EI7: 1780.8 | EJ7: 1783.9 | EK7: 1786.9333 | EL7: 1774.2 | EM7: 1778.6333 | EN7: 1783.5667 | EO7: 1776.6667 | EP7: 1768.7333 | EQ7: 1771.8667 | ER7: 1778.3 | ES7: 1779.628 | ET7: 1775.783 | EU7: 1773.855 | EV7: 1774.54 | EW7: 1776.13 | EX7: 1779.003 | EY7: 1784.975 | EZ7: 1789.341 | FA7: 1792.037 | FB7: 1796.629 | FC7: 1801.46 | FD7: 1805.368 | FE7: 1809.072 | FF7: 1813.716 | FG7: 1819.099 | FH7: 1824.15 | FI7: 1829.244 | FJ7: 1834.134 | FK7: 1840.803 | FL7: 1846.207 | FM7: 1851.205 | FN7: 1855.97
A8: KS_NGDS | B8: Goods producing | C8: 277.13333 | D8: 278.2 | E8: 279.83333 | F8: 273.36667 | G8: 270.63333 | H8: 269.66667 | I8: 272.2 | J8: 270.06667 | K8: 269.86667 | L8: 270.4 | M8: 268.36667 | N8: 263.9 | O8: 258.8 | P8: 255.33333 | Q8: 256.96667 | R8: 248.36667 | S8: 244.66667 | T8: 243.7 | U8: 243.2 | V8: 243.2 | W8: 246.23333 | X8: 244.2 | Y8: 239.73333 | Z8: 222.5 | AA8: 240.53333 | AB8: 245.16667 | AC8: 250.66667 | AD8: 258.43333 | AE8: 266.76667 | AF8: 273.26667 | AG8: 280.23333 | AH8: 288.73333 | AI8: 289.33333 | AJ8: 293.66667 | AK8: 295.23333 | AL8: 294.53333 | AM8: 288.7 | AN8: 286.06667 | AO8: 282.7 | AP8: 280.56667 | AQ8: 274.66667 | AR8: 277.13333 | AS8: 275.53333 | AT8: 275.43333 | AU8: 272.7 | AV8: 269.2 | AW8: 266.63333 | AX8: 257.4 | AY8: 248.33333 | AZ8: 243.03333 | BA8: 239.06667 | BB8: 234.1 | BC8: 228.3 | BD8: 225.06667 | BE8: 222.96667 | BF8: 221.8 | BG8: 221.66667 | BH8: 221.9 | BI8: 223.03333 | BJ8: 226.6 | BK8: 229.1 | BL8: 233.8 | BM8: 234.2 | BN8: 243.2 | BO8: 248.03333 | BP8: 251.86667 | BQ8: 254.16667 | BR8: 256.9 | BS8: 262 | BT8: 266.43333 | BU8: 269.6 | BV8: 270.8 | BW8: 271 | BX8: 269.2 | BY8: 267.1 | BZ8: 251.4 | CA8: 245.36667 | CB8: 233.66667 | CC8: 225.83333 | CD8: 220.3 | CE8: 217.5 | CF8: 216.2 | CG8: 216.23333 | CH8: 217.03333 | CI8: 217.53333 | CJ8: 220.56667 | CK8: 224.06667 | CL8: 226.76667 | CM8: 228.63333 | CN8: 232.4 | CO8: 235.56667 | CP8: 238.83333 | CQ8: 241.13333 | CR8: 242.36667 | CS8: 244.06667 | CT8: 244.66667 | CU8: 245.26667 | CV8: 246.5 | CW8: 250.1 | CX8: 253.23333 | CY8: 256.16667 | CZ8: 257.23333 | DA8: 258.9 | DB8: 259.7 | DC8: 261.4 | DD8: 262.56667 | DE8: 262.13333 | DF8: 260.63333 | DG8: 260.33333 | DH8: 260.16667 | DI8: 257.76667 | DJ8: 258.2 | DK8: 260.8 | DL8: 262.7 | DM8: 264.76667 | DN8: 268.63333 | DO8: 269.03333 | DP8: 271.46667 | DQ8: 271.66667 | DR8: 271.7 | DS8: 271.3 | DT8: 246.06667 | DU8: 247.6 | DV8: 245.76667 | DW8: 243.33333 | DX8: 243.13333 | DY8: 243.13333 | DZ8: 246.03333 | EA8: 245.33333 | EB8: 247.9 | EC8: 251.6 | ED8: 253.03333 | EE8: 252.56667 | EF8: 252.36667 | EG8: 251.63333 | EH8: 251.2 | EI8: 250.73333 | EJ8: 250.9 | EK8: 251.26667 | EL8: 239.03333 | EM8: 247.4 | EN8: 244.43333 | EO8: 241.56667 | EP8: 240.96667 | EQ8: 244.03333 | ER8: 245.63333 | ES8: 247.5635 | ET8: 247.4673 | EU8: 247.2149 | EV8: 247.0276 | EW8: 246.8804 | EX8: 246.7223 | EY8: 246.6323 | EZ8: 246.5776 | FA8: 246.3748 | FB8: 246.3869 | FC8: 246.6911 | FD8: 246.9607 | FE8: 247.26 | FF8: 247.6552 | FG8: 248.058 | FH8: 248.3285 | FI8: 248.5317 | FJ8: 248.714 | FK8: 249.077 | FL8: 249.279 | FM8: 249.4475 | FN8: 249.5838
A9: KS_NMLC | B9: Mining, Logging and Construction | C9: 63.633333 | D9: 65.8 | E9: 65.8 | F9: 62.466667 | G9: 61.933333 | H9: 61.366667 | I9: 62.1 | J9: 62.4 | K9: 63 | L9: 64.3 | M9: 63.7 | N9: 62.766667 | O9: 61.566667 | P9: 59.9 | Q9: 60 | R9: 59.933333 | S9: 59.5 | T9: 59.333333 | U9: 59.066667 | V9: 59.833333 | W9: 60.2 | X9: 60.2 | Y9: 60.2 | Z9: 59.166667 | AA9: 60.5 | AB9: 61.333333 | AC9: 62.333333 | AD9: 64.3 | AE9: 66.766667 | AF9: 67.366667 | AG9: 68.233333 | AH9: 70.833333 | AI9: 70.9 | AJ9: 72.8 | AK9: 74.566667 | AL9: 76.733333 | AM9: 77.433333 | AN9: 79.2 | AO9: 81.133333 | AP9: 82.5 | AQ9: 84.133333 | AR9: 85.2 | AS9: 85.366667 | AT9: 86.866667 | AU9: 86.733333 | AV9: 84.2 | AW9: 82.766667 | AX9: 79.2 | AY9: 78.833333 | AZ9: 77.133333 | BA9: 77.233333 | BB9: 76.4 | BC9: 75.366667 | BD9: 75.333333 | BE9: 75.466667 | BF9: 76.366667 | BG9: 77.2 | BH9: 77.266667 | BI9: 77.633333 | BJ9: 79.533333 | BK9: 80.4 | BL9: 82.066667 | BM9: 84.6 | BN9: 87.166667 | BO9: 89.533333 | BP9: 91.9 | BQ9: 92.833333 | BR9: 93.833333 | BS9: 97.333333 | BT9: 100.66667 | BU9: 101.53333 | BV9: 101.56667 | BW9: 100.73333 | BX9: 99.1 | BY9: 97.3 | BZ9: 91.666667 | CA9: 83.233333 | CB9: 77.1 | CC9: 72.666667 | CD9: 69.333333 | CE9: 67.266667 | CF9: 66 | CG9: 65.766667 | CH9: 65.2 | CI9: 63.533333 | CJ9: 63.533333 | CK9: 63.933333 | CL9: 63.966667 | CM9: 64.2 | CN9: 65.966667 | CO9: 67.166667 | CP9: 69.066667 | CQ9: 70.533333 | CR9: 71.633333 | CS9: 73.633333 | CT9: 74.4 | CU9: 75.6 | CV9: 76.633333 | CW9: 79.666667 | CX9: 82.733333 | CY9: 85.133333 | CZ9: 86.6 | DA9: 87.3 | DB9: 88.7 | DC9: 90.933333 | DD9: 92.633333 | DE9: 94.066667 | DF9: 95.033333 | DG9: 96.433333 | DH9: 97.266667 | DI9: 97.7 | DJ9: 98.8 | DK9: 101.06667 | DL9: 102.23333 | DM9: 103.36667 | DN9: 104.6 | DO9: 103.16667 | DP9: 104.6 | DQ9: 104.86667 | DR9: 105 | DS9: 105.43333 | DT9: 92.933333 | DU9: 100.83333 | DV9: 103.26667 | DW9: 103.5 | DX9: 104.63333 | DY9: 105 | DZ9: 106.03333 | EA9: 104.26667 | EB9: 105.56667 | EC9: 107.43333 | ED9: 107.56667 | EE9: 106.96667 | EF9: 105.46667 | EG9: 103.23333 | EH9: 101.16667 | EI9: 100 | EJ9: 99.266667 | EK9: 99.1 | EL9: 97.7 | EM9: 97.1 | EN9: 96.766667 | EO9: 95.5 | EP9: 94.133333 | EQ9: 95.033333 | ER9: 94.566667 | ES9: 94.47907 | ET9: 94.21757 | EU9: 94.13361 | EV9: 94.14206 | EW9: 94.19512 | EX9: 94.33157 | EY9: 94.64124 | EZ9: 94.92131 | FA9: 95.17692 | FB9: 95.59164 | FC9: 96.13026 | FD9: 96.66584 | FE9: 97.18441 | FF9: 97.72608 | FG9: 98.25683 | FH9: 98.71255 | FI9: 99.1336 | FJ9: 99.51491 | FK9: 99.96022 | FL9: 100.3089 | FM9: 100.6189 | FN9: 100.9055
A10: KS_NMFG | B10: Manufacturing | C10: 213.5 | D10: 212.4 | E10: 214.03333 | F10: 210.9 | G10: 208.7 | H10: 208.3 | I10: 210.1 | J10: 207.66667 | K10: 206.86667 | L10: 206.1 | M10: 204.66667 | N10: 201.13333 | O10: 197.23333 | P10: 195.43333 | Q10: 196.96667 | R10: 188.43333 | S10: 185.16667 | T10: 184.36667 | U10: 184.13333 | V10: 183.36667 | W10: 186.03333 | X10: 184 | Y10: 179.53333 | Z10: 163.33333 | AA10: 180.03333 | AB10: 183.83333 | AC10: 188.33333 | AD10: 194.13333 | AE10: 200 | AF10: 205.9 | AG10: 212 | AH10: 217.9 | AI10: 218.43333 | AJ10: 220.86667 | AK10: 220.66667 | AL10: 217.8 | AM10: 211.26667 | AN10: 206.86667 | AO10: 201.56667 | AP10: 198.06667 | AQ10: 190.53333 | AR10: 191.93333 | AS10: 190.16667 | AT10: 188.56667 | AU10: 185.96667 | AV10: 185 | AW10: 183.86667 | AX10: 178.2 | AY10: 169.5 | AZ10: 165.9 | BA10: 161.83333 | BB10: 157.7 | BC10: 152.93333 | BD10: 149.73333 | BE10: 147.5 | BF10: 145.43333 | BG10: 144.46667 | BH10: 144.63333 | BI10: 145.4 | BJ10: 147.06667 | BK10: 148.7 | BL10: 151.73333 | BM10: 149.6 | BN10: 156.03333 | BO10: 158.5 | BP10: 159.96667 | BQ10: 161.33333 | BR10: 163.06667 | BS10: 164.66667 | BT10: 165.76667 | BU10: 168.06667 | BV10: 169.23333 | BW10: 170.26667 | BX10: 170.1 | BY10: 169.8 | BZ10: 159.73333 | CA10: 162.13333 | CB10: 156.56667 | CC10: 153.16667 | CD10: 150.96667 | CE10: 150.23333 | CF10: 150.2 | CG10: 150.46667 | CH10: 151.83333 | CI10: 154 | CJ10: 157.03333 | CK10: 160.13333 | CL10: 162.8 | CM10: 164.43333 | CN10: 166.43333 | CO10: 168.4 | CP10: 169.76667 | CQ10: 170.6 | CR10: 170.73333 | CS10: 170.43333 | CT10: 170.26667 | CU10: 169.66667 | CV10: 169.86667 | CW10: 170.43333 | CX10: 170.5 | CY10: 171.03333 | CZ10: 170.63333 | DA10: 171.6 | DB10: 171 | DC10: 170.46667 | DD10: 169.93333 | DE10: 168.06667 | DF10: 165.6 | DG10: 163.9 | DH10: 162.9 | DI10: 160.06667 | DJ10: 159.4 | DK10: 159.73333 | DL10: 160.46667 | DM10: 161.4 | DN10: 164.03333 | DO10: 165.86667 | DP10: 166.86667 | DQ10: 166.8 | DR10: 166.7 | DS10: 165.86667 | DT10: 153.13333 | DU10: 146.76667 | DV10: 142.5 | DW10: 139.83333 | DX10: 138.5 | DY10: 138.13333 | DZ10: 140 | EA10: 141.06667 | EB10: 142.33333 | EC10: 144.16667 | ED10: 145.46667 | EE10: 145.6 | EF10: 146.9 | EG10: 148.4 | EH10: 150.03333 | EI10: 150.73333 | EJ10: 151.63333 | EK10: 152.16667 | EL10: 141.33333 | EM10: 150.3 | EN10: 147.66667 | EO10: 146.06667 | EP10: 146.83333 | EQ10: 149 | ER10: 151.06667 | ES10: 153.0844 | ET10: 153.2497 | EU10: 153.0813 | EV10: 152.8855 | EW10: 152.6853 | EX10: 152.3907 | EY10: 151.9911 | EZ10: 151.6563 | FA10: 151.1979 | FB10: 150.7953 | FC10: 150.5609 | FD10: 150.2948 | FE10: 150.0756 | FF10: 149.9292 | FG10: 149.8012 | FH10: 149.6159 | FI10: 149.3981 | FJ10: 149.1991 | FK10: 149.1168 | FL10: 148.9701 | FM10: 148.8286 | FN10: 148.6783
A11: KS_NAER | B11: Aerospace | C11: 112.96667 | D11: 112.36667 | E11: 112.96667 | F11: 111.03333 | G11: 111.33333 | H11: 112.6 | I11: 114.56667 | J11: 112.3 | K11: 111.03333 | L11: 110.3 | M11: 109.6 | N11: 106.26667 | O11: 103.66667 | P11: 101.5 | Q11: 100.4 | R11: 93.733333 | S11: 90 | T11: 89.066667 | U11: 89.366667 | V11: 87.966667 | W11: 86.5 | X11: 85.8 | Y11: 79.9 | Z11: 62.566667 | AA11: 77.433333 | AB11: 80.7 | AC11: 85.9 | AD11: 90 | AE11: 94.433333 | AF11: 98.833333 | AG11: 104.76667 | AH11: 107.66667 | AI11: 107.03333 | AJ11: 108.76667 | AK11: 109.23333 | AL11: 106.3 | AM11: 100.96667 | AN11: 96.6 | AO11: 92.333333 | AP11: 88.166667 | AQ11: 80.2 | AR11: 83.7 | AS11: 83.366667 | AT11: 82.7 | AU11: 82.766667 | AV11: 83.666667 | AW11: 84.866667 | AX11: 82.8 | AY11: 76.3 | AZ11: 73.9 | BA11: 71.2 | BB11: 69.033333 | BC11: 65.4 | BD11: 63.5 | BE11: 61.466667 | BF11: 59.733333 | BG11: 58.533333 | BH11: 58.433333 | BI11: 58.666667 | BJ11: 59.633333 | BK11: 61.066667 | BL11: 62.9 | BM11: 60.033333 | BN11: 66.166667 | BO11: 67.666667 | BP11: 68.833333 | BQ11: 70.366667 | BR11: 72 | BS11: 73.533333 | BT11: 74.933333 | BU11: 76.7 | BV11: 78.366667 | BW11: 79.633333 | BX11: 80.333333 | BY11: 81.166667 | BZ11: 73.3 | CA11: 80.766667 | CB11: 79.266667 | CC11: 77.9 | CD11: 77.3 | CE11: 76.9 | CF11: 76.533333 | CG11: 76.333333 | CH11: 77.233333 | CI11: 78.566667 | CJ11: 80.833333 | CK11: 83.366667 | CL11: 85.566667 | CM11: 86.833333 | CN11: 88.3 | CO11: 90.033333 | CP11: 91.466667 | CQ11: 91.766667 | CR11: 91.433333 | CS11: 90.5 | CT11: 89.633333 | CU11: 88.9 | CV11: 88.766667 | CW11: 88.833333 | CX11: 88.733333 | CY11: 88.466667 | CZ11: 88.266667 | DA11: 88.1 | DB11: 87.733333 | DC11: 87.166667 | DD11: 86.2 | DE11: 84.266667 | DF11: 82.233333 | DG11: 80.9 | DH11: 79.1 | DI11: 76.7 | DJ11: 76 | DK11: 76.4 | DL11: 76.933333 | DM11: 77.8 | DN11: 79.8 | DO11: 81.033333 | DP11: 82.1 | DQ11: 82.266667 | DR11: 82.266667 | DS11: 82.533333 | DT11: 77.533333 | DU11: 70.733333 | DV11: 66.333333 | DW11: 63.933333 | DX11: 62.733333 | DY11: 61.766667 | DZ11: 63.066667 | EA11: 64.266667 | EB11: 65.733333 | EC11: 67.633333 | ED11: 69.433333 | EE11: 70.166667 | EF11: 71.833333 | EG11: 73.9 | EH11: 75.766667 | EI11: 76.966667 | EJ11: 78.133333 | EK11: 78.533333 | EL11: 68.7 | EM11: 78.133333 | EN11: 75.433333 | EO11: 74.566667 | EP11: 75.433333 | EQ11: 77.3 | ER11: 78.8 | ES11: 80.93977 | ET11: 81.02399 | EU11: 81.33718 | EV11: 81.61686 | EW11: 81.71513 | EX11: 81.71068 | EY11: 81.81362 | EZ11: 82.04917 | FA11: 82.1279 | FB11: 82.16662 | FC11: 82.3306 | FD11: 82.43616 | FE11: 82.52854 | FF11: 82.59555 | FG11: 82.66502 | FH11: 82.65795 | FI11: 82.6528 | FJ11: 82.63773 | FK11: 82.71336 | FL11: 82.70198 | FM11: 82.6931 | FN11: 82.68134
A12: KS_NSRV | B12: Services providing | C12: 820.86667 | D12: 830.06667 | E12: 840.46667 | F12: 838.46667 | G12: 837.9 | H12: 842.8 | I12: 846.96667 | J12: 847.83333 | K12: 856.66667 | L12: 858.46667 | M12: 859.9 | N12: 866.4 | O12: 873.83333 | P12: 881.86667 | Q12: 897.06667 | R12: 889.03333 | S12: 898.1 | T12: 904.63333 | U12: 910.33333 | V12: 920.7 | W12: 926.96667 | X12: 929.93333 | Y12: 938 | Z12: 946.53333 | AA12: 957.3 | AB12: 962.36667 | AC12: 971.86667 | AD12: 984.03333 | AE12: 990.2 | AF12: 1008.9 | AG12: 1016.4 | AH12: 1027.7333 | AI12: 1038.0333 | AJ12: 1052.5333 | AK12: 1062.6333 | AL12: 1074.1333 | AM12: 1084.2667 | AN12: 1092.6333 | AO12: 1107.4 | AP12: 1119.3667 | AQ12: 1130.6333 | AR12: 1136.8333 | AS12: 1144.5667 | AT12: 1152.6333 | AU12: 1146.7667 | AV12: 1140.9667 | AW12: 1129.3 | AX12: 1115.7333 | AY12: 1107.9 | AZ12: 1105.5 | BA12: 1113.4333 | BB12: 1114.1333 | BC12: 1115.7333 | BD12: 1114.3333 | BE12: 1116.0333 | BF12: 1120.5333 | BG12: 1120.5 | BH12: 1126.1667 | BI12: 1129.1667 | BJ12: 1135.2 | BK12: 1138.6 | BL12: 1146.2 | BM12: 1154.9333 | BN12: 1161.7333 | BO12: 1167.3 | BP12: 1174.0333 | BQ12: 1181.4667 | BR12: 1186.8667 | BS12: 1197.4 | BT12: 1203.4667 | BU12: 1210.5667 | BV12: 1218.3 | BW12: 1227.6333 | BX12: 1228.6333 | BY12: 1234.3667 | BZ12: 1222.5333 | CA12: 1205.7667 | CB12: 1185.4667 | CC12: 1178.2333 | CD12: 1174.0667 | CE12: 1170.8333 | CF12: 1178.1 | CG12: 1181.2333 | CH12: 1188.4 | CI12: 1192.3 | CJ12: 1198.3333 | CK12: 1202.7333 | CL12: 1208.1333 | CM12: 1214.8667 | CN12: 1224.2 | CO12: 1227.3 | CP12: 1237.9 | CQ12: 1245.8 | CR12: 1253.6333 | CS12: 1261.4 | CT12: 1274.0667 | CU12: 1283.4333 | CV12: 1286.6667 | CW12: 1300.1333 | CX12: 1307.5333 | CY12: 1316.3667 | CZ12: 1327.7333 | DA12: 1341.2 | DB12: 1351.9 | DC12: 1363.4333 | DD12: 1377.8 | DE12: 1388.6667 | DF12: 1398.9667 | DG12: 1409.1 | DH12: 1422.7667 | DI12: 1431.3 | DJ12: 1439.9 | DK12: 1449.9667 | DL12: 1454.6667 | DM12: 1460.6 | DN12: 1469.8 | DO12: 1474.9 | DP12: 1486.4667 | DQ12: 1500.4 | DR12: 1507.9333 | DS12: 1511.1333 | DT12: 1335.8333 | DU12: 1385.6 | DV12: 1402.6 | DW12: 1401.8 | DX12: 1425.8333 | DY12: 1461.1667 | DZ12: 1491.2 | EA12: 1496.7667 | EB12: 1509.8333 | EC12: 1527.5 | ED12: 1524 | EE12: 1525.8333 | EF12: 1528.5333 | EG12: 1522.4 | EH12: 1522.3667 | EI12: 1530.0667 | EJ12: 1533 | EK12: 1535.6667 | EL12: 1535.1667 | EM12: 1531.2333 | EN12: 1539.1333 | EO12: 1535.1 | EP12: 1527.7667 | EQ12: 1527.8333 | ER12: 1532.6667 | ES12: 1532.065 | ET12: 1528.316 | EU12: 1526.64 | EV12: 1527.512 | EW12: 1529.25 | EX12: 1532.281 | EY12: 1538.343 | EZ12: 1542.763 | FA12: 1545.662 | FB12: 1550.242 | FC12: 1554.768 | FD12: 1558.407 | FE12: 1561.812 | FF12: 1566.061 | FG12: 1571.041 | FH12: 1575.821 | FI12: 1580.713 | FJ12: 1585.42 | FK12: 1591.726 | FL12: 1596.928 | FM12: 1601.758 | FN12: 1606.387
A13: KS_NTRD | B13: Wholesale and retail trade | C13: 176.46667 | D13: 176.73333 | E13: 177.43333 | F13: 179.16667 | G13: 175.6 | H13: 175.66667 | I13: 175.2 | J13: 174.43333 | K13: 176.3 | L13: 176.33333 | M13: 175.43333 | N13: 175.6 | O13: 176.6 | P13: 176.93333 | Q13: 180.53333 | R13: 177.4 | S13: 178.16667 | T13: 178.9 | U13: 180.86667 | V13: 181.36667 | W13: 182.8 | X13: 183.76667 | Y13: 185.73333 | Z13: 187.3 | AA13: 190.43333 | AB13: 191.76667 | AC13: 192.76667 | AD13: 194.13333 | AE13: 193.43333 | AF13: 198.3 | AG13: 200.03333 | AH13: 203.23333 | AI13: 202.9 | AJ13: 205.2 | AK13: 207.1 | AL13: 210.83333 | AM13: 211.96667 | AN13: 212.9 | AO13: 215.93333 | AP13: 218.9 | AQ13: 220.2 | AR13: 221.1 | AS13: 221.03333 | AT13: 222.76667 | AU13: 220.93333 | AV13: 218.46667 | AW13: 214.6 | AX13: 208.8 | AY13: 204.56667 | AZ13: 201.23333 | BA13: 207.46667 | BB13: 206.06667 | BC13: 206.36667 | BD13: 205 | BE13: 205.43333 | BF13: 205.6 | BG13: 205.3 | BH13: 206.46667 | BI13: 206.26667 | BJ13: 206.36667 | BK13: 207.26667 | BL13: 208.76667 | BM13: 210.23333 | BN13: 211.43333 | BO13: 211.9 | BP13: 212.13333 | BQ13: 212.4 | BR13: 212.16667 | BS13: 214.66667 | BT13: 215.4 | BU13: 216.33333 | BV13: 217.46667 | BW13: 219.63333 | BX13: 217.93333 | BY13: 217.9 | BZ13: 213.76667 | CA13: 207.93333 | CB13: 203.1 | CC13: 201.46667 | CD13: 198.93333 | CE13: 196.5 | CF13: 197.46667 | CG13: 196.96667 | CH13: 198 | CI13: 198.66667 | CJ13: 199.83333 | CK13: 199.9 | CL13: 199.86667 | CM13: 200.7 | CN13: 202.56667 | CO13: 203.76667 | CP13: 204.93333 | CQ13: 206.26667 | CR13: 207.66667 | CS13: 209.23333 | CT13: 211.63333 | CU13: 211.93333 | CV13: 211.7 | CW13: 213.6 | CX13: 214.53333 | CY13: 215.73333 | CZ13: 216.96667 | DA13: 218.4 | DB13: 218.43333 | DC13: 218.23333 | DD13: 219.7 | DE13: 219.9 | DF13: 220.76667 | DG13: 221.23333 | DH13: 222 | DI13: 222.4 | DJ13: 222.4 | DK13: 222.9 | DL13: 222 | DM13: 222 | DN13: 221.13333 | DO13: 222.66667 | DP13: 220.36667 | DQ13: 219.06667 | DR13: 218.83333 | DS13: 218.06667 | DT13: 193.4 | DU13: 206 | DV13: 210.2 | DW13: 212.16667 | DX13: 215.96667 | DY13: 217.6 | DZ13: 219.6 | EA13: 211.43333 | EB13: 211.53333 | EC13: 212.83333 | ED13: 211.36667 | EE13: 213.83333 | EF13: 213.43333 | EG13: 211.56667 | EH13: 210.06667 | EI13: 210.06667 | EJ13: 209.36667 | EK13: 207.76667 | EL13: 205.66667 | EM13: 206.36667 | EN13: 206.63333 | EO13: 204.53333 | EP13: 203.06667 | EQ13: 200.56667 | ER13: 200.2 | ES13: 199.9038 | ET13: 199.6026 | EU13: 199.4516 | EV13: 199.3828 | EW13: 199.187 | EX13: 198.965 | EY13: 198.4894 | EZ13: 198.6269 | FA13: 198.681 | FB13: 198.8488 | FC13: 199.0572 | FD13: 199.4539 | FE13: 199.9791 | FF13: 200.5392 | FG13: 201.11 | FH13: 201.6929 | FI13: 202.2658 | FJ13: 202.7339 | FK13: 203.302 | FL13: 203.8888 | FM13: 204.4342 | FN13: 204.9246
A14: KS_NTWU | B14: Transportation and public utilities | C14: 45.866667 | D14: 47.133333 | E14: 47.566667 | F14: 46.866667 | G14: 48.1 | H14: 47.766667 | I14: 48.466667 | J14: 47.9 | K14: 47.733333 | L14: 47.733333 | M14: 47.2 | N14: 46.966667 | O14: 47.333333 | P14: 46.433333 | Q14: 47.333333 | R14: 45.866667 | S14: 47.166667 | T14: 47.2 | U14: 47.266667 | V14: 47.766667 | W14: 47.5 | X14: 47.3 | Y14: 48.4 | Z14: 48.5 | AA14: 49.833333 | AB14: 47.666667 | AC14: 50.333333 | AD14: 51.666667 | AE14: 51.733333 | AF14: 52.3 | AG14: 51.433333 | AH14: 48.933333 | AI14: 53.1 | AJ14: 54.033333 | AK14: 54.466667 | AL14: 54.233333 | AM14: 54.033333 | AN14: 54.266667 | AO14: 54.233333 | AP14: 55.2 | AQ14: 54.2 | AR14: 53.866667 | AS14: 53.8 | AT14: 54.9 | AU14: 53.3 | AV14: 52.433333 | AW14: 51 | AX14: 49.166667 | AY14: 48.533333 | AZ14: 49.4 | BA14: 50 | BB14: 49.466667 | BC14: 49.366667 | BD14: 48.6 | BE14: 48.666667 | BF14: 48.5 | BG14: 48.6 | BH14: 49.166667 | BI14: 49.266667 | BJ14: 49.766667 | BK14: 49.066667 | BL14: 49.4 | BM14: 48.966667 | BN14: 49.333333 | BO14: 49.866667 | BP14: 50.033333 | BQ14: 50.066667 | BR14: 50.1 | BS14: 50.9 | BT14: 51.166667 | BU14: 51.2 | BV14: 51.3 | BW14: 51.3 | BX14: 51.1 | BY14: 50.533333 | BZ14: 49.4 | CA14: 47.733333 | CB14: 46.066667 | CC14: 45.4 | CD14: 44.9 | CE14: 44.6 | CF14: 44.633333 | CG14: 45.133333 | CH14: 45.8 | CI14: 46.4 | CJ14: 46.9 | CK14: 47.433333 | CL14: 47.266667 | CM14: 47.466667 | CN14: 47.866667 | CO14: 47.833333 | CP14: 47.6 | CQ14: 47.766667 | CR14: 48.166667 | CS14: 48.766667 | CT14: 49.533333 | CU14: 50.7 | CV14: 51.9 | CW14: 52.533333 | CX14: 53.366667 | CY14: 54.133333 | CZ14: 54.433333 | DA14: 55.1 | DB14: 56.333333 | DC14: 56.4 | DD14: 57.5 | DE14: 58.566667 | DF14: 59.266667 | DG14: 59.966667 | DH14: 60.833333 | DI14: 61.633333 | DJ14: 62.466667 | DK14: 62.933333 | DL14: 63.033333 | DM14: 63.033333 | DN14: 63.733333 | DO14: 64.033333 | DP14: 64.966667 | DQ14: 65.833333 | DR14: 66.3 | DS14: 66.7 | DT14: 60.833333 | DU14: 61.333333 | DV14: 62.8 | DW14: 62.9 | DX14: 62.2 | DY14: 63.433333 | DZ14: 66.366667 | EA14: 68.966667 | EB14: 69.766667 | EC14: 70.533333 | ED14: 71.033333 | EE14: 70.6 | EF14: 69.9 | EG14: 69.466667 | EH14: 69.233333 | EI14: 68.466667 | EJ14: 68.433333 | EK14: 68.6 | EL14: 69.133333 | EM14: 69.466667 | EN14: 69.9 | EO14: 69.866667 | EP14: 70.566667 | EQ14: 69.7 | ER14: 69.833333 | ES14: 70.2737 | ET14: 69.57973 | EU14: 69.0141 | EV14: 68.68564 | EW14: 68.55719 | EX14: 68.46702 | EY14: 68.50804 | EZ14: 68.86163 | FA14: 68.50594 | FB14: 68.55297 | FC14: 68.68263 | FD14: 68.79194 | FE14: 68.82224 | FF14: 68.96555 | FG14: 69.14002 | FH14: 69.30183 | FI14: 69.30883 | FJ14: 69.51594 | FK14: 69.64594 | FL14: 69.88571 | FM14: 69.90114 | FN14: 69.9995
A15: KS_NINF | B15: Information | C15: 31.733333 | D15: 31.533333 | E15: 32.033333 | F15: 31.566667 | G15: 32.233333 | H15: 32.9 | I15: 33.5 | J15: 34.2 | K15: 34.7 | L15: 34.866667 | M15: 35.366667 | N15: 36.066667 | O15: 36.866667 | P15: 37.666667 | Q15: 39 | R15: 38.533333 | S15: 39.266667 | T15: 39.866667 | U15: 40.133333 | V15: 42.8 | W15: 43.5 | X15: 45.133333 | Y15: 46.566667 | Z15: 48.4 | AA15: 49.066667 | AB15: 50.266667 | AC15: 49.933333 | AD15: 50.733333 | AE15: 51.866667 | AF15: 52.933333 | AG15: 54.766667 | AH15: 55.033333 | AI15: 56 | AJ15: 56.3 | AK15: 57.9 | AL15: 58.933333 | AM15: 61.766667 | AN15: 62.533333 | AO15: 66.433333 | AP15: 66.933333 | AQ15: 71.466667 | AR15: 74.266667 | AS15: 77.866667 | AT15: 79.133333 | AU15: 79.1 | AV15: 77.533333 | AW15: 75.9 | AX15: 75.133333 | AY15: 73.633333 | AZ15: 73.1 | BA15: 72.7 | BB15: 72.533333 | BC15: 71.866667 | BD15: 71.3 | BE15: 71.6 | BF15: 72.1 | BG15: 72.4 | BH15: 72.733333 | BI15: 72.5 | BJ15: 73.133333 | BK15: 73.866667 | BL15: 74.133333 | BM15: 74.4 | BN15: 74.733333 | BO15: 75.266667 | BP15: 77.166667 | BQ15: 78.866667 | BR15: 79.8 | BS15: 80.7 | BT15: 81.633333 | BU15: 81.766667 | BV15: 82.366667 | BW15: 83.6 | BX15: 84.733333 | BY15: 86.166667 | BZ15: 86.833333 | CA15: 86.566667 | CB15: 85.433333 | CC15: 84.4 | CD15: 84.266667 | CE15: 84.533333 | CF15: 84.5 | CG15: 84.633333 | CH15: 85.433333 | CI15: 85.3 | CJ15: 85.633333 | CK15: 86.233333 | CL15: 86.433333 | CM15: 87.033333 | CN15: 87.233333 | CO15: 86.5 | CP15: 86.733333 | CQ15: 87.233333 | CR15: 87.733333 | CS15: 88.3 | CT15: 89.3 | CU15: 90.166667 | CV15: 91.1 | CW15: 92.766667 | CX15: 92.6 | CY15: 92.366667 | CZ15: 93.433333 | DA15: 95.433333 | DB15: 97.366667 | DC15: 98.933333 | DD15: 101.13333 | DE15: 103.4 | DF15: 105.16667 | DG15: 106.63333 | DH15: 107.93333 | DI15: 109.26667 | DJ15: 110.5 | DK15: 111.73333 | DL15: 115.06667 | DM15: 118.3 | DN15: 119.96667 | DO15: 122.4 | DP15: 124.96667 | DQ15: 128.46667 | DR15: 128.83333 | DS15: 130.7 | DT15: 130.66667 | DU15: 131.23333 | DV15: 133.6 | DW15: 134.06667 | DX15: 135.73333 | DY15: 138 | DZ15: 142.33333 | EA15: 142.46667 | EB15: 146.03333 | EC15: 145.8 | ED15: 144.76667 | EE15: 143.1 | EF15: 140.16667 | EG15: 137.1 | EH15: 134.23333 | EI15: 133.56667 | EJ15: 132.66667 | EK15: 132.33333 | EL15: 131.06667 | EM15: 129.9 | EN15: 129.86667 | EO15: 129.1 | EP15: 126.73333 | EQ15: 129.4 | ER15: 128.93333 | ES15: 126.3172 | ET15: 125.483 | EU15: 124.8962 | EV15: 124.4259 | EW15: 124.0439 | EX15: 123.7576 | EY15: 123.6203 | EZ15: 123.5611 | FA15: 123.523 | FB15: 123.5547 | FC15: 123.655 | FD15: 123.8299 | FE15: 124.0752 | FF15: 124.3845 | FG15: 124.7692 | FH15: 125.2337 | FI15: 125.7346 | FJ15: 126.2653 | FK15: 126.8187 | FL15: 127.416 | FM15: 128.0517 | FN15: 128.7022
A16: KS_NFIN | B16: Financial activities | C16: 70.566667 | D16: 70.9 | E16: 71 | F16: 70.5 | G16: 70.6 | H16: 71.133333 | I16: 70.7 | J16: 70.533333 | K16: 71.366667 | L16: 71.433333 | M16: 72.133333 | N16: 73.533333 | O16: 73.733333 | P16: 73.833333 | Q16: 75.966667 | R16: 75.466667 | S16: 77.9 | T16: 76.233333 | U16: 75.466667 | V16: 73.866667 | W16: 73.5 | X16: 73.033333 | Y16: 74.2 | Z16: 74.9 | AA16: 75.466667 | AB16: 75.766667 | AC16: 76.233333 | AD16: 76.2 | AE16: 76.266667 | AF16: 77.366667 | AG16: 78.4 | AH16: 80.333333 | AI16: 79.566667 | AJ16: 83.066667 | AK16: 84.766667 | AL16: 87.533333 | AM16: 87.7 | AN16: 88.366667 | AO16: 89.2 | AP16: 88.833333 | AQ16: 88.9 | AR16: 88.466667 | AS16: 88.233333 | AT16: 88.6 | AU16: 89.833333 | AV16: 89.833333 | AW16: 91.633333 | AX16: 91.133333 | AY16: 89.533333 | AZ16: 89.8 | BA16: 90.066667 | BB16: 90.733333 | BC16: 91.766667 | BD16: 92.366667 | BE16: 93.266667 | BF16: 92.833333 | BG16: 92.3 | BH16: 91.7 | BI16: 91.566667 | BJ16: 91.566667 | BK16: 90.9 | BL16: 91.533333 | BM16: 93.2 | BN16: 93.966667 | BO16: 94 | BP16: 94.166667 | BQ16: 93.833333 | BR16: 93.7 | BS16: 93.566667 | BT16: 93.733333 | BU16: 93.133333 | BV16: 93.233333 | BW16: 93.133333 | BX16: 92.433333 | BY16: 91.333333 | BZ16: 89.433333 | CA16: 86.966667 | CB16: 85.2 | CC16: 83.2 | CD16: 81.6 | CE16: 80.333333 | CF16: 80.233333 | CG16: 79.966667 | CH16: 79.9 | CI16: 79.4 | CJ16: 78.8 | CK16: 78 | CL16: 77.833333 | CM16: 77.433333 | CN16: 77.633333 | CO16: 77.866667 | CP16: 78.466667 | CQ16: 79.566667 | CR16: 80.2 | CS16: 80.5 | CT16: 80.766667 | CU16: 80.6 | CV16: 80.7 | CW16: 81.1 | CX16: 81.6 | CY16: 81.766667 | CZ16: 81.9 | DA16: 82.2 | DB16: 82.366667 | DC16: 83 | DD16: 83.033333 | DE16: 83.566667 | DF16: 83.333333 | DG16: 83.466667 | DH16: 84.133333 | DI16: 84.5 | DJ16: 85.1 | DK16: 86.166667 | DL16: 86.766667 | DM16: 86.8 | DN16: 86.866667 | DO16: 87.466667 | DP16: 88.166667 | DQ16: 88.666667 | DR16: 89.033333 | DS16: 88.2 | DT16: 85.066667 | DU16: 85.1 | DV16: 86.433333 | DW16: 86.433333 | DX16: 86.766667 | DY16: 87.033333 | DZ16: 88.633333 | EA16: 89.666667 | EB16: 89.4 | EC16: 89.033333 | ED16: 88.633333 | EE16: 87.966667 | EF16: 88 | EG16: 87.366667 | EH16: 86.966667 | EI16: 86.466667 | EJ16: 85.8 | EK16: 85.933333 | EL16: 85.833333 | EM16: 86.1 | EN16: 86.3 | EO16: 86 | EP16: 85.233333 | EQ16: 85.7 | ER16: 86.066667 | ES16: 85.68392 | ET16: 85.53909 | EU16: 85.60804 | EV16: 85.59388 | EW16: 85.50229 | EX16: 85.45163 | EY16: 85.85581 | EZ16: 85.86631 | FA16: 85.84872 | FB16: 85.87606 | FC16: 85.93012 | FD16: 85.94246 | FE16: 85.98292 | FF16: 85.97059 | FG16: 85.99781 | FH16: 85.9623 | FI16: 85.9907 | FJ16: 85.92939 | FK16: 86.08436 | FL16: 86.21492 | FM16: 86.36516 | FN16: 86.4566
A17: KS_NPBS | B17: Professional and business services | C17: 121.93333 | D17: 124.33333 | E17: 126.16667 | F17: 125.5 | G17: 124.73333 | H17: 123.76667 | I17: 124.03333 | J17: 124.66667 | K17: 128.33333 | L17: 126.56667 | M17: 124.1 | N17: 124.5 | O17: 129.56667 | P17: 130.86667 | Q17: 134.06667 | R17: 133.33333 | S17: 136.06667 | T17: 139.23333 | U17: 141.7 | V17: 145.16667 | W17: 145.26667 | X17: 144.3 | Y17: 145.63333 | Z17: 148.73333 | AA17: 153.1 | AB17: 153.33333 | AC17: 156.36667 | AD17: 160.5 | AE17: 164.6 | AF17: 169.3 | AG17: 170.2 | AH17: 173.6 | AI17: 177.7 | AJ17: 177.93333 | AK17: 179.73333 | AL17: 181.03333 | AM17: 183.46667 | AN17: 187.9 | AO17: 191.7 | AP17: 195.9 | AQ17: 198.83333 | AR17: 200.46667 | AS17: 204.6 | AT17: 205.33333 | AU17: 198.46667 | AV17: 194.43333 | AW17: 187.33333 | AX17: 182.16667 | AY17: 180.56667 | AZ17: 179.86667 | BA17: 179.9 | BB17: 179.6 | BC17: 178.7 | BD17: 177.2 | BE17: 176.86667 | BF17: 178.06667 | BG17: 180.5 | BH17: 182.46667 | BI17: 184.2 | BJ17: 187.13333 | BK17: 189.6 | BL17: 191.96667 | BM17: 195.26667 | BN17: 197.93333 | BO17: 200.13333 | BP17: 204.1 | BQ17: 207.26667 | BR17: 210.03333 | BS17: 213.13333 | BT17: 214.93333 | BU17: 216.63333 | BV17: 218.7 | BW17: 221.26667 | BX17: 222.3 | BY17: 220.9 | BZ17: 215.96667 | CA17: 209.83333 | CB17: 200.43333 | CC17: 197.23333 | CD17: 197.36667 | CE17: 198.5 | CF17: 200.46667 | CG17: 202.33333 | CH17: 205 | CI17: 207.7 | CJ17: 210.26667 | CK17: 213.56667 | CL17: 216.36667 | CM17: 218.8 | CN17: 223.4 | CO17: 224.8 | CP17: 228.96667 | CQ17: 232.1 | CR17: 234.16667 | CS17: 236.46667 | CT17: 239.63333 | CU17: 242.13333 | CV17: 243.3 | CW17: 248.33333 | CX17: 251.33333 | CY17: 253.66667 | CZ17: 257.33333 | DA17: 261.3 | DB17: 264.03333 | DC17: 267.23333 | DD17: 271.1 | DE17: 274.56667 | DF17: 276.7 | DG17: 280.9 | DH17: 286.4 | DI17: 290.36667 | DJ17: 292.13333 | DK17: 295.16667 | DL17: 295.63333 | DM17: 298.2 | DN17: 301.9 | DO17: 302 | DP17: 308.1 | DQ17: 313.96667 | DR17: 318.6 | DS17: 321.86667 | DT17: 305.5 | DU17: 311.43333 | DV17: 320.8 | DW17: 318.9 | DX17: 318.96667 | DY17: 326.46667 | DZ17: 337.96667 | EA17: 352.06667 | EB17: 356.3 | EC17: 355.36667 | ED17: 354.4 | EE17: 350.36667 | EF17: 345.2 | EG17: 342.83333 | EH17: 344.1 | EI17: 343.43333 | EJ17: 342.53333 | EK17: 343.13333 | EL17: 341.76667 | EM17: 338.03333 | EN17: 338.76667 | EO17: 339.93333 | EP17: 339.13333 | EQ17: 337.8 | ER17: 338.13333 | ES17: 337.5523 | ET17: 336.3889 | EU17: 336.3359 | EV17: 337.4612 | EW17: 339.0784 | EX17: 341.0811 | EY17: 343.6979 | EZ17: 345.292 | FA17: 346.7726 | FB17: 348.8276 | FC17: 350.7339 | FD17: 352.2032 | FE17: 353.5359 | FF17: 355.2467 | FG17: 356.9822 | FH17: 358.562 | FI17: 360.1426 | FJ17: 362.083 | FK17: 363.9601 | FL17: 365.5254 | FM17: 367.0753 | FN17: 368.8991
